Workbook
Name Colors: [1]Colors!$A:$E
Name critere: #REF!
Name TableauDatanew: 'Data (new)'!$A$2:$U$1193

Sheet Clients
A1: Nom | B1: Adresse | C1: Code Postal | D1: Pays | E1: TVA | F1: Contact | G1: Email | H1: Column8
A2: ALVO GLOBAL D.O.O | B2: Pot Heroja Trtnika 45 | C2: 1000 LJUBLJANA | D2: Slovenia | E2: SI 41842006 | F2: Ales Ribic | G2: info@alvo-global.com
A3: Black Tear | B3: Bedolla n°2 SOT 9 | C3: 32004 OURENSE | D3: SPAIN | E3: ESB16496424 | F3: Miguel Feijoo Fernandez | G3: info@blackteardistribution.com
A4: Boulder One | B4: Persilstraat 51 | C4: 3020 Herent | D4: Belgium | E4: TVA BE0630.781.694 | F4: Werner & Piet | G4: boulder.be@gmail.com
A5: Brussels Monkey Climbing asbl | B5: Avenue du Sippelberg 1 | C5: 1080 Bruxelles | D5: Belgium | F5: Kevin Mot | G5: contact@brusselsmonkeysclimbing.com
A6: BUTORA. INC. | B6: 1460 Nakdong daero Sasang gu Busan | C6: 18111 SEOUL | D6: SOUTH KOREA | E6: VAT 606 86 54 007 | F6: Eric Nam +82 31 378 9438 | G6: info@butora.com
A7: CLIMB KOREA CO., LTD | B7: 19-59, Sanyanggongdan 1-gil, | C7: Sanyang-myeon, Mungyeong-si, | D7: Gyeongsangbuk-do, Republic of Korea (36937) | E7: VAT# 141-81-01217 | F7: Daysik Woo | G7: info@climbkorea.com, +821028510528)
A8: Docrock SRL | B8: Via Giuseppe Mazzini 6 | C8: 13836 Cossato (BI) | D8: Italia | E8: TVA 2639110028 | F8: Alberto Gnerro | G8: alberto_gnerro@yahoo.i
A9: ESCATECH | B9: 494 rue Franklin Delano Roosevelt | C9: 62400 Béthune | D9: FRANCE | E9: TVA FR 22 424 761 419 | F9: Jérémy WARHEM | G9: jwarhem@escatech.fr
A10: Evolution Vertical | B10: Av. des Vaillants, 2 | C10: 1200 Woluwe Saint Lambert | D10: Belgium | E10: BE465639986 | F10: Karim Abene | G10: karim@evolutionvertical.be
A11: HOLDS & WALLS GmbH | B11: Carl-Appel-Straße 5/2401 | C11: A-1100 Wien | D11: AUSTRIA | E11: VAT ATU66933535 | F11: Tsvetomir Bonev | G11: M. info@holdsandwalls.at
A12: HOLDS.fr | B12: 16 Rue de Bretagne | C12: 56950 CRACH | D12: FRANCE | E12: FR60450409719 | F12: Simon Ravaz | G12: s.ravaz@expression-holds.com
A13: KANDI SPOR LTD STI | B13: Bublul Mah. Pasabakkal Sk 37a | C13: Beyoglu-Istanbul | D13: Turkey Beyoglu | E13: VD 496 035 6370 V/ID
A14: Kong Climbing Walls | B14: Threlkeld Quarry, Threlkeld Keswick | C14: Cumbria, CA12 4TT | D14: UK | E14: VAT734759892 | F14: Rob Wynn | G14: rob@climbingwall.co.uk
A15: Kletterkultur GmbH | B15: Saydaer Str. 21e | C15: 09125, Chemnit | D15: GERMANY | E15: HRB 33872 | Ust-IdNr: DE326417765 | F15: Joseph Wetzel | G15: vertrieb@kletterkultur.com
A16: MOON ROCK | B16: 8845 W 116th Cir | C16: Broomfield, CO | D16: USA | E16: 720-987-9410 | F16: Keith North | G16: keith@g1climbing.com
A17: Plastic Fantastic GmbH | B17: Pappelweg 24 | C17: 3013 Bern | D17: Switzerland | E17: VAT > CHE 347 256 441 | F17: Silvio Schaefer | G17: silvio@plasticfantasticshop.ch
A18: Problemkind-Routenbau | B18: Dorfstraße 16 | C18: 91096 Möhrendorf | D18: AUSTRIA | E18: DE815710425 | F18: Stefan Hofer | G18: info@problemkind-routenbau.de
A19: PROJECT CLIMBING | B19: 103 Brunswick Rd | C19: VIC 3057 | D19: AUSTRALIE | E19: (ABN) 73 275 145 872 | F19: Romain Thevenot | G19: info@projectclimbing.com
A20: Projekt Joanna Oles-Strojna | B20: Ul. Sobieskiego 47 E/2 | C20: 58-500 Jelenia Góra | D20: POLAND | E20: VAT ID: 5842525711 | F20: Joanna Lukasz | G20: projektboulder@gmail.com
A21: Punksetter | B21: C/ del Canigó 13 | C21: 8550, Barcelona | D21: SPAIN | E21: ES47854374E | F21: Marco Jubes | G21: marco@punksetter.com
A22: Seven A, ltd | B22: 1741-1 Nozuta | C22: Machida Tokyo | D22: Japan | E22: FOE code 1N6080000 | F22: Kazuya | G22: mail: sales@e7a.jp
A23: Stretchmarks Asia PTE LTD | B23: 68 Circular Road #02-01 | C23: 49422 | D23: Singapore | E23: UEN 201721192M | F23: Patrick Andrey | G23: patrick.andrey@stretchmarksasia.com
A24: TOP ZONE CLIMBING sp. z o. o. | B24: ul .Syta 104 lok. 6 | C24: 02-987 Warsaw | D24: Poland | E24: VAT PL951-236-69-67 | F24: Tomasz Dabrowski | G24: Buiro@topzone.com.pl
A25: XLIMITZ ADVENTURE WORLD PVT.LTD | B25: No. 52/4/2B, Tanaji Dagde Patil Nagar, | C25: Near CNG Pump, Bangalore - Mumbai Highway,Bavdhan Khurd, | D25: India, Pune 411021. | E25: TVA: 27AAACX0967C1ZF | F25: Sagar Palkar | G25: sagar@xlimitz.com
A26: Nom | B26: Adresse | C26: Code Postal | D26: Pays | E26: TVA | F26: Contact | G26: Email
A27: Walltopia | B27: Bulgarie Blvd, 1B | C27: 5570 Letnitsa | D27: Bulgaria | E27: VAT BG204143670 | F27: Vladimir Pavlov | G27: vladimir.pavlov@walltopia.com
A28: GRIMP'A BLOC | B28: 54 Avenue Château Milan | C28: 80000 AMIENS | D28: FRANCE | E28: Siret: 753 489 00021 | F28: François Charpentier | G28: francois@grimpabloc.fr
A29: Aubin Lesellier | B29: 1 Imp. des Coquelicots, Tassin-la-Demi-Lune | C29: 69160 | D29: France | E29: FR 38490382280 | F29: Aubin Lesellier (06 15 81 63 34) | G29: competition@ladegaine.com
A30: Climb Craft Limited | B30: 36 Saxon Street, Phillipstown | C30: Christchurch 8011 | D30: NEW ZEALAND | E30: GST (NZ sales tax) code 139-947-959, | F30: NZ customs importer code 40709807C | G30: Michael McNabb (+64 3 3775899) | H30: accounts@climbcraft.co.nz
A31: The Climbing Corner B.V | B31: In de Cramer 14 | C31: 6411RS, Heerlen | D31: Netherlands | E31: VAT: NL863510139B01 | F31: Adam James | G31: contact@theclimbingcorner.com
A32: Outlier Distribution LTD | B32: 26 Main Street, Longforgan | C32: Dundee DD2 5ET | D32: Scotland | E32: VAT: 486858028 | F32: Angus Harrison-Smart | G32: contact@outlierdistribution.co.uk
A33: SAS VERTIKAZ | B33: 8 A Allée des cactus | C33: 97432 Saint-Pierre | D33: FRANCE | E33: FR54 937 736 650 | F33: Geoffray de Flaugergues | G33: geodeflau@gmail.com
A34: Axis Klimwandenservice VOF | B34: Industrieweg 67 | C34: 3044 AS, Rotterdam | D34: Netherlands | E34: VAT: NL 854809119 B01 | F34: Frank Bogerman | G34: info@axisroundedges.com
A35: Clara Jaramillo | B35: TV 22A # 60A-17 Ap 1404 | C35: Bogota | D35: Colombia | E35: NIT: 39686537 | F35: Phone: +57 3165782653 | G35: cijaramillo@hotmail.com
A36: Rai Suñé | B36: Carrer comptat d’urgell 8 | C36: 25700, La seu d’urgell, lleida | D36: Spain | E36: ES53920138L | F36: +34 609 93 58 23 , Rai Suñé | G36: raipeudegat@gmail.com
A37: Salle d'escalade New Rock | B37: Chaussée de Watermael 136 | C37: 1160 Bruxelles | D37: Belgium | E37: TVA BE0433691057 | F37: Kevin Levecq | G37: kevin_leveque@hotmail.com
A38: Boulder Zone | B38: Warehouse 5, Al Tayer Warehouse | C38: Al Quoz 1, Dubai | D38: United Arab Emirates | E38: VAT: 104363333600003 | F38: Samuel C | G38: samuel@boulderzone.ae
A39: 7 to 7 S.R.L. | B39: VIA PASCOLO 6 | C39: 23842 BOSISIO PARINI (LC) | D39: ITALIA | E39: Partita IVA:03231000138 | F39: Emanuele Sandionigi | G39: esandionigi@7to7.it
A40: Mountain Network B.V | B40: Olympus 27 | C40: 6832EL, Arnhem | D40: Netherlands | E40: VAT nr NL8074.96.546.B04 | F40: Victor Meulendijks | G40: Victor@setroutesetting.com
A41: De Stordeur | B41: AARSCHOTSESTEENWEG 112 | C41: 3012 Wilsele, Leuven | D41: Belgium | E41: BE0643.459.693 | F41: Stien Wuytack | G41: info@destordeur.be
A42: AISSNSH | B42: Rue de la foulerie 12/2 | C42: 5660 Couvin | D42: Belgium | E42: TVA 0265.503.549 | F42: Patrice Perazzoli | G42: patriceperazzoli@gmail.com
... A46: Tipus Urbani LTD. | B46: 10 Openhimer | C46: st. Rehovot | D46: Israel | E46: VAT - 516083136 | F46: Ram Yaniv | G46: info@uclimb.co.il
A47: Magyar Hegy- és Sportmászó Szövetség | B47: H-1034 Budapest | C47: Bécsi út 120 | D47: Hungary | E47: VAT HU18172894 | F47: Janos Harangi | G47: harangi.janos@mhssz.hu | H47: (Hungarian Mountaineering and Sport Climbing Federation)
A48: Rotko Outdoor Oy | B48: Ratamotie 42 V 17 | C48: 90800 Oulu | D48: Finland | E48: VAT: FI35595948 | F48: Tuuka Peteri | G48: tuukka.peteri@rotkooutdoor.com
A49: AIX s.r.o | B49: Lukavecká 1732 | C49: 193 00 Prague 9 | D49: Czech Republic | E49: VAT: CZ26754932 | F49: Andrej Chrastina | G49: info@aix.cz

Sheet Data (new)
A1: REF ORDER | B1: REF SPP | C1: REF AGRP WB | D1: CATEGORY | E1: RANGE | F1: NAME | G1: URL | H1: FINITION | I1: Mesure (cm) | J1: SIZE | K1: Nbr of products/set | L1: Weight (Kg) | M1: Material | N1: PREHENSION | O1: EUR PRICE STANDARD | P1: CHANGE PRICE STANDARD | Q1: EUR PRICE FLUO | R1: CHANGE PRICE FLUO | S1: Launch date | T1: Dollar price standard | U1: Arrondi dollar | V1: Taux échange Dollar | AD1: Woods dual | AE1: Colonne1 | AF1: Macros dual | AG1: Material | AH1: Finition | AI1: Taux change | AJ1: VAT | AK1: Category
A2: ABS001 | D2: MACROS | E2: Dune Asia T24 | F2: Aston | G2: https://www.agripp.com/fr/thermoplastique-macros/832-aston.html | H2: Full Texture | J2: S-M | K2: 5 | M2: ABS | N2: Edges | O2: 677.4942 | P2: =ROUND(O2,0) -> 677 | Q2: 0 | T2: 198.5425 | W2: =O2-O3 -> -75.288648 | X2: =L3-L2 -> 0 | AD2: 001Same as volume | AE2: Footholds | AF2: 001Same as volume | AG2: PE | AH2: Full friction | AI2: ='Summary(old)'!O12 -> 1 | AJ2: ='Summary(old)'!#REF! -> #REF! | AK2: WOOD
A3: ABS002 | D3: MACROS | E3: Dune Asia T24 | F3: Aston | G3: https://www.agripp.com/fr/thermoplastique-macros/832-aston.html | H3: Dual Texture | J3: S-M | K3: 5 | M3: ABS | N3: Edges | O3: 752.78285 | P3: =ROUND(O3,0) -> 753 | Q3: 0 | T3: 305.45 | AD3: 002 Wood | AE3: Pinches | AF3: 003White | AG3: PU | AH3: Dual texture | AK3: MACROS
A4: ABS003 | D4: MACROS | E4: Dune Asia T24 | F4: Aston | G4: https://www.agripp.com/fr/thermoplastique-macros/832-aston.html | H4: No Texture | J4: S-M | K4: 5 | M4: ABS | N4: Edges | O4: 489.29849 | P4: =ROUND(O4,0) -> 489 | Q4: 0 | T4: 274.905 | W4: =#REF!-O4 -> #REF! | X4: =L4-#REF! -> #REF! | AD4: 003White | AE4: Craters | AF4: 004Black | AG4: Wood | AH4: Classic | AK4: HOLDS
A5: ABS004 | D5: MACROS | E5: Dune Asia T24 | F5: Aston | G5: https://www.agripp.com/fr/thermoplastique-macros/832-aston.html | H5: No Texture - Clear | J5: S-M | K5: 5 | M5: ABS | N5: Edges | O5: 611.63606 | P5: =ROUND(O5,0) -> 612 | Q5: 0 | T5: 251.862 | AD5: 004Black | AE5: Edges | AG5: Fiberglass
A6: ABS005 | D6: MACROS | E6: Dune Asia T24 | F6: Aston | G6: https://www.agripp.com/fr/thermoplastique-macros/832-aston.html | H6: Dual Texture - Clear | J6: S-M | K6: 5 | M6: ABS | N6: Edges | O6: 941.7558 | P6: =ROUND(O6,0) -> 942 | Q6: 0 | T6: 387.48 | W6: =O5-O6 -> -330.11974 | X6: =L6-L5 -> 0 | AE6: Slopers
A7: ABS006 | D7: MACROS | E7: Dune Asia T24 | F7: Delta | G7: https://www.agripp.com/fr/thermoplastique-macros/833-delta.html | H7: Full Texture | J7: S-L | K7: 5 | M7: ABS | N7: Edges | O7: 916.1846 | P7: =ROUND(O7,0) -> 916 | Q7: 0 | T7: 348.732 | AE7: Balls
A8: ABS007 | D8: MACROS | E8: Dune Asia T24 | F8: Delta | G8: https://www.agripp.com/fr/thermoplastique-macros/833-delta.html | H8: Dual Texture | J8: S-L | K8: 5 | M8: ABS | N8: Edges | O8: 1017.9771 | P8: =ROUND(O8,0) -> 1018 | Q8: 0 | T8: 268.1055 | W8: =#REF!-O7 -> #REF! | X8: =L7-#REF! -> #REF! | AE8: Crimps
A9: ABS008 | D9: MACROS | E9: Dune Asia T24 | F9: Delta | G9: https://www.agripp.com/fr/thermoplastique-macros/833-delta.html | H9: No Texture | J9: S-L | K9: 5 | M9: ABS | N9: Edges | O9: 661.69032 | P9: =ROUND(O9,0) -> 662 | Q9: 0 | T9: 412.47 | AE9: Jugs
A10: ABS009 | D10: MACROS | E10: Dune Asia T24 | F10: Delta | G10: https://www.agripp.com/fr/thermoplastique-macros/833-delta.html | H10: No Texture - Clear | J10: S-L | K10: 5 | M10: ABS | N10: Edges | O10: 827.1129 | P10: =ROUND(O10,0) -> 827 | Q10: 0 | T10: 371.223 | AE10: Knobs
A11: ABS010 | D11: MACROS | E11: Dune Asia T25 | F11: Delta | G11: https://www.agripp.com/fr/thermoplastique-macros/833-delta.html | H11: Dual Texture - Clear | J11: S-L | K11: 5 | M11: ABS | N11: Edges | O11: 1272.4714 | P11: =ROUND(O11,0) -> 1272 | AE11: Pockets
A12: ABS011 | D12: MACROS | E12: Dune Asia T26 | F12: Fenix | G12: https://www.agripp.com/fr/thermoplastique-macros/831-fenix.html | H12: Full Texture | J12: S-L | K12: 5 | M12: ABS | N12: Edge/Sloper | O12: 1155.0564 | P12: =ROUND(O12,0) -> 1155 | AE12: Edge/Sloper
A13: ABS012 | D13: MACROS | E13: Dune Asia T27 | F13: Fenix | G13: https://www.agripp.com/fr/thermoplastique-macros/831-fenix.html | H13: Dual Texture | J13: S-L | K13: 5 | M13: ABS | N13: Edge/Sloper | O13: 1283.4046 | P13: =ROUND(O13,0) -> 1283 | AE13: Colos / Crater | AM13: l
A14: ABS013 | D14: MACROS | E14: Dune Asia T28 | F14: Fenix | G14: https://www.agripp.com/fr/thermoplastique-macros/831-fenix.html | H14: No Texture | J14: S-L | K14: 5 | M14: ABS | N14: Edge/Sloper | O14: 834.21169 | P14: =ROUND(O14,0) -> 834 | W14: =#REF!-#REF! -> #REF! | X14: =#REF!-#REF! -> #REF! | AE14: Mixed
A15: ABS014 | D15: MACROS | E15: Dune Asia T29 | F15: Fenix | G15: https://www.agripp.com/fr/thermoplastique-macros/831-fenix.html | H15: No Texture - Clear | J15: S-L | K15: 5 | M15: ABS | N15: Edge/Sloper | O15: 1042.7711 | P15: =ROUND(O15,0) -> 1043
A16: ABS015 | D16: MACROS | E16: Dune Asia T30 | F16: Fenix | G16: https://www.agripp.com/fr/thermoplastique-macros/831-fenix.html | H16: Dual Texture - Clear | J16: S-L | K16: 5 | M16: ABS | N16: Edge/Sloper | O16: 1604.2493 | P16: =ROUND(O16,0) -> 1604 | Y16: COLORS
A17: HA001 | B17: AGP0356-G7 | D17: MACROS | E17: Ride T26 | F17: Cobra 1 "New" | H17: Full friction | J17: XXL | K17: 1 | L17: 1.35 | M17: Fiberglass | N17: Slopers | O17: 118.49129 | P17: =ROUND(O17,0) -> 118 | W17: =#REF!-#REF! -> #REF! | X17: =#REF!-#REF! -> #REF! | Y17: PU EU | AA17: Pure White | AB17: Traffic Yellow | AC17: Lime Green | AD17: Green | AE17: Traffic Red | AF17: Orange | AG17: Sky Blue | AH17: Jet Black | AI17: Fluo Orange | AJ17: Fluo Green | AK17: Fluo Pink | AL17: Purple | AM17: Light Green (Mint) | AN17: Signal Violet | AO17: Trafic White | AP17: Sky Blue US | AQ17: Sky Blue EU | AR17: Turquoise | AS17: Mint | AU17: Pure Green | AV17: Lime Green | AW17: Zinc Yellow | AX17: Traffic Yellow | AZ17: Pure Orange | BA17: Traffic Red | BC17: Signal Violet | BD17: Purple US | BE17: Jet Black | BF17: Silver Grey | BG17: Brown | BH17: Fluo Yellow | BI17: Fluo Orange | BJ17: Fluo Pink | BK17: Fluo Green
A18: HA002 | B18: AGP0356-G8 | D18: MACROS | E18: Ride T26 | F18: Cobra 1 "New" | G18: https://www.agripp.com/fr/ride/876-blade-1-new.html | H18: Dual texture | J18: XXL | K18: 1 | L18: 1.35 | M18: Fiberglass | N18: Slopers | O18: 136.26498 | P18: =ROUND(O18,0) -> 136 | AA18: 79 | AB18: (D2) - 2 | AC18: 69 | AD18: 77 | AE18: (F1) - 5 | AF18: 76 | AG18: (B1) - 7 | AH18: (H1) -10 | AI18: (E0) - 11 | AJ18: (C0) - 12 | AK18: (F0) - 13 | AL18: 81 | AM18: (B5) - 27 | AN18: (G3) - 55 | AO18: A1 | AP18: B1 | AQ18: B3 | AR18: B4 | AS18: B5 | AU18: C2 | AV18: C4 | AW18: D1 | AX18: D2 | AZ18: E2 | BA18: F1 | BC18: G3 | BD18: G2 | BE18: H1 | BF18: J1 | BG18: K1 | BH18: D0 | BI18: E0 | BJ18: F0 | BK18: C0
A19: HA003 | B19: AGP0357-G7 | D19: MACROS | E19: Ride T26 | F19: Cobra 2 "New" | H19: Full friction | J19: XXL | K19: 1 | L19: 1.09 | M19: Fiberglass | N19: Slopers | O19: 120.41122 | P19: =ROUND(O19,0) -> 120 | W19: =#REF!-#REF! -> #REF! | X19: =#REF!-#REF! -> #REF! | AA19: RAL 9010 | AB19: RAL 1023 | AC19: US 16-09 | AD19: US 16-16 | AE19: RAL 3020 | AF19: US 14-01 | AG19: RAL 5015 | AH19: RAL 9005 | AI19: RAL 2005 | AJ19: PAN 802C | AK19: PAN 806C | AL19: US 17-13 | AM19: RAL 6027 | AN19: RAL 4008 | AO19: RAL 9016 | AP19: RAL 5015 | AQ19: RAL 5015 | AR19: P 3105C | AS19: RAL 6027 | AU19: RAL 6037 | AV19: Light P 2301C | AW19: RAL 1018 | AX19: RAL 1023 | AZ19: RAL 2009 | BA19: RAL 3020 | BC19: RAL 4008 | BD19: Pantone 267U | BE19: RAL 9005 | BF19: RAL 7001 | BG19: RAL 8002 | BH19: RAL 1026 | BI19: RAL 2005 | BJ19: Pantone 806C | BK19: RAL 6028
A20: HA004 | B20: AGP0357-G8 | D20: MACROS | E20: Ride T26 | F20: Cobra 2 "New" | G20: https://www.agripp.com/fr/ride-t25/911-cobra-2-new.html | H20: Dual texture | J20: XXL | K20: 1 | L20: 1.09 | M20: Fiberglass | N20: Slopers | O20: 138.4729 | P20: =ROUND(O20,0) -> 138 | Y20: PE | AA20: Traffic White | AB20: Bright Yellow | AC20: Yellow Green | AD20: Leaf green | AE20: Traffic Red | AF20: Pastel Orange | AG20: Sky Blue | AH20: Silver Grey | AI20: Jet Black | AJ20: Fluo Orange | AK20: Fluo Green | AL20: Fluo Pink | AM20: Fluo Yellow | AN20: Signal Violet | AO20: Light Green (Mint)
A21: HA005 | B21: AGP0358-G7 | D21: MACROS | E21: Ride T26 | F21: Cobra 3 "New" | H21: Full friction | J21: XXL | K21: 1 | L21: 1.04 | M21: Fiberglass | N21: Slopers | O21: 124.26471 | P21: =ROUND(O21,0) -> 124 | W21: =#REF!-#REF! -> #REF! | X21: =#REF!-#REF! -> #REF! | AA21: 1 | AB21: 2 | AC21: 3 | AD21: 4 | AE21: 5 | AF21: 6 | AG21: 7 | AH21: 9 | AI21: (H1) -10 | AJ21: (E0) - 11 | AK21: 12 | AL21: 13 | AM21: 14 | AN21: 16 | AO21: 27
A22: HA006 | B22: AGP0358-G8 | D22: MACROS | E22: Ride T26 | F22: Cobra 3 "New" | G22: https://www.agripp.com/fr/ride-t25/912-cobra-3-new.html | H22: Dual texture | J22: XXL | K22: 1 | L22: 1.04 | M22: Fiberglass | N22: Slopers | O22: 142.90441 | P22: =ROUND(O22,0) -> 143 | W22: =#REF!*1.1 -> #REF! | AA22: RAL 9016 | AB22: PAN 116C | AC22: RAL 6018 | AD22: RAL 6002 | AE22: RAL 3020 | AF22: RAL 2003 | AG22: RAL 5015 | AH22: RAL 7001 | AI22: RAL 9005 | AJ22: RAL 2005 | AK22: PAN 802C | AL22: PAN 806C | AM22: RAL 1026 | AN22: RAL 4008 | AO22: RAL 6027
A23: HA007 | B23: AGP0359-G7 | D23: MACROS | E23: Ride T26 | F23: Cobra 4 "New" | H23: Full friction | J23: XXL | K23: 1 | L23: 1.22 | M23: Fiberglass | N23: Pinches | O23: 130.44662 | P23: =ROUND(O23,0) -> 130 | W23: =#REF!-#REF! -> #REF! | X23: =#REF!-#REF! -> #REF! | Y23: Woods | AB23: Zinc Yellow | AC23: Pure Orange | AD23: Traffic Red | AE23: Signal Violet | AF23: Sky Blue | AG23: Yellow Green | AH23: Pure White | AI23: Telegrey 2 | AJ23: Graphite grey | AK23: Jet Black
A24: HA008 | B24: AGP0359-G8 | D24: MACROS | E24: Ride T26 | F24: Cobra 4 "New" | G24: https://www.agripp.com/fr/ride-t25/913-cobra-4-new.html | H24: Dual texture | J24: XXL | K24: 1 | L24: 1.22 | M24: Fiberglass | N24: Pinches | O24: 150.01362 | P24: =ROUND(O24,0) -> 150 | AB24: RAL 1018 | AC24: RAL 2004 | AD24: RAL 3020 | AE24: RAL 4008 | AF24: RAL 5015 | AG24: RAL 6018 | AH24: RAL 9010 | AI24: RAL 7046 | AJ24: RAL 7024 | AK24: RAL 9005
A25: HA009 | B25: AGP0360-G7 | D25: MACROS | E25: Ride T26 | F25: Cobra 5 "New" | H25: Full friction | J25: XXL | K25: 1 | L25: 1.15 | M25: Fiberglass | N25: Slopers | O25: 165.57734 | P25: =ROUND(O25,0) -> 166 | Y25: Fiber | AB25: Trafic White | AC25: Sky Blue US | AD25: Sky Blue EU | AE25: Turquoise | AF25: Mint | AG25: Pure Green | AH25: Lime Green | AI25: Zinc Yellow | AJ25: Traffic Yellow | AK25: Pure Orange | AL25: Traffic Red | AM25: Signal Violet | AN25: Purple US | AO25: Jet Black | AP25: Silver Grey | AQ25: Fluo Yellow | AR25: Fluo Orange | AS25: Fluo Pink | AT25: Fluo Green
A26: HA010 | B26: AGP0360-G8 | D26: MACROS | E26: Ride T26 | F26: Cobra 5 "New" | G26: https://www.agripp.com/fr/ride-t25/914-cobra-5-new.html | H26: Dual texture | J26: XXL | K26: 1 | L26: 1.15 | M26: Fiberglass | N26: Slopers | O26: 190.41394 | P26: =ROUND(O26,0) -> 190 | W26: =#REF!-#REF! -> #REF! | X26: =#REF!-#REF! -> #REF! | AB26: A1 | AC26: B1 | AD26: B3 | AE26: B4 | AF26: B5 | AG26: C2 | AH26: C4 | AI26: D1 | AJ26: D2 | AK26: E2 | AL26: F1 | AM26: G3 | AN26: G2 | AO26: H1 | AP26: J1 | AQ26: D0 | AR26: E0 | AS26: F0 | AT26: C0
A27: HA011 | B27: AGP0361-G7 | D27: MACROS | E27: Ride T26 | F27: Cobra 6 "New" | H27: Full friction | J27: XXL | K27: 1 | L27: 1.26 | M27: Fiberglass | N27: Slopers | O27: 168.6857 | P27: =ROUND(O27,0) -> 169 | AB27: RAL 9016 | AC27: RAL 5015 | AD27: RAL 5015 | AE27: P 3105C | AF27: RAL 6027 | AG27: RAL 6037 | AH27: Light P 2301C | AI27: RAL 1018 | AJ27: RAL 1023 | AK27: RAL 2009 | AL27: RAL 3020 | AM27: RAL 4008 | AN27: Pantone 267U | AO27: RAL 9005 | AP27: RAL 7001 | AQ27: RAL 1026 | AR27: RAL 2005 | AS27: Pantone 806C | AT27: RAL 6028
A28: HA012 | B28: AGP0361-G8 | D28: MACROS | E28: Ride T26 | F28: Cobra 6 "New" | G28: https://www.agripp.com/fr/ride-t25/915-cobra-6-new.html | H28: Dual texture | J28: XXL | K28: 1 | L28: 1.26 | M28: Fiberglass | N28: Slopers | O28: 193.98855 | P28: =ROUND(O28,0) -> 194 | W28: =#REF!-#REF! -> #REF! | X28: =#REF!-#REF! -> #REF!
A29: HA013 | B29: AGP0362-G7 | D29: MACROS | E29: Ride T26 | F29: Cobra 7 "New" | H29: Full friction | J29: XXL | K29: 1 | L29: 1.24 | M29: Fiberglass | N29: Slopers | O29: 166.93673 | P29: =ROUND(O29,0) -> 167
A30: HA014 | B30: AGP0362-G8 | D30: MACROS | E30: Ride T26 | F30: Cobra 7 "New" | G30: https://www.agripp.com/fr/ride-t25/916-cobra-7-new.html | H30: Dual texture | J30: XXL | K30: 1 | L30: 1.24 | M30: Fiberglass | N30: Slopers | O30: 191.97724 | P30: =ROUND(O30,0) -> 192
A31: HA015 | B31: AGP0348-G7 | D31: MACROS | E31: Ride T26 | F31: Prism 1 "New" | H31: Full friction | J31: XXL | K31: 1 | L31: 1.22 | M31: Fiberglass | N31: Edges | O31: 122.07244 | P31: =ROUND(O31,0) -> 122 | W31: =#REF!-#REF! -> #REF! | X31: =#REF!-#REF! -> #REF!
A32: HA016 | B32: AGP0348-G8 | D32: MACROS | E32: Ride T26 | F32: Prism 1 "New" | G32: https://www.agripp.com/fr/ride-t25/902-prism-1-new.html | H32: Dual texture | J32: XXL | K32: 1 | L32: 1.22 | M32: Fiberglass | N32: Edges | O32: 140.38331 | P32: =ROUND(O32,0) -> 140
A33: HA017 | B33: AGP0349-G7 | D33: MACROS | E33: Ride T26 | F33: Prism 2 "New" | H33: Full friction | J33: XXL | K33: 1 | L33: 1.19 | M33: Fiberglass | N33: Slopers | O33: 119.45806 | P33: =ROUND(O33,0) -> 119
A34: HA018 | B34: AGP0349-G8 | D34: MACROS | E34: Ride T26 | F34: Prism 2 "New" | G34: https://www.agripp.com/fr/ride-t25/903-prism-2-new.html | H34: Dual texture | J34: XXL | K34: 1 | L34: 1.19 | M34: Fiberglass | N34: Slopers | O34: 137.37677 | P34: =ROUND(O34,0) -> 137
A35: HA019 | B35: AGP0350-G7 | D35: MACROS | E35: Ride T26 | F35: Prism 3 "New" | H35: Full friction | J35: XXL | K35: 1 | L35: 1.21 | M35: Fiberglass | N35: Slopers | O35: 115.89052 | P35: =ROUND(O35,0) -> 116 | W35: =#REF!-#REF! -> #REF! | X35: =#REF!-#REF! -> #REF!
A36: HA020 | B36: AGP0350-G8 | D36: MACROS | E36: Ride T26 | F36: Prism 3 "New" | G36: https://www.agripp.com/fr/ride-t25/904-prism-3-new.html | H36: Dual texture | J36: XXL | K36: 1 | L36: 1.21 | M36: Fiberglass | N36: Slopers | O36: 133.2741 | P36: =ROUND(O36,0) -> 133
A37: HA021 | B37: AGP0351-G7 | D37: MACROS | E37: Ride T26 | F37: Prism 4 "New" | H37: Full friction | J37: XXL | K37: 1 | L37: 1.16 | M37: Fiberglass | N37: Pinches | O37: 161.11111 | P37: =ROUND(O37,0) -> 161 | W37: =#REF!-#REF! -> #REF! | X37: =#REF!-#REF! -> #REF!
A38: HA022 | B38: AGP0351-G8 | D38: MACROS | E38: Ride T26 | F38: Prism 4 "New" | G38: https://www.agripp.com/fr/ride-t25/905-prism-4-new.html | H38: Dual texture | J38: XXL | K38: 1 | L38: 1.16 | M38: Fiberglass | N38: Pinches | O38: 185.27778 | P38: =ROUND(O38,0) -> 185
A39: HA023 | B39: AGP0352-G7 | D39: MACROS | E39: Ride T26 | F39: Prism 5 "New" | H39: Full friction | J39: XXL | K39: 1 | L39: 1.12 | M39: Fiberglass | N39: Slopers | O39: 172.64079 | P39: =ROUND(O39,0) -> 173 | W39: =#REF!-#REF! -> #REF! | X39: =#REF!-#REF! -> #REF!
A40: HA024 | B40: AGP0352-G8 | D40: MACROS | E40: Ride T26 | F40: Prism 5 "New" | G40: https://www.agripp.com/fr/ride-t25/906-prism-5-new.html | H40: Dual texture | J40: XXL | K40: 1 | L40: 1.12 | M40: Fiberglass | N40: Slopers | O40: 198.53691 | P40: =ROUND(O40,0) -> 199
A41: HA025 | B41: AGP0353-G7 | D41: MACROS | E41: Ride T26 | F41: Prism 6 "New" | H41: Full friction | J41: XXL | K41: 1 | L41: 1.05 | M41: Fiberglass | N41: Slopers | O41: 130.70534 | P41: =ROUND(O41,0) -> 131
A42: HA026 | B42: AGP0353-G8 | D42: MACROS | E42: Ride T26 | F42: Prism 6 "New" | G42: https://www.agripp.com/fr/ride-t25/907-prism-6-new.html | H42: Dual texture | J42: XXL | K42: 1 | L42: 1.05 | M42: Fiberglass | N42: Slopers | O42: 150.31114 | P42: =ROUND(O42,0) -> 150 | W42: =#REF!-#REF! -> #REF! | X42: =#REF!-#REF! -> #REF!
A43: HA027 | B43: AGP0354-G7 | D43: MACROS | E43: Ride T26 | F43: Prism 7 "New" | H43: Full friction | J43: XXL | K43: 1 | L43: 0.71 | M43: Fiberglass | N43: Edges | O43: 123.61111 | P43: =ROUND(O43,0) -> 124
A44: HA028 | B44: AGP0354-G8 | D44: MACROS | E44: Ride T26 | F44: Prism 7 "New" | G44: https://www.agripp.com/fr/ride-t25/908-prism-7-new.html | H44: Dual texture | J44: XXL | K44: 1 | L44: 0.71 | M44: Fiberglass | N44: Edges | O44: 142.15278 | P44: =ROUND(O44,0) -> 142 | W44: =#REF!-#REF! -> #REF! | X44: =#REF!-#REF! -> #REF!
A45: HA029 | B45: AGP0355-G7 | D45: MACROS | E45: Ride T26 | F45: Prism 8 "New" | H45: Full friction | J45: XL | K45: 1 | L45: 0.6 | M45: Fiberglass | N45: Edges | O45: 139.17484 | P45: =ROUND(O45,0) -> 139
A46: HA030 | B46: AGP0355-G8 | D46: MACROS | E46: Ride T26 | F46: Prism 8 "New" | G46: https://www.agripp.com/fr/ride-t25/909-prism-8-new.html | H46: Dual texture | J46: XL | K46: 1 | L46: 0.6 | M46: Fiberglass | N46: Edges | O46: 160.05106 | P46: =ROUND(O46,0) -> 160 | W46: =#REF!-#REF! -> #REF! | X46: =#REF!-#REF! -> #REF!
A47: HA031 | B47: AGP0295-G7 | D47: MACROS | E47: Dune T25 | F47: Huge 1-2 "New" | G47: https://www.agripp.com/fr/dune-t25/917-huge-1-2-new.html | H47: Full friction | J47: XXL | K47: 1 | L47: 2.79 | M47: Fiberglass | N47: Slopers | O47: 260 | P47: =ROUND(O47,0) -> 260
A48: HA032 | B48: AGP0295-G8 | D48: MACROS | E48: Dune T25 | F48: Huge 1-2 "New" | G48: https://www.agripp.com/fr/dune-t25/919-huge-1-2-new.html | H48: Dual texture | J48: XXL | K48: 1 | L48: 2.79 | M48: Fiberglass | N48: Slopers | O48: 314 | P48: =ROUND(O48,0) -> 314 | W48: =#REF!-#REF! -> #REF! | X48: =#REF!-#REF! -> #REF!
A49: HA033 | B49: AGP0296-G7 | D49: MACROS | E49: Dune T25 | F49: Huge 2-2 "New" | G49: https://www.agripp.com/fr/dune-t25/918-huge-2-2-new.html | H49: Full friction | J49: XXL | K49: 1 | L49: 2.54 | M49: Fiberglass | N49: Slopers | O49: 242 | P49: =ROUND(O49,0) -> 242
A50: HA034 | B50: AGP0296-G8 | D50: MACROS | E50: Dune T25 | F50: Huge 2-2 "New" | G50: https://www.agripp.com/fr/dune-t25/920-huge-2-2-new.html | H50: Dual texture | J50: XXL | K50: 1 | L50: 2.54 | M50: Fiberglass | N50: Slopers | O50: 295 | P50: =ROUND(O50,0) -> 295
A51: HA035 | B51: AGP0246-G7 | D51: MACROS | E51: Dune Asia T24 | F51: Fenix 1 | G51: https://www.agripp.com/fr/macro-dual/652-fenix-1.html | H51: Full friction | I51: 82,5 x 38 x 8 | J51: M | K51: 1 | L51: 2.1030024 | M51: Fiberglass | N51: Edges | O51: 157.33819 | P51: 158 | Q51: 171 | W51: =#REF!-#REF! -> #REF! | X51: =#REF!-#REF! -> #REF!
A52: HA036 | B52: AGP0246-G8 | D52: MACROS | E52: Dune Asia T24 | F52: Fenix 1 | G52: https://www.agripp.com/fr/macro-dual/652-fenix-1.html | H52: Dual texture | I52: 82,5 x 38 x 8 | J52: M | K52: 1 | L52: 2.1030024 | M52: Fiberglass | N52: Edges | O52: 185.56073 | P52: 186 | Q52: 203
A53: HA037 | B53: AGP0247-G7 | D53: MACROS | E53: Dune Asia T24 | F53: Fenix 2 | G53: https://www.agripp.com/fr/macro-dual/653-fenix-2.html | H53: Full friction | I53: 78 x 34 x 7 | J53: M | K53: 1 | L53: 1.854744 | M53: Fiberglass | N53: Edges | O53: 157.9208 | P53: 158 | Q53: 172 | W53: =#REF!-#REF! -> #REF! | X53: =#REF!-#REF! -> #REF!
A54: HA038 | B54: AGP0247-G8 | D54: MACROS | E54: Dune Asia T24 | F54: Fenix 2 | G54: https://www.agripp.com/fr/macro-dual/653-fenix-2.html | H54: Dual texture | I54: 78 x 34 x 7 | J54: S | K54: 1 | L54: 1.854744 | M54: Fiberglass | N54: Edges | O54: 186.24784 | P54: 187 | Q54: 203
A55: HA039 | B55: AGP0248-G7 | D55: MACROS | E55: Dune Asia T24 | F55: Fenix 3 | G55: https://www.agripp.com/fr/macro-dual/654-fenix-3.html | H55: Full friction | I55: 59 x 28 x 7 | J55: S | K55: 1 | L55: 1.4027864 | M55: Fiberglass | N55: Edges | O55: 148.01025 | P55: 149 | Q55: 161
A56: HA040 | B56: AGP0248-G8 | D56: MACROS | E56: Dune Asia T24 | F56: Fenix 3 | G56: https://www.agripp.com/fr/macro-dual/654-fenix-3.html | H56: Dual texture | I56: 59 x 28 x 7 | J56: S | K56: 1 | L56: 1.4027864 | M56: Fiberglass | N56: Edges | O56: 180.85003 | P56: 181 | Q56: 197
A57: HA041 | B57: AGP0249-G7 | D57: MACROS | E57: Dune Asia T24 | F57: Fenix 4 | G57: https://www.agripp.com/fr/macro-dual/655-fenix-4.html | H57: Full friction | I57: 56 x 30 x 6,5 | J57: S | K57: 1 | L57: 1.3582272 | M57: Fiberglass | N57: Edges | O57: 140.18488 | P57: 141 | Q57: 153
A58: HA042 | B58: AGP0249-G8 | D58: MACROS | E58: Dune Asia T24 | F58: Fenix 4 | G58: https://www.agripp.com/fr/macro-dual/655-fenix-4.html | H58: Dual texture | I58: 56 x 30 x 6,5 | J58: S | K58: 1 | L58: 1.3582272 | M58: Fiberglass | N58: Edges | O58: 169.79893 | P58: 170 | Q58: 185
A59: HA043 | B59: AGP0250-G7 | D59: MACROS | E59: Dune Asia T24 | F59: Fenix 5 | G59: https://www.agripp.com/fr/macro-dual/656-fenix-5.html | H59: Full friction | I59: 47 x 28 x 8 | J59: S | K59: 1 | L59: 1.154528 | M59: Fiberglass | N59: Edges | O59: 126.95324 | P59: 127 | Q59: 138 | W59: =#REF!-#REF! -> #REF! | X59: =#REF!-#REF! -> #REF!
A60: HA044 | B60: AGP0250-G8 | D60: MACROS | E60: Dune Asia T24 | F60: Fenix 5 | G60: https://www.agripp.com/fr/macro-dual/656-fenix-5.html | H60: Dual texture | I60: 47 x 28 x 8 | J60: S | K60: 1 | L60: 1.154528 | M60: Fiberglass | N60: Edges | O60: 153 | P60: 153 | Q60: 166
A61: HA045 | B61: AGP0251-G7 | C61: S 21 | D61: MACROS | E61: Dune Asia T24 | F61: Jaguar 1 | G61: https://www.agripp.com/fr/macro-dual/657-jaguar-1.html | H61: Full friction | I61: 52 x 22 x 6,5 | J61: XS | K61: 1 | L61: 1.090872 | M61: Fiberglass | N61: Pinches | O61: 125.48643 | P61: 126 | Q61: 136 | W61: =#REF!-#REF! -> #REF! | X61: =#REF!-#REF! -> #REF!
A62: HA046 | B62: AGP0251-G8 | C62: S 37 | D62: MACROS | E62: Dune Asia T24 | F62: Jaguar 1 | G62: https://www.agripp.com/fr/macro-dual/657-jaguar-1.html | H62: Dual texture | I62: 52 x 22 x 6,5 | J62: XS | K62: 1 | L62: 1.090872 | M62: Fiberglass | N62: Pinches | O62: 151.99543 | P62: 152 | Q62: 166
A63: HA047 | B63: AGP0252-G7 | C63: S 37 | D63: MACROS | E63: Dune Asia T24 | F63: Jaguar 2 | G63: https://www.agripp.com/fr/macro-dual/658-jaguar-2.html | H63: Full friction | I63: 54 x 17 x 13 | J63: S | K63: 1 | L63: 1.154528 | M63: Fiberglass | N63: Pinches | O63: 136.08397 | P63: 137 | Q63: 148 | W63: =#REF!-#REF! -> #REF! | X63: =#REF!-#REF! -> #REF!
A64: HA048 | B64: AGP0252-G8 | D64: MACROS | E64: Dune Asia T24 | F64: Jaguar 2 | G64: https://www.agripp.com/fr/macro-dual/658-jaguar-2.html | H64: Dual texture | I64: 54 x 17 x 13 | J64: S | K64: 1 | L64: 1.154528 | M64: Fiberglass | N64: Pinches | O64: 167.7235 | P64: 168 | Q64: 183
A65: HA049 | B65: AGP0253-G7 | D65: MACROS | E65: Dune Asia T24 | F65: Jaguar 3 | G65: https://www.agripp.com/fr/macro-dual/659-jaguar-3.html | H65: Full friction | I65: 47 x 23 x 9 | J65: S | K65: 1 | L65: 0.9444632 | M65: Fiberglass | N65: Pinches | O65: 124.69143 | P65: 125 | Q65: 136 | W65: =#REF!-#REF! -> #REF! | X65: =#REF!-#REF! -> #REF!
A66: HA050 | B66: AGP0253-G8 | D66: MACROS | E66: Dune Asia T24 | F66: Jaguar 3 | G66: https://www.agripp.com/fr/macro-dual/659-jaguar-3.html | H66: Dual texture | I66: 47 x 23 x 9 | J66: S | K66: 1 | L66: 0.9444632 | M66: Fiberglass | N66: Pinches | O66: 152.35734 | P66: 153 | Q66: 166
A67: HA051 | B67: AGP0254-G7 | D67: MACROS | E67: Dune Asia T24 | F67: Jaguar 4 | G67: https://www.agripp.com/fr/macro-dual/660-jaguar-4.html | H67: Full friction | I67: 42 x 20 x 12,5 | J67: S | K67: 1 | L67: 0.9890224 | M67: Fiberglass | N67: Pinches | O67: 127.45711 | P67: 128 | Q67: 138
A68: HA052 | B68: AGP0254-G8 | D68: MACROS | E68: Dune Asia T24 | F68: Jaguar 4 | G68: https://www.agripp.com/fr/macro-dual/660-jaguar-4.html | H68: Dual texture | I68: 42 x 20 x 12,5 | J68: S | K68: 1 | L68: 0.9890224 | M68: Fiberglass | N68: Pinches | O68: 151.67396 | P68: 152 | Q68: 166
A69: HA053 | B69: AGP0255-G7 | D69: MACROS | E69: Dune Asia T24 | F69: Jaguar 5 | G69: https://www.agripp.com/fr/macro-dual/661-jaguar-5.html | H69: Full friction | I69: 54 x 19 x 10 | J69: S | K69: 1 | L69: 1.090872 | M69: Fiberglass | N69: Pinches | O69: 124.9019 | P69: 125 | Q69: 136
A70: HA054 | B70: AGP0255-G8 | D70: MACROS | E70: Dune Asia T24 | F70: Jaguar 5 | G70: https://www.agripp.com/fr/macro-dual/661-jaguar-5.html | H70: Dual texture | I70: 54 x 19 x 10 | J70: S | K70: 1 | L70: 1.090872 | M70: Fiberglass | N70: Pinches | O70: 149.96034 | P70: 150 | Q70: 164
A71: HA055 | B71: AGP0256-G7 | D71: MACROS | E71: Dune Asia T24 | F71: Jaguar 6 | G71: https://www.agripp.com/fr/macro-dual/662-jaguar-6.html | H71: Full friction | I71: 42,5 x 17 x 8 | J71: XS | K71: 1 | L71: 0.8617104 | M71: Fiberglass | N71: Pinches | O71: 120.46266 | P71: 121 | Q71: 131
A72: HA056 | B72: AGP0256-G8 | D72: MACROS | E72: Dune Asia T24 | F72: Jaguar 6 | G72: https://www.agripp.com/fr/macro-dual/662-jaguar-6.html | H72: Dual texture | I72: 42,5 x 17 x 8 | J72: XS | K72: 1 | L72: 0.8617104 | M72: Fiberglass | N72: Pinches | O72: 147.19031 | P72: 148 | Q72: 160
A73: HA057 | B73: AGP0257-G7 | C73: S 36 | D73: MACROS | E73: Dune Asia T24 | F73: Predator 1 | G73: https://www.agripp.com/fr/macro-dual/638-predator-1.html | H73: Full friction | I73: 62 x 26 x 5,5 | J73: S | K73: 1 | L73: 1.3200336 | M73: Fiberglass | N73: Edges | O73: 144.62617 | P73: 145 | Q73: 158
A74: HA058 | B74: AGP0257-G8 | C74: S 20 | D74: MACROS | E74: Dune Asia T24 | F74: Predator 1 | G74: https://www.agripp.com/fr/macro-dual/638-predator-1.html | H74: Dual texture | I74: 62 x 26 x 5,5 | J74: S | K74: 1 | L74: 1.3200336 | M74: Fiberglass | N74: Edges | O74: 169.03184 | P74: 170 | Q74: 184
A75: HA059 | B75: AGP0258-G7 | C75: S 20 | D75: MACROS | E75: Dune Asia T24 | F75: Predator 2 | G75: https://www.agripp.com/fr/macro-dual/639-predator-2.html | H75: Full friction | I75: 55 x 25,5 x 6,5 | J75: S | K75: 1 | L75: 1.154528 | M75: Fiberglass | N75: Edges | O75: 127.93923 | P75: 128 | Q75: 140
A76: HA060 | B76: AGP0258-G8 | D76: MACROS | E76: Dune Asia T24 | F76: Predator 2 | G76: https://www.agripp.com/fr/macro-dual/639-predator-2.html | H76: Dual texture | I76: 55 x 25,5 x 6,5 | J76: S | K76: 1 | L76: 1.154528 | M76: Fiberglass | N76: Edges | O76: 152.24768 | P76: 153 | Q76: 166
A77: HA061 | B77: AGP0288-G7 | D77: MACROS | E77: Dune Asia T24 | F77: Shark 1 | G77: https://www.agripp.com/fr/macro-dual/640-shark-1.html | H77: Full friction | I77: 46 x 33 x 13 | J77: S | K77: 1 | L77: 1.4 | M77: Fiberglass | N77: Slopers | O77: 128.7 | P77: =ROUND(O77,0) -> 129 | Q77: =P77*1.1 -> 141.9 | R77: =ROUND(Q77,0) -> 142 | T77: 140.61 | U77: 141
A78: HA062 | B78: AGP0288-G8 | D78: MACROS | E78: Dune Asia T24 | F78: Shark 1 | G78: https://www.agripp.com/fr/macro-dual/640-shark-1.html | H78: Dual texture | I78: 46 x 33 x 13 | J78: S | K78: 1 | L78: 1.4 | M78: Fiberglass | N78: Slopers | O78: 158.4 | P78: =ROUND(O78,0) -> 158 | Q78: =P78*1.1 -> 173.8 | R78: =ROUND(Q78,0) -> 174 | T78: 172.22 | U78: 172
A79: HA063 | B79: AGP0289-G7 | D79: MACROS | E79: Dune Asia T24 | F79: Shark 2 | G79: https://www.agripp.com/fr/macro-dual/641-shark-2.html | H79: Full friction | I79: 52 x 40 x 11 | J79: M | K79: 1 | L79: 1.6 | M79: Fiberglass | N79: Slopers | O79: 138.6 | P79: =ROUND(O79,0) -> 139 | Q79: =P79*1.1 -> 152.9 | R79: =ROUND(Q79,0) -> 153 | T79: 151.51 | U79: 152
A80: HA064 | B80: AGP0289-G8 | C80: S 38 | D80: MACROS | E80: Dune Asia T24 | F80: Shark 2 | G80: https://www.agripp.com/fr/macro-dual/641-shark-2.html | H80: Dual texture | I80: 52 x 40 x 11 | J80: M | K80: 1 | L80: 1.6 | M80: Fiberglass | N80: Slopers | O80: 171.6 | P80: =ROUND(O80,0) -> 172 | Q80: =P80*1.1 -> 189.2 | R80: =ROUND(Q80,0) -> 189 | T80: 187.48 | U80: 187
A81: HA065 | B81: AGP0290-G7 | C81: S 38 | D81: MACROS | E81: Dune Asia T24 | F81: Shark 3 | G81: https://www.agripp.com/fr/macro-dual/642-shark-3.html | H81: Full friction | I81: 64 x 40 x 24 | J81: L | K81: 1 | L81: 2.05 | M81: Fiberglass | N81: Slopers | O81: 178.2 | P81: 132 | Q81: =P81*1.1 -> 145.2 | R81: =ROUND(Q81,0) -> 145 | T81: 194.02 | U81: 194
A82: HA066 | B82: AGP0290-G8 | C82: S 39 | D82: MACROS | E82: Dune Asia T24 | F82: Shark 3 | G82: https://www.agripp.com/fr/macro-dual/642-shark-3.html | H82: Dual texture | I82: 64 x 40 x 24 | J82: L | K82: 1 | L82: 2.05 | M82: Fiberglass | N82: Slopers | O82: 221.1 | P82: 191 | Q82: =P82*1.1 -> 210.1 | R82: =ROUND(Q82,0) -> 210 | T82: 240.89 | U82: 241
A83: HA067 | B83: AGP0237-G7 | C83: S 39 | D83: MACROS | E83: Dune Asia T24 | F83: Shark 4 | G83: https://www.agripp.com/fr/macro-dual/643-shark-4.html | H83: Full friction | I83: 58 x 29,5 x 10 | J83: S | K83: 1 | L83: 1.44098 | M83: Fiberglass | N83: Edges | O83: 149.8947 | P83: 150 | Q83: 164
A84: HA068 | B84: AGP0237-G8 | C84: S 40 | D84: MACROS | E84: Dune Asia T24 | F84: Shark 4 | G84: https://www.agripp.com/fr/macro-dual/643-shark-4.html | H84: Dual texture | I84: 58 x 29,5 x 10 | J84: S | K84: 1 | L84: 1.44098 | M84: Fiberglass | N84: Edges | O84: 168.8189 | P84: 169 | Q84: 184
A85: HA069 | B85: AGP0238-G7 | C85: S 40 | D85: MACROS | E85: Dune Asia T24 | F85: Shark 5 | G85: https://www.agripp.com/fr/macro-dual/644-shark-5.html | H85: Full friction | I85: 60 x 32 x 10 | J85: S | K85: 1 | L85: 1.4855392 | M85: Fiberglass | N85: Edges | O85: 152.85793 | P85: 153 | Q85: 167
A86: HA070 | B86: AGP0238-G8 | D86: MACROS | E86: Dune Asia T24 | F86: Shark 5 | G86: https://www.agripp.com/fr/macro-dual/644-shark-5.html | H86: Dual texture | I86: 60 x 32 x 10 | J86: S | K86: 1 | L86: 1.4855392 | M86: Fiberglass | N86: Edges | O86: 186.77329 | P86: 187 | Q86: 204
A87: HA071 | B87: AGP0239-G7 | D87: MACROS | E87: Dune Asia T24 | F87: Shark 6 | G87: https://www.agripp.com/fr/macro-dual/645-shark-6.html | H87: Full friction | I87: 46 x 25 x 8 | J87: S | K87: 1 | L87: 1.154528 | M87: Fiberglass | N87: Edges | O87: 128.87814 | P87: 129 | Q87: 141
A88: HA072 | B88: AGP0239-G8 | D88: MACROS | E88: Dune Asia T24 | F88: Shark 6 | G88: https://www.agripp.com/fr/macro-dual/645-shark-6.html | H88: Dual texture | I88: 46 x 25 x 8 | J88: S | K88: 1 | L88: 1.154528 | M88: Fiberglass | N88: Edges | O88: 151.99565 | P88: 152 | Q88: 166
A89: HA073 | B89: AGP0240-G7 | D89: MACROS | E89: Dune Asia T24 | F89: Shark 7 | G89: https://www.agripp.com/fr/macro-dual/646-shark-7.html | H89: Full friction | I89: 47 x 26 x 8 | J89: S | K89: 1 | L89: 1.3009368 | M89: Fiberglass | N89: Edges | O89: 142.57116 | P89: 143 | Q89: 156
A90: HA074 | B90: AGP0240-G8 | D90: MACROS | E90: Dune Asia T24 | F90: Shark 7 | G90: https://www.agripp.com/fr/macro-dual/646-shark-7.html | H90: Dual texture | I90: 47 x 26 x 8 | J90: S | K90: 1 | L90: 1.3009368 | M90: Fiberglass | N90: Edges | O90: 168.14487 | P90: 169 | Q90: 183
A91: HA075 | B91: AGP0241-G7 | C91: S 11 | D91: MACROS | E91: Dune Asia T24 | F91: Tiger 1 | G91: https://www.agripp.com/fr/macro-dual/647-tiger-1.html | H91: Full friction | I91: 63 x 32 x 10 | J91: M | K91: 1 | L91: 1.5491952 | M91: Fiberglass | N91: Pinches | O91: 157.45285 | P91: 158 | Q91: 171
A92: HA076 | B92: AGP0241-G8 | C92: S 12 | D92: MACROS | E92: Dune Asia T24 | F92: Tiger 1 | G92: https://www.agripp.com/fr/macro-dual/647-tiger-1.html | H92: Dual texture | I92: 63 x 32 x 10 | J92: M | K92: 1 | L92: 1.5491952 | M92: Fiberglass | N92: Pinches | O92: 185.69596 | P92: 186 | Q92: 203
A93: HA077 | B93: AGP0242-G7 | C93: S 12 | D93: MACROS | E93: Dune Asia T24 | F93: Tiger 2 | G93: https://www.agripp.com/fr/macro-dual/648-tiger-2.html | H93: Full friction | I93: 60 x 27 x 18 | J93: M | K93: 1 | L93: 1.7337976 | M93: Fiberglass | N93: Pinches | O93: 153.10358 | P93: 154 | Q93: 167
A94: HA078 | B94: AGP0242-G8 | D94: MACROS | E94: Dune Asia T24 | F94: Tiger 2 | G94: https://www.agripp.com/fr/macro-dual/648-tiger-2.html | H94: Dual texture | I94: 60 x 27 x 18 | J94: M | K94: 1 | L94: 1.7337976 | M94: Fiberglass | N94: Pinches | O94: 185.44672 | P94: 185 | Q94: 202
A95: HA079 | B95: AGP0243-G7 | D95: MACROS | E95: Dune Asia T24 | F95: Tiger 3 | G95: https://www.agripp.com/fr/macro-dual/649-tiger-3.html | H95: Full friction | I95: 53 x 25 x 9,5 | J95: S | K95: 1 | L95: 1.2563776 | M95: Fiberglass | N95: Pinches | O95: 141.18441 | P95: 142 | Q95: 154
A96: HA080 | B96: AGP0243-G8 | D96: MACROS | E96: Dune Asia T24 | F96: Tiger 3 | G96: https://www.agripp.com/fr/macro-dual/649-tiger-3.html | H96: Dual texture | I96: 53 x 25 x 9,5 | J96: S | K96: 1 | L96: 1.2563776 | M96: Fiberglass | N96: Pinches | O96: 169.50953 | P96: 170 | Q96: 185
A97: HA081 | B97: AGP0244-G7 | D97: MACROS | E97: Dune Asia T24 | F97: Tiger 4 | G97: https://www.agripp.com/fr/macro-dual/650-tiger-4.html | H97: Full friction | I97: 51,5 x 22 x 7 | J97: XS | K97: 1 | L97: 1.154528 | M97: Fiberglass | N97: Pinches | O97: 136.02753 | P97: 137 | Q97: 148
A98: HA082 | B98: AGP0244-G8 | D98: MACROS | E98: Dune Asia T24 | F98: Tiger 4 | G98: https://www.agripp.com/fr/macro-dual/650-tiger-4.html | H98: Dual texture | I98: 51,5 x 22 x 7 | J98: XS | K98: 1 | L98: 1.154528 | M98: Fiberglass | N98: Pinches | O98: 166.20864 | P98: 166 | Q98: 181
A99: HA083 | B99: AGP0245-G7 | D99: MACROS | E99: Dune Asia T24 | F99: Tiger 5 | G99: https://www.agripp.com/fr/macro-dual/651-tiger-5.html | H99: Full friction | I99: 55 x 22 x 9 | J99: S | K99: 1 | L99: 1.1354312 | M99: Fiberglass | N99: Pinches | O99: 135.15586 | P99: 136 | Q99: 147
A100: HA084 | B100: AGP0245-G8 | D100: MACROS | E100: Dune Asia T24 | F100: Tiger 5 | G100: https://www.agripp.com/fr/macro-dual/651-tiger-5.html | H100: Dual texture | I100: 55 x 22 x 9 | J100: S | K100: 1 | L100: 1.1354312 | M100: Fiberglass | N100: Pinches | O100: 166.5796 | P100: 167 | Q100: 182
...

Sheet Data invoice
B1: Somme | C1: ref | D1: NBR sets | E1: Rang 1 | F1: Price | J1: Ref | K1: Category | L1: Range | M1: Name | N1: Material | O1: Prod/sets | P1: Finition | Q1: Size | R1: Sets | S1: Price | T1: ='Summary(old)'!P12 -> EUR | X1: Summary | Y1: Sets | Z1: Holds | AA1: Price
A2: =IF(D2=0,"",1) | B2: =SUM($A$2:A2) -> 0 | C2: ='Agripp Holds PU (EU, ASIA)'!A11 -> HU001 | D2: =IF(VLOOKUP(C2,'Agripp Holds PU (EU, ASIA)'!$A$11:$AL$1003,37,0)="",0,VLOOKUP(C2,'Agripp Holds PU (EU, ASIA)'!$A$11:$AL$1003,37,0)) -> 0 | E2: 1 | F2: =IF(VLOOKUP(C2,'Agripp Holds PU (EU, ASIA)'!$A$11:$AN$999,39,0)="",0,VLOOKUP(C2,'Agripp Holds PU (EU, ASIA)'!$A$11:$AN$999,39,0)) -> 0 | J2: =IF(ISERROR(VLOOKUP($E2,$B$2:$D$1047,2,0)),"",VLOOKUP($E2,$B$2:$D$1047,2,0)) | K2: =IF(ISERROR(VLOOKUP($J2,TableauDatanew,4,0)),"",VLOOKUP($J2,TableauDatanew,4,0)) | L2: =IF(ISERROR(VLOOKUP($J2,TableauDatanew,5,0)),"",VLOOKUP($J2,TableauDatanew,5,0)) | M2: =IF(ISERROR(VLOOKUP($J2,TableauDatanew,6,0)),"",VLOOKUP($J2,TableauDatanew,6,0)) | N2: =IF(ISERROR(VLOOKUP($J2,TableauDatanew,13,0)),"",VLOOKUP($J2,TableauDatanew,13,0)) | O2: =IF(ISERROR(VLOOKUP($J2,TableauDatanew,11,0)),"",VLOOKUP($J2,TableauDatanew,11,0)) | P2: =IF(ISERROR(VLOOKUP($J2,TableauDatanew,8,0)),"",VLOOKUP($J2,TableauDatanew,8,0)) | Q2: =IF(ISERROR(VLOOKUP($J2,TableauDatanew,10,0)),"",VLOOKUP($J2,TableauDatanew,10,0)) | R2: =IF(ISERROR(VLOOKUP(J2,C:D,2,0)),"",VLOOKUP(J2,C:D,2,0)) | S2: =IF(ISERROR(VLOOKUP(J2,C:F,4,0)),"",VLOOKUP(J2,C:F,4,0)) | T2: =IF(S2="","",$T$1) | X2: HOLDS | Y2: Sets | Z2: Holds | AA2: ='Summary(old)'!P12 -> EUR
A3: =IF(D3=0,"",1) | B3: =SUM($A$2:A3) -> 0 | C3: ='Agripp Holds PU (EU, ASIA)'!A12 -> HU002 | D3: =IF(VLOOKUP(C3,'Agripp Holds PU (EU, ASIA)'!$A$11:$AL$1003,37,0)="",0,VLOOKUP(C3,'Agripp Holds PU (EU, ASIA)'!$A$11:$AL$1003,37,0)) -> 0 | E3: 2 | F3: =IF(VLOOKUP(C3,'Agripp Holds PU (EU, ASIA)'!$A$11:$AN$999,39,0)="",0,VLOOKUP(C3,'Agripp Holds PU (EU, ASIA)'!$A$11:$AN$999,39,0)) -> 0 | J3: =IF(ISERROR(VLOOKUP($E3,$B$2:$D$1047,2,0)),"",VLOOKUP($E3,$B$2:$D$1047,2,0)) | K3: =IF(ISERROR(VLOOKUP($J3,TableauDatanew,4,0)),"",VLOOKUP($J3,TableauDatanew,4,0)) | L3: =IF(ISERROR(VLOOKUP($J3,TableauDatanew,5,0)),"",VLOOKUP($J3,TableauDatanew,5,0)) | M3: =IF(ISERROR(VLOOKUP($J3,TableauDatanew,6,0)),"",VLOOKUP($J3,TableauDatanew,6,0)) | N3: =IF(ISERROR(VLOOKUP($J3,TableauDatanew,13,0)),"",VLOOKUP($J3,TableauDatanew,13,0)) | O3: =IF(ISERROR(VLOOKUP($J3,TableauDatanew,11,0)),"",VLOOKUP($J3,TableauDatanew,11,0)) | P3: =IF(ISERROR(VLOOKUP($J3,TableauDatanew,8,0)),"",VLOOKUP($J3,TableauDatanew,8,0)) | Q3: =IF(ISERROR(VLOOKUP($J3,TableauDatanew,10,0)),"",VLOOKUP($J3,TableauDatanew,10,0)) | R3: =IF(ISERROR(VLOOKUP(J3,C:D,2,0)),"",VLOOKUP(J3,C:D,2,0)) | S3: =IF(ISERROR(VLOOKUP(J3,C:F,4,0)),"",VLOOKUP(J3,C:F,4,0)) | T3: =IF(S3="","",$T$1) | X3: PU Holds | Y3: ='Agripp Holds PU (EU, ASIA)'!I2 -> 0 | Z3: ='Agripp Holds PU (EU, ASIA)'!J2 -> 0 | AA3: ='Agripp Holds PU (EU, ASIA)'!K2 -> 0
A4: =IF(D4=0,"",1) | B4: =SUM($A$2:A4) -> 0 | C4: ='Agripp Holds PU (EU, ASIA)'!A13 -> HU003 | D4: =IF(VLOOKUP(C4,'Agripp Holds PU (EU, ASIA)'!$A$11:$AL$1003,37,0)="",0,VLOOKUP(C4,'Agripp Holds PU (EU, ASIA)'!$A$11:$AL$1003,37,0)) -> 0 | E4: 3 | F4: =IF(VLOOKUP(C4,'Agripp Holds PU (EU, ASIA)'!$A$11:$AN$999,39,0)="",0,VLOOKUP(C4,'Agripp Holds PU (EU, ASIA)'!$A$11:$AN$999,39,0)) -> 0 | J4: =IF(ISERROR(VLOOKUP($E4,$B$2:$D$1047,2,0)),"",VLOOKUP($E4,$B$2:$D$1047,2,0)) | K4: =IF(ISERROR(VLOOKUP($J4,TableauDatanew,4,0)),"",VLOOKUP($J4,TableauDatanew,4,0)) | L4: =IF(ISERROR(VLOOKUP($J4,TableauDatanew,5,0)),"",VLOOKUP($J4,TableauDatanew,5,0)) | M4: =IF(ISERROR(VLOOKUP($J4,TableauDatanew,6,0)),"",VLOOKUP($J4,TableauDatanew,6,0)) | N4: =IF(ISERROR(VLOOKUP($J4,TableauDatanew,13,0)),"",VLOOKUP($J4,TableauDatanew,13,0)) | O4: =IF(ISERROR(VLOOKUP($J4,TableauDatanew,11,0)),"",VLOOKUP($J4,TableauDatanew,11,0)) | P4: =IF(ISERROR(VLOOKUP($J4,TableauDatanew,8,0)),"",VLOOKUP($J4,TableauDatanew,8,0)) | Q4: =IF(ISERROR(VLOOKUP($J4,TableauDatanew,10,0)),"",VLOOKUP($J4,TableauDatanew,10,0)) | R4: =IF(ISERROR(VLOOKUP(J4,C:D,2,0)),"",VLOOKUP(J4,C:D,2,0)) | S4: =IF(ISERROR(VLOOKUP(J4,C:F,4,0)),"",VLOOKUP(J4,C:F,4,0)) | T4: =IF(S4="","",$T$1) | X4: PE Holds | Y4: ='Agripp Holds PE (EU)'!F2 -> 0 | Z4: ='Agripp Holds PE (EU)'!G2 -> 0 | AA4: ='Agripp Holds PE (EU)'!H2 -> 0
A5: =IF(D5=0,"",1) | B5: =SUM($A$2:A5) -> 0 | C5: ='Agripp Holds PU (EU, ASIA)'!A14 -> HU004 | D5: =IF(VLOOKUP(C5,'Agripp Holds PU (EU, ASIA)'!$A$11:$AL$1003,37,0)="",0,VLOOKUP(C5,'Agripp Holds PU (EU, ASIA)'!$A$11:$AL$1003,37,0)) -> 0 | E5: 4 | F5: =IF(VLOOKUP(C5,'Agripp Holds PU (EU, ASIA)'!$A$11:$AN$999,39,0)="",0,VLOOKUP(C5,'Agripp Holds PU (EU, ASIA)'!$A$11:$AN$999,39,0)) -> 0 | J5: =IF(ISERROR(VLOOKUP($E5,$B$2:$D$1047,2,0)),"",VLOOKUP($E5,$B$2:$D$1047,2,0)) | K5: =IF(ISERROR(VLOOKUP($J5,TableauDatanew,4,0)),"",VLOOKUP($J5,TableauDatanew,4,0)) | L5: =IF(ISERROR(VLOOKUP($J5,TableauDatanew,5,0)),"",VLOOKUP($J5,TableauDatanew,5,0)) | M5: =IF(ISERROR(VLOOKUP($J5,TableauDatanew,6,0)),"",VLOOKUP($J5,TableauDatanew,6,0)) | N5: =IF(ISERROR(VLOOKUP($J5,TableauDatanew,13,0)),"",VLOOKUP($J5,TableauDatanew,13,0)) | O5: =IF(ISERROR(VLOOKUP($J5,TableauDatanew,11,0)),"",VLOOKUP($J5,TableauDatanew,11,0)) | P5: =IF(ISERROR(VLOOKUP($J5,TableauDatanew,8,0)),"",VLOOKUP($J5,TableauDatanew,8,0)) | Q5: =IF(ISERROR(VLOOKUP($J5,TableauDatanew,10,0)),"",VLOOKUP($J5,TableauDatanew,10,0)) | R5: =IF(ISERROR(VLOOKUP(J5,C:D,2,0)),"",VLOOKUP(J5,C:D,2,0)) | S5: =IF(ISERROR(VLOOKUP(J5,C:F,4,0)),"",VLOOKUP(J5,C:F,4,0)) | T5: =IF(S5="","",$T$1) | X5: Total | Y5: =SUM(Y3:Y4) -> 0 | Z5: =SUM(Z3:Z4) -> 0 | AA5: =SUM(AA3:AA4) -> 0
A6: =IF(D6=0,"",1) | B6: =SUM($A$2:A6) -> 0 | C6: ='Agripp Holds PU (EU, ASIA)'!A15 -> HU005 | D6: =IF(VLOOKUP(C6,'Agripp Holds PU (EU, ASIA)'!$A$11:$AL$1003,37,0)="",0,VLOOKUP(C6,'Agripp Holds PU (EU, ASIA)'!$A$11:$AL$1003,37,0)) -> 0 | E6: 5 | F6: =IF(VLOOKUP(C6,'Agripp Holds PU (EU, ASIA)'!$A$11:$AN$999,39,0)="",0,VLOOKUP(C6,'Agripp Holds PU (EU, ASIA)'!$A$11:$AN$999,39,0)) -> 0 | J6: =IF(ISERROR(VLOOKUP($E6,$B$2:$D$1047,2,0)),"",VLOOKUP($E6,$B$2:$D$1047,2,0)) | K6: =IF(ISERROR(VLOOKUP($J6,TableauDatanew,4,0)),"",VLOOKUP($J6,TableauDatanew,4,0)) | L6: =IF(ISERROR(VLOOKUP($J6,TableauDatanew,5,0)),"",VLOOKUP($J6,TableauDatanew,5,0)) | M6: =IF(ISERROR(VLOOKUP($J6,TableauDatanew,6,0)),"",VLOOKUP($J6,TableauDatanew,6,0)) | N6: =IF(ISERROR(VLOOKUP($J6,TableauDatanew,13,0)),"",VLOOKUP($J6,TableauDatanew,13,0)) | O6: =IF(ISERROR(VLOOKUP($J6,TableauDatanew,11,0)),"",VLOOKUP($J6,TableauDatanew,11,0)) | P6: =IF(ISERROR(VLOOKUP($J6,TableauDatanew,8,0)),"",VLOOKUP($J6,TableauDatanew,8,0)) | Q6: =IF(ISERROR(VLOOKUP($J6,TableauDatanew,10,0)),"",VLOOKUP($J6,TableauDatanew,10,0)) | R6: =IF(ISERROR(VLOOKUP(J6,C:D,2,0)),"",VLOOKUP(J6,C:D,2,0)) | S6: =IF(ISERROR(VLOOKUP(J6,C:F,4,0)),"",VLOOKUP(J6,C:F,4,0)) | T6: =IF(S6="","",$T$1)
A7: =IF(D7=0,"",1) | B7: =SUM($A$2:A7) -> 0 | C7: ='Agripp Holds PU (EU, ASIA)'!A16 -> HU006 | D7: =IF(VLOOKUP(C7,'Agripp Holds PU (EU, ASIA)'!$A$11:$AL$1003,37,0)="",0,VLOOKUP(C7,'Agripp Holds PU (EU, ASIA)'!$A$11:$AL$1003,37,0)) -> 0 | E7: 6 | F7: =IF(VLOOKUP(C7,'Agripp Holds PU (EU, ASIA)'!$A$11:$AN$999,39,0)="",0,VLOOKUP(C7,'Agripp Holds PU (EU, ASIA)'!$A$11:$AN$999,39,0)) -> 0 | J7: =IF(ISERROR(VLOOKUP($E7,$B$2:$D$1047,2,0)),"",VLOOKUP($E7,$B$2:$D$1047,2,0)) | K7: =IF(ISERROR(VLOOKUP($J7,TableauDatanew,4,0)),"",VLOOKUP($J7,TableauDatanew,4,0)) | L7: =IF(ISERROR(VLOOKUP($J7,TableauDatanew,5,0)),"",VLOOKUP($J7,TableauDatanew,5,0)) | M7: =IF(ISERROR(VLOOKUP($J7,TableauDatanew,6,0)),"",VLOOKUP($J7,TableauDatanew,6,0)) | N7: =IF(ISERROR(VLOOKUP($J7,TableauDatanew,13,0)),"",VLOOKUP($J7,TableauDatanew,13,0)) | O7: =IF(ISERROR(VLOOKUP($J7,TableauDatanew,11,0)),"",VLOOKUP($J7,TableauDatanew,11,0)) | P7: =IF(ISERROR(VLOOKUP($J7,TableauDatanew,8,0)),"",VLOOKUP($J7,TableauDatanew,8,0)) | Q7: =IF(ISERROR(VLOOKUP($J7,TableauDatanew,10,0)),"",VLOOKUP($J7,TableauDatanew,10,0)) | R7: =IF(ISERROR(VLOOKUP(J7,C:D,2,0)),"",VLOOKUP(J7,C:D,2,0)) | S7: =IF(ISERROR(VLOOKUP(J7,C:F,4,0)),"",VLOOKUP(J7,C:F,4,0)) | T7: =IF(S7="","",$T$1) | X7: GRP Macros | Y7: Sets | Z7: Volumes | AA7: ='Summary(old)'!P12 -> EUR
A8: =IF(D8=0,"",1) | B8: =SUM($A$2:A8) -> 0 | C8: ='Agripp Holds PU (EU, ASIA)'!A17 -> HU007 | D8: =IF(VLOOKUP(C8,'Agripp Holds PU (EU, ASIA)'!$A$11:$AL$1003,37,0)="",0,VLOOKUP(C8,'Agripp Holds PU (EU, ASIA)'!$A$11:$AL$1003,37,0)) -> 0 | E8: 7 | F8: =IF(VLOOKUP(C8,'Agripp Holds PU (EU, ASIA)'!$A$11:$AN$999,39,0)="",0,VLOOKUP(C8,'Agripp Holds PU (EU, ASIA)'!$A$11:$AN$999,39,0)) -> 0 | J8: =IF(ISERROR(VLOOKUP($E8,$B$2:$D$1047,2,0)),"",VLOOKUP($E8,$B$2:$D$1047,2,0)) | K8: =IF(ISERROR(VLOOKUP($J8,TableauDatanew,4,0)),"",VLOOKUP($J8,TableauDatanew,4,0)) | L8: =IF(ISERROR(VLOOKUP($J8,TableauDatanew,5,0)),"",VLOOKUP($J8,TableauDatanew,5,0)) | M8: =IF(ISERROR(VLOOKUP($J8,TableauDatanew,6,0)),"",VLOOKUP($J8,TableauDatanew,6,0)) | N8: =IF(ISERROR(VLOOKUP($J8,TableauDatanew,13,0)),"",VLOOKUP($J8,TableauDatanew,13,0)) | O8: =IF(ISERROR(VLOOKUP($J8,TableauDatanew,11,0)),"",VLOOKUP($J8,TableauDatanew,11,0)) | P8: =IF(ISERROR(VLOOKUP($J8,TableauDatanew,8,0)),"",VLOOKUP($J8,TableauDatanew,8,0)) | Q8: =IF(ISERROR(VLOOKUP($J8,TableauDatanew,10,0)),"",VLOOKUP($J8,TableauDatanew,10,0)) | R8: =IF(ISERROR(VLOOKUP(J8,C:D,2,0)),"",VLOOKUP(J8,C:D,2,0)) | S8: =IF(ISERROR(VLOOKUP(J8,C:F,4,0)),"",VLOOKUP(J8,C:F,4,0)) | T8: =IF(S8="","",$T$1) | X8: FULL FRICTION | Y8: 0 | Z8: ='Agripp GRP Macros (EU, Asia) '!F2 -> 0 | AA8: ='Agripp GRP Macros (EU, Asia) '!G2 -> 0
A9: =IF(D9=0,"",1) | B9: =SUM($A$2:A9) -> 0 | C9: ='Agripp Holds PU (EU, ASIA)'!A18 -> HU008 | D9: =IF(VLOOKUP(C9,'Agripp Holds PU (EU, ASIA)'!$A$11:$AL$1003,37,0)="",0,VLOOKUP(C9,'Agripp Holds PU (EU, ASIA)'!$A$11:$AL$1003,37,0)) -> 0 | E9: 8 | F9: =IF(VLOOKUP(C9,'Agripp Holds PU (EU, ASIA)'!$A$11:$AN$999,39,0)="",0,VLOOKUP(C9,'Agripp Holds PU (EU, ASIA)'!$A$11:$AN$999,39,0)) -> 0 | J9: =IF(ISERROR(VLOOKUP($E9,$B$2:$D$1047,2,0)),"",VLOOKUP($E9,$B$2:$D$1047,2,0)) | K9: =IF(ISERROR(VLOOKUP($J9,TableauDatanew,4,0)),"",VLOOKUP($J9,TableauDatanew,4,0)) | L9: =IF(ISERROR(VLOOKUP($J9,TableauDatanew,5,0)),"",VLOOKUP($J9,TableauDatanew,5,0)) | M9: =IF(ISERROR(VLOOKUP($J9,TableauDatanew,6,0)),"",VLOOKUP($J9,TableauDatanew,6,0)) | N9: =IF(ISERROR(VLOOKUP($J9,TableauDatanew,13,0)),"",VLOOKUP($J9,TableauDatanew,13,0)) | O9: =IF(ISERROR(VLOOKUP($J9,TableauDatanew,11,0)),"",VLOOKUP($J9,TableauDatanew,11,0)) | P9: =IF(ISERROR(VLOOKUP($J9,TableauDatanew,8,0)),"",VLOOKUP($J9,TableauDatanew,8,0)) | Q9: =IF(ISERROR(VLOOKUP($J9,TableauDatanew,10,0)),"",VLOOKUP($J9,TableauDatanew,10,0)) | R9: =IF(ISERROR(VLOOKUP(J9,C:D,2,0)),"",VLOOKUP(J9,C:D,2,0)) | S9: =IF(ISERROR(VLOOKUP(J9,C:F,4,0)),"",VLOOKUP(J9,C:F,4,0)) | T9: =IF(S9="","",$T$1) | X9: DUAL TEXTURE | Y9: 0 | Z9: ='Agripp GRP Macros (EU, Asia) '!F3 -> 0 | AA9: ='Agripp GRP Macros (EU, Asia) '!G3 -> 0
A10: =IF(D10=0,"",1) | B10: =SUM($A$2:A10) -> 0 | C10: ='Agripp Holds PU (EU, ASIA)'!A19 -> HU009 | D10: =IF(VLOOKUP(C10,'Agripp Holds PU (EU, ASIA)'!$A$11:$AL$1003,37,0)="",0,VLOOKUP(C10,'Agripp Holds PU (EU, ASIA)'!$A$11:$AL$1003,37,0)) -> 0 | E10: 9 | F10: =IF(VLOOKUP(C10,'Agripp Holds PU (EU, ASIA)'!$A$11:$AN$999,39,0)="",0,VLOOKUP(C10,'Agripp Holds PU (EU, ASIA)'!$A$11:$AN$999,39,0)) -> 0 | J10: =IF(ISERROR(VLOOKUP($E10,$B$2:$D$1047,2,0)),"",VLOOKUP($E10,$B$2:$D$1047,2,0)) | K10: =IF(ISERROR(VLOOKUP($J10,TableauDatanew,4,0)),"",VLOOKUP($J10,TableauDatanew,4,0)) | L10: =IF(ISERROR(VLOOKUP($J10,TableauDatanew,5,0)),"",VLOOKUP($J10,TableauDatanew,5,0)) | M10: =IF(ISERROR(VLOOKUP($J10,TableauDatanew,6,0)),"",VLOOKUP($J10,TableauDatanew,6,0)) | N10: =IF(ISERROR(VLOOKUP($J10,TableauDatanew,13,0)),"",VLOOKUP($J10,TableauDatanew,13,0)) | O10: =IF(ISERROR(VLOOKUP($J10,TableauDatanew,11,0)),"",VLOOKUP($J10,TableauDatanew,11,0)) | P10: =IF(ISERROR(VLOOKUP($J10,TableauDatanew,8,0)),"",VLOOKUP($J10,TableauDatanew,8,0)) | Q10: =IF(ISERROR(VLOOKUP($J10,TableauDatanew,10,0)),"",VLOOKUP($J10,TableauDatanew,10,0)) | R10: =IF(ISERROR(VLOOKUP(J10,C:D,2,0)),"",VLOOKUP(J10,C:D,2,0)) | S10: =IF(ISERROR(VLOOKUP(J10,C:F,4,0)),"",VLOOKUP(J10,C:F,4,0)) | T10: =IF(S10="","",$T$1) | X10: Total | Y10: 0 | Z10: =SUM(Z8:Z9) -> 0 | AA10: =SUM(AA8:AA9) -> 0
A11: =IF(D11=0,"",1) | B11: =SUM($A$2:A11) -> 0 | C11: ='Agripp Holds PU (EU, ASIA)'!A20 -> HU010 | D11: =IF(VLOOKUP(C11,'Agripp Holds PU (EU, ASIA)'!$A$11:$AL$1003,37,0)="",0,VLOOKUP(C11,'Agripp Holds PU (EU, ASIA)'!$A$11:$AL$1003,37,0)) -> 0 | E11: 10 | F11: =IF(VLOOKUP(C11,'Agripp Holds PU (EU, ASIA)'!$A$11:$AN$999,39,0)="",0,VLOOKUP(C11,'Agripp Holds PU (EU, ASIA)'!$A$11:$AN$999,39,0)) -> 0 | J11: =IF(ISERROR(VLOOKUP($E11,$B$2:$D$1047,2,0)),"",VLOOKUP($E11,$B$2:$D$1047,2,0)) | K11: =IF(ISERROR(VLOOKUP($J11,TableauDatanew,4,0)),"",VLOOKUP($J11,TableauDatanew,4,0)) | L11: =IF(ISERROR(VLOOKUP($J11,TableauDatanew,5,0)),"",VLOOKUP($J11,TableauDatanew,5,0)) | M11: =IF(ISERROR(VLOOKUP($J11,TableauDatanew,6,0)),"",VLOOKUP($J11,TableauDatanew,6,0)) | N11: =IF(ISERROR(VLOOKUP($J11,TableauDatanew,13,0)),"",VLOOKUP($J11,TableauDatanew,13,0)) | O11: =IF(ISERROR(VLOOKUP($J11,TableauDatanew,11,0)),"",VLOOKUP($J11,TableauDatanew,11,0)) | P11: =IF(ISERROR(VLOOKUP($J11,TableauDatanew,8,0)),"",VLOOKUP($J11,TableauDatanew,8,0)) | Q11: =IF(ISERROR(VLOOKUP($J11,TableauDatanew,10,0)),"",VLOOKUP($J11,TableauDatanew,10,0)) | R11: =IF(ISERROR(VLOOKUP(J11,C:D,2,0)),"",VLOOKUP(J11,C:D,2,0)) | S11: =IF(ISERROR(VLOOKUP(J11,C:F,4,0)),"",VLOOKUP(J11,C:F,4,0)) | T11: =IF(S11="","",$T$1)
A12: =IF(D12=0,"",1) | B12: =SUM($A$2:A12) -> 0 | C12: ='Agripp Holds PU (EU, ASIA)'!A21 -> HU011 | D12: =IF(VLOOKUP(C12,'Agripp Holds PU (EU, ASIA)'!$A$11:$AL$1003,37,0)="",0,VLOOKUP(C12,'Agripp Holds PU (EU, ASIA)'!$A$11:$AL$1003,37,0)) -> 0 | E12: 11 | F12: =IF(VLOOKUP(C12,'Agripp Holds PU (EU, ASIA)'!$A$11:$AN$999,39,0)="",0,VLOOKUP(C12,'Agripp Holds PU (EU, ASIA)'!$A$11:$AN$999,39,0)) -> 0 | J12: =IF(ISERROR(VLOOKUP($E12,$B$2:$D$1047,2,0)),"",VLOOKUP($E12,$B$2:$D$1047,2,0)) | K12: =IF(ISERROR(VLOOKUP($J12,TableauDatanew,4,0)),"",VLOOKUP($J12,TableauDatanew,4,0)) | L12: =IF(ISERROR(VLOOKUP($J12,TableauDatanew,5,0)),"",VLOOKUP($J12,TableauDatanew,5,0)) | M12: =IF(ISERROR(VLOOKUP($J12,TableauDatanew,6,0)),"",VLOOKUP($J12,TableauDatanew,6,0)) | N12: =IF(ISERROR(VLOOKUP($J12,TableauDatanew,13,0)),"",VLOOKUP($J12,TableauDatanew,13,0)) | O12: =IF(ISERROR(VLOOKUP($J12,TableauDatanew,11,0)),"",VLOOKUP($J12,TableauDatanew,11,0)) | P12: =IF(ISERROR(VLOOKUP($J12,TableauDatanew,8,0)),"",VLOOKUP($J12,TableauDatanew,8,0)) | Q12: =IF(ISERROR(VLOOKUP($J12,TableauDatanew,10,0)),"",VLOOKUP($J12,TableauDatanew,10,0)) | R12: =IF(ISERROR(VLOOKUP(J12,C:D,2,0)),"",VLOOKUP(J12,C:D,2,0)) | S12: =IF(ISERROR(VLOOKUP(J12,C:F,4,0)),"",VLOOKUP(J12,C:F,4,0)) | T12: =IF(S12="","",$T$1) | X12: WOODEN VOLUMES | Z12: Volumes | AA12: ='Summary(old)'!P12 -> EUR
A13: =IF(D13=0,"",1) | B13: =SUM($A$2:A13) -> 0 | C13: ='Agripp Holds PU (EU, ASIA)'!A22 -> HU012 | D13: =IF(VLOOKUP(C13,'Agripp Holds PU (EU, ASIA)'!$A$11:$AL$1003,37,0)="",0,VLOOKUP(C13,'Agripp Holds PU (EU, ASIA)'!$A$11:$AL$1003,37,0)) -> 0 | E13: 12 | F13: =IF(VLOOKUP(C13,'Agripp Holds PU (EU, ASIA)'!$A$11:$AN$999,39,0)="",0,VLOOKUP(C13,'Agripp Holds PU (EU, ASIA)'!$A$11:$AN$999,39,0)) -> 0 | J13: =IF(ISERROR(VLOOKUP($E13,$B$2:$D$1047,2,0)),"",VLOOKUP($E13,$B$2:$D$1047,2,0)) | K13: =IF(ISERROR(VLOOKUP($J13,TableauDatanew,4,0)),"",VLOOKUP($J13,TableauDatanew,4,0)) | L13: =IF(ISERROR(VLOOKUP($J13,TableauDatanew,5,0)),"",VLOOKUP($J13,TableauDatanew,5,0)) | M13: =IF(ISERROR(VLOOKUP($J13,TableauDatanew,6,0)),"",VLOOKUP($J13,TableauDatanew,6,0)) | N13: =IF(ISERROR(VLOOKUP($J13,TableauDatanew,13,0)),"",VLOOKUP($J13,TableauDatanew,13,0)) | O13: =IF(ISERROR(VLOOKUP($J13,TableauDatanew,11,0)),"",VLOOKUP($J13,TableauDatanew,11,0)) | P13: =IF(ISERROR(VLOOKUP($J13,TableauDatanew,8,0)),"",VLOOKUP($J13,TableauDatanew,8,0)) | Q13: =IF(ISERROR(VLOOKUP($J13,TableauDatanew,10,0)),"",VLOOKUP($J13,TableauDatanew,10,0)) | R13: =IF(ISERROR(VLOOKUP(J13,C:D,2,0)),"",VLOOKUP(J13,C:D,2,0)) | S13: =IF(ISERROR(VLOOKUP(J13,C:F,4,0)),"",VLOOKUP(J13,C:F,4,0)) | T13: =IF(S13="","",$T$1) | X13: FULL FRICTION | Z13: ='Agripp Woods (Asia, EU)'!D2 -> 0 | AA13: ='Agripp Woods (Asia, EU)'!E2 -> 0
A14: =IF(D14=0,"",1) | B14: =SUM($A$2:A14) -> 0 | C14: ='Agripp Holds PU (EU, ASIA)'!A23 -> HU013 | D14: =IF(VLOOKUP(C14,'Agripp Holds PU (EU, ASIA)'!$A$11:$AL$1003,37,0)="",0,VLOOKUP(C14,'Agripp Holds PU (EU, ASIA)'!$A$11:$AL$1003,37,0)) -> 0 | E14: 13 | F14: =IF(VLOOKUP(C14,'Agripp Holds PU (EU, ASIA)'!$A$11:$AN$999,39,0)="",0,VLOOKUP(C14,'Agripp Holds PU (EU, ASIA)'!$A$11:$AN$999,39,0)) -> 0 | J14: =IF(ISERROR(VLOOKUP($E14,$B$2:$D$1047,2,0)),"",VLOOKUP($E14,$B$2:$D$1047,2,0)) | K14: =IF(ISERROR(VLOOKUP($J14,TableauDatanew,4,0)),"",VLOOKUP($J14,TableauDatanew,4,0)) | L14: =IF(ISERROR(VLOOKUP($J14,TableauDatanew,5,0)),"",VLOOKUP($J14,TableauDatanew,5,0)) | M14: =IF(ISERROR(VLOOKUP($J14,TableauDatanew,6,0)),"",VLOOKUP($J14,TableauDatanew,6,0)) | N14: =IF(ISERROR(VLOOKUP($J14,TableauDatanew,13,0)),"",VLOOKUP($J14,TableauDatanew,13,0)) | O14: =IF(ISERROR(VLOOKUP($J14,TableauDatanew,11,0)),"",VLOOKUP($J14,TableauDatanew,11,0)) | P14: =IF(ISERROR(VLOOKUP($J14,TableauDatanew,8,0)),"",VLOOKUP($J14,TableauDatanew,8,0)) | Q14: =IF(ISERROR(VLOOKUP($J14,TableauDatanew,10,0)),"",VLOOKUP($J14,TableauDatanew,10,0)) | R14: =IF(ISERROR(VLOOKUP(J14,C:D,2,0)),"",VLOOKUP(J14,C:D,2,0)) | S14: =IF(ISERROR(VLOOKUP(J14,C:F,4,0)),"",VLOOKUP(J14,C:F,4,0)) | T14: =IF(S14="","",$T$1) | X14: DUAL TEXTURE | Z14: ='Agripp Woods (Asia, EU)'!D3 -> 0 | AA14: ='Agripp Woods (Asia, EU)'!E3 -> 0
A15: =IF(D15=0,"",1) | B15: =SUM($A$2:A15) -> 0 | C15: ='Agripp Holds PU (EU, ASIA)'!A24 -> HU014 | D15: =IF(VLOOKUP(C15,'Agripp Holds PU (EU, ASIA)'!$A$11:$AL$1003,37,0)="",0,VLOOKUP(C15,'Agripp Holds PU (EU, ASIA)'!$A$11:$AL$1003,37,0)) -> 0 | E15: 14 | F15: =IF(VLOOKUP(C15,'Agripp Holds PU (EU, ASIA)'!$A$11:$AN$999,39,0)="",0,VLOOKUP(C15,'Agripp Holds PU (EU, ASIA)'!$A$11:$AN$999,39,0)) -> 0 | J15: =IF(ISERROR(VLOOKUP($E15,$B$2:$D$1047,2,0)),"",VLOOKUP($E15,$B$2:$D$1047,2,0)) | K15: =IF(ISERROR(VLOOKUP($J15,TableauDatanew,4,0)),"",VLOOKUP($J15,TableauDatanew,4,0)) | L15: =IF(ISERROR(VLOOKUP($J15,TableauDatanew,5,0)),"",VLOOKUP($J15,TableauDatanew,5,0)) | M15: =IF(ISERROR(VLOOKUP($J15,TableauDatanew,6,0)),"",VLOOKUP($J15,TableauDatanew,6,0)) | N15: =IF(ISERROR(VLOOKUP($J15,TableauDatanew,13,0)),"",VLOOKUP($J15,TableauDatanew,13,0)) | O15: =IF(ISERROR(VLOOKUP($J15,TableauDatanew,11,0)),"",VLOOKUP($J15,TableauDatanew,11,0)) | P15: =IF(ISERROR(VLOOKUP($J15,TableauDatanew,8,0)),"",VLOOKUP($J15,TableauDatanew,8,0)) | Q15: =IF(ISERROR(VLOOKUP($J15,TableauDatanew,10,0)),"",VLOOKUP($J15,TableauDatanew,10,0)) | R15: =IF(ISERROR(VLOOKUP(J15,C:D,2,0)),"",VLOOKUP(J15,C:D,2,0)) | S15: =IF(ISERROR(VLOOKUP(J15,C:F,4,0)),"",VLOOKUP(J15,C:F,4,0)) | T15: =IF(S15="","",$T$1) | X15: Total | Z15: =SUM(Z13:Z14) -> 0 | AA15: =SUM(AA13:AA14) -> 0
A16: =IF(D16=0,"",1) | B16: =SUM($A$2:A16) -> 0 | C16: ='Agripp Holds PU (EU, ASIA)'!A25 -> HU015 | D16: =IF(VLOOKUP(C16,'Agripp Holds PU (EU, ASIA)'!$A$11:$AL$1003,37,0)="",0,VLOOKUP(C16,'Agripp Holds PU (EU, ASIA)'!$A$11:$AL$1003,37,0)) -> 0 | E16: 15 | F16: =IF(VLOOKUP(C16,'Agripp Holds PU (EU, ASIA)'!$A$11:$AN$999,39,0)="",0,VLOOKUP(C16,'Agripp Holds PU (EU, ASIA)'!$A$11:$AN$999,39,0)) -> 0 | J16: =IF(ISERROR(VLOOKUP($E16,$B$2:$D$1047,2,0)),"",VLOOKUP($E16,$B$2:$D$1047,2,0)) | K16: =IF(ISERROR(VLOOKUP($J16,TableauDatanew,4,0)),"",VLOOKUP($J16,TableauDatanew,4,0)) | L16: =IF(ISERROR(VLOOKUP($J16,TableauDatanew,5,0)),"",VLOOKUP($J16,TableauDatanew,5,0)) | M16: =IF(ISERROR(VLOOKUP($J16,TableauDatanew,6,0)),"",VLOOKUP($J16,TableauDatanew,6,0)) | N16: =IF(ISERROR(VLOOKUP($J16,TableauDatanew,13,0)),"",VLOOKUP($J16,TableauDatanew,13,0)) | O16: =IF(ISERROR(VLOOKUP($J16,TableauDatanew,11,0)),"",VLOOKUP($J16,TableauDatanew,11,0)) | P16: =IF(ISERROR(VLOOKUP($J16,TableauDatanew,8,0)),"",VLOOKUP($J16,TableauDatanew,8,0)) | Q16: =IF(ISERROR(VLOOKUP($J16,TableauDatanew,10,0)),"",VLOOKUP($J16,TableauDatanew,10,0)) | R16: =IF(ISERROR(VLOOKUP(J16,C:D,2,0)),"",VLOOKUP(J16,C:D,2,0)) | S16: =IF(ISERROR(VLOOKUP(J16,C:F,4,0)),"",VLOOKUP(J16,C:F,4,0)) | T16: =IF(S16="","",$T$1)
A17: =IF(D17=0,"",1) | B17: =SUM($A$2:A17) -> 0 | C17: ='Agripp Holds PU (EU, ASIA)'!A26 -> HU016 | D17: =IF(VLOOKUP(C17,'Agripp Holds PU (EU, ASIA)'!$A$11:$AL$1003,37,0)="",0,VLOOKUP(C17,'Agripp Holds PU (EU, ASIA)'!$A$11:$AL$1003,37,0)) -> 0 | E17: 16 | F17: =IF(VLOOKUP(C17,'Agripp Holds PU (EU, ASIA)'!$A$11:$AN$999,39,0)="",0,VLOOKUP(C17,'Agripp Holds PU (EU, ASIA)'!$A$11:$AN$999,39,0)) -> 0 | J17: =IF(ISERROR(VLOOKUP($E17,$B$2:$D$1047,2,0)),"",VLOOKUP($E17,$B$2:$D$1047,2,0)) | K17: =IF(ISERROR(VLOOKUP($J17,TableauDatanew,4,0)),"",VLOOKUP($J17,TableauDatanew,4,0)) | L17: =IF(ISERROR(VLOOKUP($J17,TableauDatanew,5,0)),"",VLOOKUP($J17,TableauDatanew,5,0)) | M17: =IF(ISERROR(VLOOKUP($J17,TableauDatanew,6,0)),"",VLOOKUP($J17,TableauDatanew,6,0)) | N17: =IF(ISERROR(VLOOKUP($J17,TableauDatanew,13,0)),"",VLOOKUP($J17,TableauDatanew,13,0)) | O17: =IF(ISERROR(VLOOKUP($J17,TableauDatanew,11,0)),"",VLOOKUP($J17,TableauDatanew,11,0)) | P17: =IF(ISERROR(VLOOKUP($J17,TableauDatanew,8,0)),"",VLOOKUP($J17,TableauDatanew,8,0)) | Q17: =IF(ISERROR(VLOOKUP($J17,TableauDatanew,10,0)),"",VLOOKUP($J17,TableauDatanew,10,0)) | R17: =IF(ISERROR(VLOOKUP(J17,C:D,2,0)),"",VLOOKUP(J17,C:D,2,0)) | S17: =IF(ISERROR(VLOOKUP(J17,C:F,4,0)),"",VLOOKUP(J17,C:F,4,0)) | T17: =IF(S17="","",$T$1) | X17: RECYCLED ABS MACROS | Y17: Sets | Z17: Volumes | AA17: EUR
A18: =IF(D18=0,"",1) | B18: =SUM($A$2:A18) -> 0 | C18: ='Agripp Holds PU (EU, ASIA)'!A27 -> HU017 | D18: =IF(VLOOKUP(C18,'Agripp Holds PU (EU, ASIA)'!$A$11:$AL$1003,37,0)="",0,VLOOKUP(C18,'Agripp Holds PU (EU, ASIA)'!$A$11:$AL$1003,37,0)) -> 0 | E18: 17 | F18: =IF(VLOOKUP(C18,'Agripp Holds PU (EU, ASIA)'!$A$11:$AN$999,39,0)="",0,VLOOKUP(C18,'Agripp Holds PU (EU, ASIA)'!$A$11:$AN$999,39,0)) -> 0 | J18: =IF(ISERROR(VLOOKUP($E18,$B$2:$D$1047,2,0)),"",VLOOKUP($E18,$B$2:$D$1047,2,0)) | K18: =IF(ISERROR(VLOOKUP($J18,TableauDatanew,4,0)),"",VLOOKUP($J18,TableauDatanew,4,0)) | L18: =IF(ISERROR(VLOOKUP($J18,TableauDatanew,5,0)),"",VLOOKUP($J18,TableauDatanew,5,0)) | M18: =IF(ISERROR(VLOOKUP($J18,TableauDatanew,6,0)),"",VLOOKUP($J18,TableauDatanew,6,0)) | N18: =IF(ISERROR(VLOOKUP($J18,TableauDatanew,13,0)),"",VLOOKUP($J18,TableauDatanew,13,0)) | O18: =IF(ISERROR(VLOOKUP($J18,TableauDatanew,11,0)),"",VLOOKUP($J18,TableauDatanew,11,0)) | P18: =IF(ISERROR(VLOOKUP($J18,TableauDatanew,8,0)),"",VLOOKUP($J18,TableauDatanew,8,0)) | Q18: =IF(ISERROR(VLOOKUP($J18,TableauDatanew,10,0)),"",VLOOKUP($J18,TableauDatanew,10,0)) | R18: =IF(ISERROR(VLOOKUP(J18,C:D,2,0)),"",VLOOKUP(J18,C:D,2,0)) | S18: =IF(ISERROR(VLOOKUP(J18,C:F,4,0)),"",VLOOKUP(J18,C:F,4,0)) | T18: =IF(S18="","",$T$1) | X18: NO TEXT | Y18: ='Agripp Recycled ABS Macros (EU)'!G2 -> 0 | Z18: ='Agripp Recycled ABS Macros (EU)'!H2 -> 0 | AA18: ='Agripp Recycled ABS Macros (EU)'!I2 -> 0
A19: =IF(D19=0,"",1) | B19: =SUM($A$2:A19) -> 0 | C19: ='Agripp Holds PU (EU, ASIA)'!A28 -> HU018 | D19: =IF(VLOOKUP(C19,'Agripp Holds PU (EU, ASIA)'!$A$11:$AL$1003,37,0)="",0,VLOOKUP(C19,'Agripp Holds PU (EU, ASIA)'!$A$11:$AL$1003,37,0)) -> 0 | E19: 18 | F19: =IF(VLOOKUP(C19,'Agripp Holds PU (EU, ASIA)'!$A$11:$AN$999,39,0)="",0,VLOOKUP(C19,'Agripp Holds PU (EU, ASIA)'!$A$11:$AN$999,39,0)) -> 0 | J19: =IF(ISERROR(VLOOKUP($E19,$B$2:$D$1047,2,0)),"",VLOOKUP($E19,$B$2:$D$1047,2,0)) | K19: =IF(ISERROR(VLOOKUP($J19,TableauDatanew,4,0)),"",VLOOKUP($J19,TableauDatanew,4,0)) | L19: =IF(ISERROR(VLOOKUP($J19,TableauDatanew,5,0)),"",VLOOKUP($J19,TableauDatanew,5,0)) | M19: =IF(ISERROR(VLOOKUP($J19,TableauDatanew,6,0)),"",VLOOKUP($J19,TableauDatanew,6,0)) | N19: =IF(ISERROR(VLOOKUP($J19,TableauDatanew,13,0)),"",VLOOKUP($J19,TableauDatanew,13,0)) | O19: =IF(ISERROR(VLOOKUP($J19,TableauDatanew,11,0)),"",VLOOKUP($J19,TableauDatanew,11,0)) | P19: =IF(ISERROR(VLOOKUP($J19,TableauDatanew,8,0)),"",VLOOKUP($J19,TableauDatanew,8,0)) | Q19: =IF(ISERROR(VLOOKUP($J19,TableauDatanew,10,0)),"",VLOOKUP($J19,TableauDatanew,10,0)) | R19: =IF(ISERROR(VLOOKUP(J19,C:D,2,0)),"",VLOOKUP(J19,C:D,2,0)) | S19: =IF(ISERROR(VLOOKUP(J19,C:F,4,0)),"",VLOOKUP(J19,C:F,4,0)) | T19: =IF(S19="","",$T$1) | X19: FULL FRICTION | Y19: ='Agripp Recycled ABS Macros (EU)'!G3 -> 0 | Z19: ='Agripp Recycled ABS Macros (EU)'!H3 -> 0 | AA19: ='Agripp Recycled ABS Macros (EU)'!I3 -> 0
A20: =IF(D20=0,"",1) | B20: =SUM($A$2:A20) -> 0 | C20: ='Agripp Holds PU (EU, ASIA)'!A29 -> HU019 | D20: =IF(VLOOKUP(C20,'Agripp Holds PU (EU, ASIA)'!$A$11:$AL$1003,37,0)="",0,VLOOKUP(C20,'Agripp Holds PU (EU, ASIA)'!$A$11:$AL$1003,37,0)) -> 0 | E20: 19 | F20: =IF(VLOOKUP(C20,'Agripp Holds PU (EU, ASIA)'!$A$11:$AN$999,39,0)="",0,VLOOKUP(C20,'Agripp Holds PU (EU, ASIA)'!$A$11:$AN$999,39,0)) -> 0 | J20: =IF(ISERROR(VLOOKUP($E20,$B$2:$D$1047,2,0)),"",VLOOKUP($E20,$B$2:$D$1047,2,0)) | K20: =IF(ISERROR(VLOOKUP($J20,TableauDatanew,4,0)),"",VLOOKUP($J20,TableauDatanew,4,0)) | L20: =IF(ISERROR(VLOOKUP($J20,TableauDatanew,5,0)),"",VLOOKUP($J20,TableauDatanew,5,0)) | M20: =IF(ISERROR(VLOOKUP($J20,TableauDatanew,6,0)),"",VLOOKUP($J20,TableauDatanew,6,0)) | N20: =IF(ISERROR(VLOOKUP($J20,TableauDatanew,13,0)),"",VLOOKUP($J20,TableauDatanew,13,0)) | O20: =IF(ISERROR(VLOOKUP($J20,TableauDatanew,11,0)),"",VLOOKUP($J20,TableauDatanew,11,0)) | P20: =IF(ISERROR(VLOOKUP($J20,TableauDatanew,8,0)),"",VLOOKUP($J20,TableauDatanew,8,0)) | Q20: =IF(ISERROR(VLOOKUP($J20,TableauDatanew,10,0)),"",VLOOKUP($J20,TableauDatanew,10,0)) | R20: =IF(ISERROR(VLOOKUP(J20,C:D,2,0)),"",VLOOKUP(J20,C:D,2,0)) | S20: =IF(ISERROR(VLOOKUP(J20,C:F,4,0)),"",VLOOKUP(J20,C:F,4,0)) | T20: =IF(S20="","",$T$1) | X20: DUAL TEXTURE | Y20: ='Agripp Recycled ABS Macros (EU)'!G4 -> 0 | Z20: ='Agripp Recycled ABS Macros (EU)'!H4 -> 0 | AA20: ='Agripp Recycled ABS Macros (EU)'!I4 -> 0
A21: =IF(D21=0,"",1) | B21: =SUM($A$2:A21) -> 0 | C21: ='Agripp Holds PU (EU, ASIA)'!A30 -> HU020 | D21: =IF(VLOOKUP(C21,'Agripp Holds PU (EU, ASIA)'!$A$11:$AL$1003,37,0)="",0,VLOOKUP(C21,'Agripp Holds PU (EU, ASIA)'!$A$11:$AL$1003,37,0)) -> 0 | E21: 20 | F21: =IF(VLOOKUP(C21,'Agripp Holds PU (EU, ASIA)'!$A$11:$AN$999,39,0)="",0,VLOOKUP(C21,'Agripp Holds PU (EU, ASIA)'!$A$11:$AN$999,39,0)) -> 0 | J21: =IF(ISERROR(VLOOKUP($E21,$B$2:$D$1047,2,0)),"",VLOOKUP($E21,$B$2:$D$1047,2,0)) | K21: =IF(ISERROR(VLOOKUP($J21,TableauDatanew,4,0)),"",VLOOKUP($J21,TableauDatanew,4,0)) | L21: =IF(ISERROR(VLOOKUP($J21,TableauDatanew,5,0)),"",VLOOKUP($J21,TableauDatanew,5,0)) | M21: =IF(ISERROR(VLOOKUP($J21,TableauDatanew,6,0)),"",VLOOKUP($J21,TableauDatanew,6,0)) | N21: =IF(ISERROR(VLOOKUP($J21,TableauDatanew,13,0)),"",VLOOKUP($J21,TableauDatanew,13,0)) | O21: =IF(ISERROR(VLOOKUP($J21,TableauDatanew,11,0)),"",VLOOKUP($J21,TableauDatanew,11,0)) | P21: =IF(ISERROR(VLOOKUP($J21,TableauDatanew,8,0)),"",VLOOKUP($J21,TableauDatanew,8,0)) | Q21: =IF(ISERROR(VLOOKUP($J21,TableauDatanew,10,0)),"",VLOOKUP($J21,TableauDatanew,10,0)) | R21: =IF(ISERROR(VLOOKUP(J21,C:D,2,0)),"",VLOOKUP(J21,C:D,2,0)) | S21: =IF(ISERROR(VLOOKUP(J21,C:F,4,0)),"",VLOOKUP(J21,C:F,4,0)) | T21: =IF(S21="","",$T$1) | X21: Total | Y21: =SUM(Y18:Y20) -> 0 | Z21: =SUM(Z18:Z20) -> 0 | AA21: =SUM(AA18:AA20) -> 0
A22: =IF(D22=0,"",1) | B22: =SUM($A$2:A22) -> 0 | C22: ='Agripp Holds PU (EU, ASIA)'!A31 -> HU021 | D22: =IF(VLOOKUP(C22,'Agripp Holds PU (EU, ASIA)'!$A$11:$AL$1003,37,0)="",0,VLOOKUP(C22,'Agripp Holds PU (EU, ASIA)'!$A$11:$AL$1003,37,0)) -> 0 | E22: 21 | F22: =IF(VLOOKUP(C22,'Agripp Holds PU (EU, ASIA)'!$A$11:$AN$999,39,0)="",0,VLOOKUP(C22,'Agripp Holds PU (EU, ASIA)'!$A$11:$AN$999,39,0)) -> 0 | J22: =IF(ISERROR(VLOOKUP($E22,$B$2:$D$1047,2,0)),"",VLOOKUP($E22,$B$2:$D$1047,2,0)) | K22: =IF(ISERROR(VLOOKUP($J22,TableauDatanew,4,0)),"",VLOOKUP($J22,TableauDatanew,4,0)) | L22: =IF(ISERROR(VLOOKUP($J22,TableauDatanew,5,0)),"",VLOOKUP($J22,TableauDatanew,5,0)) | M22: =IF(ISERROR(VLOOKUP($J22,TableauDatanew,6,0)),"",VLOOKUP($J22,TableauDatanew,6,0)) | N22: =IF(ISERROR(VLOOKUP($J22,TableauDatanew,13,0)),"",VLOOKUP($J22,TableauDatanew,13,0)) | O22: =IF(ISERROR(VLOOKUP($J22,TableauDatanew,11,0)),"",VLOOKUP($J22,TableauDatanew,11,0)) | P22: =IF(ISERROR(VLOOKUP($J22,TableauDatanew,8,0)),"",VLOOKUP($J22,TableauDatanew,8,0)) | Q22: =IF(ISERROR(VLOOKUP($J22,TableauDatanew,10,0)),"",VLOOKUP($J22,TableauDatanew,10,0)) | R22: =IF(ISERROR(VLOOKUP(J22,C:D,2,0)),"",VLOOKUP(J22,C:D,2,0)) | S22: =IF(ISERROR(VLOOKUP(J22,C:F,4,0)),"",VLOOKUP(J22,C:F,4,0)) | T22: =IF(S22="","",$T$1)
A23: =IF(D23=0,"",1) | B23: =SUM($A$2:A23) -> 0 | C23: ='Agripp Holds PU (EU, ASIA)'!A32 -> HU022 | D23: =IF(VLOOKUP(C23,'Agripp Holds PU (EU, ASIA)'!$A$11:$AL$1003,37,0)="",0,VLOOKUP(C23,'Agripp Holds PU (EU, ASIA)'!$A$11:$AL$1003,37,0)) -> 0 | E23: 22 | F23: =IF(VLOOKUP(C23,'Agripp Holds PU (EU, ASIA)'!$A$11:$AN$999,39,0)="",0,VLOOKUP(C23,'Agripp Holds PU (EU, ASIA)'!$A$11:$AN$999,39,0)) -> 0 | J23: =IF(ISERROR(VLOOKUP($E23,$B$2:$D$1047,2,0)),"",VLOOKUP($E23,$B$2:$D$1047,2,0)) | K23: =IF(ISERROR(VLOOKUP($J23,TableauDatanew,4,0)),"",VLOOKUP($J23,TableauDatanew,4,0)) | L23: =IF(ISERROR(VLOOKUP($J23,TableauDatanew,5,0)),"",VLOOKUP($J23,TableauDatanew,5,0)) | M23: =IF(ISERROR(VLOOKUP($J23,TableauDatanew,6,0)),"",VLOOKUP($J23,TableauDatanew,6,0)) | N23: =IF(ISERROR(VLOOKUP($J23,TableauDatanew,13,0)),"",VLOOKUP($J23,TableauDatanew,13,0)) | O23: =IF(ISERROR(VLOOKUP($J23,TableauDatanew,11,0)),"",VLOOKUP($J23,TableauDatanew,11,0)) | P23: =IF(ISERROR(VLOOKUP($J23,TableauDatanew,8,0)),"",VLOOKUP($J23,TableauDatanew,8,0)) | Q23: =IF(ISERROR(VLOOKUP($J23,TableauDatanew,10,0)),"",VLOOKUP($J23,TableauDatanew,10,0)) | R23: =IF(ISERROR(VLOOKUP(J23,C:D,2,0)),"",VLOOKUP(J23,C:D,2,0)) | S23: =IF(ISERROR(VLOOKUP(J23,C:F,4,0)),"",VLOOKUP(J23,C:F,4,0)) | T23: =IF(S23="","",$T$1)
A24: =IF(D24=0,"",1) | B24: =SUM($A$2:A24) -> 0 | C24: ='Agripp Holds PU (EU, ASIA)'!A33 -> HU023 | D24: =IF(VLOOKUP(C24,'Agripp Holds PU (EU, ASIA)'!$A$11:$AL$1003,37,0)="",0,VLOOKUP(C24,'Agripp Holds PU (EU, ASIA)'!$A$11:$AL$1003,37,0)) -> 0 | E24: 23 | F24: =IF(VLOOKUP(C24,'Agripp Holds PU (EU, ASIA)'!$A$11:$AN$999,39,0)="",0,VLOOKUP(C24,'Agripp Holds PU (EU, ASIA)'!$A$11:$AN$999,39,0)) -> 0 | J24: =IF(ISERROR(VLOOKUP($E24,$B$2:$D$1047,2,0)),"",VLOOKUP($E24,$B$2:$D$1047,2,0)) | K24: =IF(ISERROR(VLOOKUP($J24,TableauDatanew,4,0)),"",VLOOKUP($J24,TableauDatanew,4,0)) | L24: =IF(ISERROR(VLOOKUP($J24,TableauDatanew,5,0)),"",VLOOKUP($J24,TableauDatanew,5,0)) | M24: =IF(ISERROR(VLOOKUP($J24,TableauDatanew,6,0)),"",VLOOKUP($J24,TableauDatanew,6,0)) | N24: =IF(ISERROR(VLOOKUP($J24,TableauDatanew,13,0)),"",VLOOKUP($J24,TableauDatanew,13,0)) | O24: =IF(ISERROR(VLOOKUP($J24,TableauDatanew,11,0)),"",VLOOKUP($J24,TableauDatanew,11,0)) | P24: =IF(ISERROR(VLOOKUP($J24,TableauDatanew,8,0)),"",VLOOKUP($J24,TableauDatanew,8,0)) | Q24: =IF(ISERROR(VLOOKUP($J24,TableauDatanew,10,0)),"",VLOOKUP($J24,TableauDatanew,10,0)) | R24: =IF(ISERROR(VLOOKUP(J24,C:D,2,0)),"",VLOOKUP(J24,C:D,2,0)) | S24: =IF(ISERROR(VLOOKUP(J24,C:F,4,0)),"",VLOOKUP(J24,C:F,4,0)) | T24: =IF(S24="","",$T$1) | X24: WEIGHT KG
A25: =IF(D25=0,"",1) | B25: =SUM($A$2:A25) -> 0 | C25: ='Agripp Holds PU (EU, ASIA)'!A34 -> HU024 | D25: =IF(VLOOKUP(C25,'Agripp Holds PU (EU, ASIA)'!$A$11:$AL$1003,37,0)="",0,VLOOKUP(C25,'Agripp Holds PU (EU, ASIA)'!$A$11:$AL$1003,37,0)) -> 0 | E25: 24 | F25: =IF(VLOOKUP(C25,'Agripp Holds PU (EU, ASIA)'!$A$11:$AN$999,39,0)="",0,VLOOKUP(C25,'Agripp Holds PU (EU, ASIA)'!$A$11:$AN$999,39,0)) -> 0 | J25: =IF(ISERROR(VLOOKUP($E25,$B$2:$D$1047,2,0)),"",VLOOKUP($E25,$B$2:$D$1047,2,0)) | K25: =IF(ISERROR(VLOOKUP($J25,TableauDatanew,4,0)),"",VLOOKUP($J25,TableauDatanew,4,0)) | L25: =IF(ISERROR(VLOOKUP($J25,TableauDatanew,5,0)),"",VLOOKUP($J25,TableauDatanew,5,0)) | M25: =IF(ISERROR(VLOOKUP($J25,TableauDatanew,6,0)),"",VLOOKUP($J25,TableauDatanew,6,0)) | N25: =IF(ISERROR(VLOOKUP($J25,TableauDatanew,13,0)),"",VLOOKUP($J25,TableauDatanew,13,0)) | O25: =IF(ISERROR(VLOOKUP($J25,TableauDatanew,11,0)),"",VLOOKUP($J25,TableauDatanew,11,0)) | P25: =IF(ISERROR(VLOOKUP($J25,TableauDatanew,8,0)),"",VLOOKUP($J25,TableauDatanew,8,0)) | Q25: =IF(ISERROR(VLOOKUP($J25,TableauDatanew,10,0)),"",VLOOKUP($J25,TableauDatanew,10,0)) | R25: =IF(ISERROR(VLOOKUP(J25,C:D,2,0)),"",VLOOKUP(J25,C:D,2,0)) | S25: =IF(ISERROR(VLOOKUP(J25,C:F,4,0)),"",VLOOKUP(J25,C:F,4,0)) | T25: =IF(S25="","",$T$1) | X25: Weight PU | Y25: ='Agripp Holds PU (EU, ASIA)'!I4 -> 0
A26: =IF(D26=0,"",1) | B26: =SUM($A$2:A26) -> 0 | C26: ='Agripp Holds PU (EU, ASIA)'!A35 -> HU025 | D26: =IF(VLOOKUP(C26,'Agripp Holds PU (EU, ASIA)'!$A$11:$AL$1003,37,0)="",0,VLOOKUP(C26,'Agripp Holds PU (EU, ASIA)'!$A$11:$AL$1003,37,0)) -> 0 | E26: 25 | F26: =IF(VLOOKUP(C26,'Agripp Holds PU (EU, ASIA)'!$A$11:$AN$999,39,0)="",0,VLOOKUP(C26,'Agripp Holds PU (EU, ASIA)'!$A$11:$AN$999,39,0)) -> 0 | J26: =IF(ISERROR(VLOOKUP($E26,$B$2:$D$1047,2,0)),"",VLOOKUP($E26,$B$2:$D$1047,2,0)) | K26: =IF(ISERROR(VLOOKUP($J26,TableauDatanew,4,0)),"",VLOOKUP($J26,TableauDatanew,4,0)) | L26: =IF(ISERROR(VLOOKUP($J26,TableauDatanew,5,0)),"",VLOOKUP($J26,TableauDatanew,5,0)) | M26: =IF(ISERROR(VLOOKUP($J26,TableauDatanew,6,0)),"",VLOOKUP($J26,TableauDatanew,6,0)) | N26: =IF(ISERROR(VLOOKUP($J26,TableauDatanew,13,0)),"",VLOOKUP($J26,TableauDatanew,13,0)) | O26: =IF(ISERROR(VLOOKUP($J26,TableauDatanew,11,0)),"",VLOOKUP($J26,TableauDatanew,11,0)) | P26: =IF(ISERROR(VLOOKUP($J26,TableauDatanew,8,0)),"",VLOOKUP($J26,TableauDatanew,8,0)) | Q26: =IF(ISERROR(VLOOKUP($J26,TableauDatanew,10,0)),"",VLOOKUP($J26,TableauDatanew,10,0)) | R26: =IF(ISERROR(VLOOKUP(J26,C:D,2,0)),"",VLOOKUP(J26,C:D,2,0)) | S26: =IF(ISERROR(VLOOKUP(J26,C:F,4,0)),"",VLOOKUP(J26,C:F,4,0)) | T26: =IF(S26="","",$T$1) | X26: Weight PE | Y26: ='Agripp Holds PE (EU)'!F4 -> 0
A27: =IF(D27=0,"",1) | B27: =SUM($A$2:A27) -> 0 | C27: ='Agripp Holds PU (EU, ASIA)'!A36 -> HU026 | D27: =IF(VLOOKUP(C27,'Agripp Holds PU (EU, ASIA)'!$A$11:$AL$1003,37,0)="",0,VLOOKUP(C27,'Agripp Holds PU (EU, ASIA)'!$A$11:$AL$1003,37,0)) -> 0 | E27: 26 | F27: =IF(VLOOKUP(C27,'Agripp Holds PU (EU, ASIA)'!$A$11:$AN$999,39,0)="",0,VLOOKUP(C27,'Agripp Holds PU (EU, ASIA)'!$A$11:$AN$999,39,0)) -> 0 | J27: =IF(ISERROR(VLOOKUP($E27,$B$2:$D$1047,2,0)),"",VLOOKUP($E27,$B$2:$D$1047,2,0)) | K27: =IF(ISERROR(VLOOKUP($J27,TableauDatanew,4,0)),"",VLOOKUP($J27,TableauDatanew,4,0)) | L27: =IF(ISERROR(VLOOKUP($J27,TableauDatanew,5,0)),"",VLOOKUP($J27,TableauDatanew,5,0)) | M27: =IF(ISERROR(VLOOKUP($J27,TableauDatanew,6,0)),"",VLOOKUP($J27,TableauDatanew,6,0)) | N27: =IF(ISERROR(VLOOKUP($J27,TableauDatanew,13,0)),"",VLOOKUP($J27,TableauDatanew,13,0)) | O27: =IF(ISERROR(VLOOKUP($J27,TableauDatanew,11,0)),"",VLOOKUP($J27,TableauDatanew,11,0)) | P27: =IF(ISERROR(VLOOKUP($J27,TableauDatanew,8,0)),"",VLOOKUP($J27,TableauDatanew,8,0)) | Q27: =IF(ISERROR(VLOOKUP($J27,TableauDatanew,10,0)),"",VLOOKUP($J27,TableauDatanew,10,0)) | R27: =IF(ISERROR(VLOOKUP(J27,C:D,2,0)),"",VLOOKUP(J27,C:D,2,0)) | S27: =IF(ISERROR(VLOOKUP(J27,C:F,4,0)),"",VLOOKUP(J27,C:F,4,0)) | T27: =IF(S27="","",$T$1) | X27: Total | Z27: =Y25+Y26 -> 0 | AA27: KG
A28: =IF(D28=0,"",1) | B28: =SUM($A$2:A28) -> 0 | C28: ='Agripp Holds PU (EU, ASIA)'!A37 -> HU027 | D28: =IF(VLOOKUP(C28,'Agripp Holds PU (EU, ASIA)'!$A$11:$AL$1003,37,0)="",0,VLOOKUP(C28,'Agripp Holds PU (EU, ASIA)'!$A$11:$AL$1003,37,0)) -> 0 | E28: 27 | F28: =IF(VLOOKUP(C28,'Agripp Holds PU (EU, ASIA)'!$A$11:$AN$999,39,0)="",0,VLOOKUP(C28,'Agripp Holds PU (EU, ASIA)'!$A$11:$AN$999,39,0)) -> 0 | J28: =IF(ISERROR(VLOOKUP($E28,$B$2:$D$1047,2,0)),"",VLOOKUP($E28,$B$2:$D$1047,2,0)) | K28: =IF(ISERROR(VLOOKUP($J28,TableauDatanew,4,0)),"",VLOOKUP($J28,TableauDatanew,4,0)) | L28: =IF(ISERROR(VLOOKUP($J28,TableauDatanew,5,0)),"",VLOOKUP($J28,TableauDatanew,5,0)) | M28: =IF(ISERROR(VLOOKUP($J28,TableauDatanew,6,0)),"",VLOOKUP($J28,TableauDatanew,6,0)) | N28: =IF(ISERROR(VLOOKUP($J28,TableauDatanew,13,0)),"",VLOOKUP($J28,TableauDatanew,13,0)) | O28: =IF(ISERROR(VLOOKUP($J28,TableauDatanew,11,0)),"",VLOOKUP($J28,TableauDatanew,11,0)) | P28: =IF(ISERROR(VLOOKUP($J28,TableauDatanew,8,0)),"",VLOOKUP($J28,TableauDatanew,8,0)) | Q28: =IF(ISERROR(VLOOKUP($J28,TableauDatanew,10,0)),"",VLOOKUP($J28,TableauDatanew,10,0)) | R28: =IF(ISERROR(VLOOKUP(J28,C:D,2,0)),"",VLOOKUP(J28,C:D,2,0)) | S28: =IF(ISERROR(VLOOKUP(J28,C:F,4,0)),"",VLOOKUP(J28,C:F,4,0)) | T28: =IF(S28="","",$T$1)
A29: =IF(D29=0,"",1) | B29: =SUM($A$2:A29) -> 0 | C29: ='Agripp Holds PU (EU, ASIA)'!A38 -> HU028 | D29: =IF(VLOOKUP(C29,'Agripp Holds PU (EU, ASIA)'!$A$11:$AL$1003,37,0)="",0,VLOOKUP(C29,'Agripp Holds PU (EU, ASIA)'!$A$11:$AL$1003,37,0)) -> 0 | E29: 28 | F29: =IF(VLOOKUP(C29,'Agripp Holds PU (EU, ASIA)'!$A$11:$AN$999,39,0)="",0,VLOOKUP(C29,'Agripp Holds PU (EU, ASIA)'!$A$11:$AN$999,39,0)) -> 0 | J29: =IF(ISERROR(VLOOKUP($E29,$B$2:$D$1047,2,0)),"",VLOOKUP($E29,$B$2:$D$1047,2,0)) | K29: =IF(ISERROR(VLOOKUP($J29,TableauDatanew,4,0)),"",VLOOKUP($J29,TableauDatanew,4,0)) | L29: =IF(ISERROR(VLOOKUP($J29,TableauDatanew,5,0)),"",VLOOKUP($J29,TableauDatanew,5,0)) | M29: =IF(ISERROR(VLOOKUP($J29,TableauDatanew,6,0)),"",VLOOKUP($J29,TableauDatanew,6,0)) | N29: =IF(ISERROR(VLOOKUP($J29,TableauDatanew,13,0)),"",VLOOKUP($J29,TableauDatanew,13,0)) | O29: =IF(ISERROR(VLOOKUP($J29,TableauDatanew,11,0)),"",VLOOKUP($J29,TableauDatanew,11,0)) | P29: =IF(ISERROR(VLOOKUP($J29,TableauDatanew,8,0)),"",VLOOKUP($J29,TableauDatanew,8,0)) | Q29: =IF(ISERROR(VLOOKUP($J29,TableauDatanew,10,0)),"",VLOOKUP($J29,TableauDatanew,10,0)) | R29: =IF(ISERROR(VLOOKUP(J29,C:D,2,0)),"",VLOOKUP(J29,C:D,2,0)) | S29: =IF(ISERROR(VLOOKUP(J29,C:F,4,0)),"",VLOOKUP(J29,C:F,4,0)) | T29: =IF(S29="","",$T$1) | X29: By Range | Y29: PU | Z29: Price PU | AA29: PE | AB29: Price PE | AC29: MACROS FIBERGLASS | AD29: Price Macros
A30: =IF(D30=0,"",1) | B30: =SUM($A$2:A30) -> 0 | C30: ='Agripp Holds PU (EU, ASIA)'!A39 -> HU029 | D30: =IF(VLOOKUP(C30,'Agripp Holds PU (EU, ASIA)'!$A$11:$AL$1003,37,0)="",0,VLOOKUP(C30,'Agripp Holds PU (EU, ASIA)'!$A$11:$AL$1003,37,0)) -> 0 | E30: 29 | F30: =IF(VLOOKUP(C30,'Agripp Holds PU (EU, ASIA)'!$A$11:$AN$999,39,0)="",0,VLOOKUP(C30,'Agripp Holds PU (EU, ASIA)'!$A$11:$AN$999,39,0)) -> 0 | J30: =IF(ISERROR(VLOOKUP($E30,$B$2:$D$1047,2,0)),"",VLOOKUP($E30,$B$2:$D$1047,2,0)) | K30: =IF(ISERROR(VLOOKUP($J30,TableauDatanew,4,0)),"",VLOOKUP($J30,TableauDatanew,4,0)) | L30: =IF(ISERROR(VLOOKUP($J30,TableauDatanew,5,0)),"",VLOOKUP($J30,TableauDatanew,5,0)) | M30: =IF(ISERROR(VLOOKUP($J30,TableauDatanew,6,0)),"",VLOOKUP($J30,TableauDatanew,6,0)) | N30: =IF(ISERROR(VLOOKUP($J30,TableauDatanew,13,0)),"",VLOOKUP($J30,TableauDatanew,13,0)) | O30: =IF(ISERROR(VLOOKUP($J30,TableauDatanew,11,0)),"",VLOOKUP($J30,TableauDatanew,11,0)) | P30: =IF(ISERROR(VLOOKUP($J30,TableauDatanew,8,0)),"",VLOOKUP($J30,TableauDatanew,8,0)) | Q30: =IF(ISERROR(VLOOKUP($J30,TableauDatanew,10,0)),"",VLOOKUP($J30,TableauDatanew,10,0)) | R30: =IF(ISERROR(VLOOKUP(J30,C:D,2,0)),"",VLOOKUP(J30,C:D,2,0)) | S30: =IF(ISERROR(VLOOKUP(J30,C:F,4,0)),"",VLOOKUP(J30,C:F,4,0)) | T30: =IF(S30="","",$T$1) | X30: Karma | Y30: =SUMIFS($R:$R,$L:$L,X30,$N:$N,$Y$29) -> 0 | Z30: =SUMIFS($S:$S,$L:$L,X30,$N:$N,$Y$29) -> 0 | AA30: =SUMIFS($R:$R,$L:$L,X30,$N:$N,$AA$29) -> 0 | AB30: =SUMIFS($S:$S,$L:$L,X30,$N:$N,$AA$29) -> 0 | AC30: 0 | AD30: 0
A31: =IF(D31=0,"",1) | B31: =SUM($A$2:A31) -> 0 | C31: ='Agripp Holds PU (EU, ASIA)'!A40 -> HU030 | D31: =IF(VLOOKUP(C31,'Agripp Holds PU (EU, ASIA)'!$A$11:$AL$1003,37,0)="",0,VLOOKUP(C31,'Agripp Holds PU (EU, ASIA)'!$A$11:$AL$1003,37,0)) -> 0 | E31: 30 | F31: =IF(VLOOKUP(C31,'Agripp Holds PU (EU, ASIA)'!$A$11:$AN$999,39,0)="",0,VLOOKUP(C31,'Agripp Holds PU (EU, ASIA)'!$A$11:$AN$999,39,0)) -> 0 | J31: =IF(ISERROR(VLOOKUP($E31,$B$2:$D$1047,2,0)),"",VLOOKUP($E31,$B$2:$D$1047,2,0)) | K31: =IF(ISERROR(VLOOKUP($J31,TableauDatanew,4,0)),"",VLOOKUP($J31,TableauDatanew,4,0)) | L31: =IF(ISERROR(VLOOKUP($J31,TableauDatanew,5,0)),"",VLOOKUP($J31,TableauDatanew,5,0)) | M31: =IF(ISERROR(VLOOKUP($J31,TableauDatanew,6,0)),"",VLOOKUP($J31,TableauDatanew,6,0)) | N31: =IF(ISERROR(VLOOKUP($J31,TableauDatanew,13,0)),"",VLOOKUP($J31,TableauDatanew,13,0)) | O31: =IF(ISERROR(VLOOKUP($J31,TableauDatanew,11,0)),"",VLOOKUP($J31,TableauDatanew,11,0)) | P31: =IF(ISERROR(VLOOKUP($J31,TableauDatanew,8,0)),"",VLOOKUP($J31,TableauDatanew,8,0)) | Q31: =IF(ISERROR(VLOOKUP($J31,TableauDatanew,10,0)),"",VLOOKUP($J31,TableauDatanew,10,0)) | R31: =IF(ISERROR(VLOOKUP(J31,C:D,2,0)),"",VLOOKUP(J31,C:D,2,0)) | S31: =IF(ISERROR(VLOOKUP(J31,C:F,4,0)),"",VLOOKUP(J31,C:F,4,0)) | T31: =IF(S31="","",$T$1) | X31: Hybrid | Y31: =SUMIFS($R:$R,$L:$L,X31,$N:$N,$Y$29) -> 0 | Z31: =SUMIFS($S:$S,$L:$L,X31,$N:$N,$Y$29) -> 0 | AA31: =SUMIFS($R:$R,$L:$L,X31,$N:$N,$AA$29) -> 0 | AB31: =SUMIFS($S:$S,$L:$L,X31,$N:$N,$AA$29) -> 0 | AC31: 0 | AD31: 0
A32: =IF(D32=0,"",1) | B32: =SUM($A$2:A32) -> 0 | C32: ='Agripp Holds PU (EU, ASIA)'!A41 -> HU031 | D32: =IF(VLOOKUP(C32,'Agripp Holds PU (EU, ASIA)'!$A$11:$AL$1003,37,0)="",0,VLOOKUP(C32,'Agripp Holds PU (EU, ASIA)'!$A$11:$AL$1003,37,0)) -> 0 | E32: 31 | F32: =IF(VLOOKUP(C32,'Agripp Holds PU (EU, ASIA)'!$A$11:$AN$999,39,0)="",0,VLOOKUP(C32,'Agripp Holds PU (EU, ASIA)'!$A$11:$AN$999,39,0)) -> 0 | J32: =IF(ISERROR(VLOOKUP($E32,$B$2:$D$1047,2,0)),"",VLOOKUP($E32,$B$2:$D$1047,2,0)) | K32: =IF(ISERROR(VLOOKUP($J32,TableauDatanew,4,0)),"",VLOOKUP($J32,TableauDatanew,4,0)) | L32: =IF(ISERROR(VLOOKUP($J32,TableauDatanew,5,0)),"",VLOOKUP($J32,TableauDatanew,5,0)) | M32: =IF(ISERROR(VLOOKUP($J32,TableauDatanew,6,0)),"",VLOOKUP($J32,TableauDatanew,6,0)) | N32: =IF(ISERROR(VLOOKUP($J32,TableauDatanew,13,0)),"",VLOOKUP($J32,TableauDatanew,13,0)) | O32: =IF(ISERROR(VLOOKUP($J32,TableauDatanew,11,0)),"",VLOOKUP($J32,TableauDatanew,11,0)) | P32: =IF(ISERROR(VLOOKUP($J32,TableauDatanew,8,0)),"",VLOOKUP($J32,TableauDatanew,8,0)) | Q32: =IF(ISERROR(VLOOKUP($J32,TableauDatanew,10,0)),"",VLOOKUP($J32,TableauDatanew,10,0)) | R32: =IF(ISERROR(VLOOKUP(J32,C:D,2,0)),"",VLOOKUP(J32,C:D,2,0)) | S32: =IF(ISERROR(VLOOKUP(J32,C:F,4,0)),"",VLOOKUP(J32,C:F,4,0)) | T32: =IF(S32="","",$T$1) | X32: Dune | Y32: =SUMIFS($R:$R,$L:$L,X32,$N:$N,$Y$29) -> 0 | Z32: =SUMIFS($S:$S,$L:$L,X32,$N:$N,$Y$29) -> 0 | AA32: =SUMIFS($R:$R,$L:$L,X32,$N:$N,$AA$29) -> 0 | AB32: =SUMIFS($S:$S,$L:$L,X32,$N:$N,$AA$29) -> 0 | AC32: ='Agripp GRP Macros (EU, Asia) '!F2 -> 0 | AD32: ='Agripp GRP Macros (EU, Asia) '!H5 -> 0
A33: =IF(D33=0,"",1) | B33: =SUM($A$2:A33) -> 0 | C33: ='Agripp Holds PU (EU, ASIA)'!A42 -> HU032 | D33: =IF(VLOOKUP(C33,'Agripp Holds PU (EU, ASIA)'!$A$11:$AL$1003,37,0)="",0,VLOOKUP(C33,'Agripp Holds PU (EU, ASIA)'!$A$11:$AL$1003,37,0)) -> 0 | E33: 32 | F33: =IF(VLOOKUP(C33,'Agripp Holds PU (EU, ASIA)'!$A$11:$AN$999,39,0)="",0,VLOOKUP(C33,'Agripp Holds PU (EU, ASIA)'!$A$11:$AN$999,39,0)) -> 0 | J33: =IF(ISERROR(VLOOKUP($E33,$B$2:$D$1047,2,0)),"",VLOOKUP($E33,$B$2:$D$1047,2,0)) | K33: =IF(ISERROR(VLOOKUP($J33,TableauDatanew,4,0)),"",VLOOKUP($J33,TableauDatanew,4,0)) | L33: =IF(ISERROR(VLOOKUP($J33,TableauDatanew,5,0)),"",VLOOKUP($J33,TableauDatanew,5,0)) | M33: =IF(ISERROR(VLOOKUP($J33,TableauDatanew,6,0)),"",VLOOKUP($J33,TableauDatanew,6,0)) | N33: =IF(ISERROR(VLOOKUP($J33,TableauDatanew,13,0)),"",VLOOKUP($J33,TableauDatanew,13,0)) | O33: =IF(ISERROR(VLOOKUP($J33,TableauDatanew,11,0)),"",VLOOKUP($J33,TableauDatanew,11,0)) | P33: =IF(ISERROR(VLOOKUP($J33,TableauDatanew,8,0)),"",VLOOKUP($J33,TableauDatanew,8,0)) | Q33: =IF(ISERROR(VLOOKUP($J33,TableauDatanew,10,0)),"",VLOOKUP($J33,TableauDatanew,10,0)) | R33: =IF(ISERROR(VLOOKUP(J33,C:D,2,0)),"",VLOOKUP(J33,C:D,2,0)) | S33: =IF(ISERROR(VLOOKUP(J33,C:F,4,0)),"",VLOOKUP(J33,C:F,4,0)) | T33: =IF(S33="","",$T$1) | X33: Dune Dual | Y33: =SUMIFS($R:$R,$L:$L,X33,$N:$N,$Y$29) -> 0 | Z33: =SUMIFS($S:$S,$L:$L,X33,$N:$N,$Y$29) -> 0 | AA33: 0 | AB33: =SUMIFS($S:$S,$L:$L,X33,$N:$N,$AA$29) -> 0 | AC33: ='Agripp GRP Macros (EU, Asia) '!F3 -> 0 | AD33: 0
A34: =IF(D34=0,"",1) | B34: =SUM($A$2:A34) -> 0 | C34: ='Agripp Holds PU (EU, ASIA)'!A43 -> HU033 | D34: =IF(VLOOKUP(C34,'Agripp Holds PU (EU, ASIA)'!$A$11:$AL$1003,37,0)="",0,VLOOKUP(C34,'Agripp Holds PU (EU, ASIA)'!$A$11:$AL$1003,37,0)) -> 0 | E34: 33 | F34: =IF(VLOOKUP(C34,'Agripp Holds PU (EU, ASIA)'!$A$11:$AN$999,39,0)="",0,VLOOKUP(C34,'Agripp Holds PU (EU, ASIA)'!$A$11:$AN$999,39,0)) -> 0 | J34: =IF(ISERROR(VLOOKUP($E34,$B$2:$D$1047,2,0)),"",VLOOKUP($E34,$B$2:$D$1047,2,0)) | K34: =IF(ISERROR(VLOOKUP($J34,TableauDatanew,4,0)),"",VLOOKUP($J34,TableauDatanew,4,0)) | L34: =IF(ISERROR(VLOOKUP($J34,TableauDatanew,5,0)),"",VLOOKUP($J34,TableauDatanew,5,0)) | M34: =IF(ISERROR(VLOOKUP($J34,TableauDatanew,6,0)),"",VLOOKUP($J34,TableauDatanew,6,0)) | N34: =IF(ISERROR(VLOOKUP($J34,TableauDatanew,13,0)),"",VLOOKUP($J34,TableauDatanew,13,0)) | O34: =IF(ISERROR(VLOOKUP($J34,TableauDatanew,11,0)),"",VLOOKUP($J34,TableauDatanew,11,0)) | P34: =IF(ISERROR(VLOOKUP($J34,TableauDatanew,8,0)),"",VLOOKUP($J34,TableauDatanew,8,0)) | Q34: =IF(ISERROR(VLOOKUP($J34,TableauDatanew,10,0)),"",VLOOKUP($J34,TableauDatanew,10,0)) | R34: =IF(ISERROR(VLOOKUP(J34,C:D,2,0)),"",VLOOKUP(J34,C:D,2,0)) | S34: =IF(ISERROR(VLOOKUP(J34,C:F,4,0)),"",VLOOKUP(J34,C:F,4,0)) | T34: =IF(S34="","",$T$1) | X34: Total | Y34: =SUM(Y30:Y33) -> 0 | Z34: =SUM(Z30:Z33) -> 0 | AA34: =SUM(AA30:AA33) -> 0 | AB34: =SUM(AB30:AB33) -> 0 | AC34: =SUM(AC30:AC33) -> 0 | AD34: =SUM(AD30:AD33) -> 0
A35: =IF(D35=0,"",1) | B35: =SUM($A$2:A35) -> 0 | C35: ='Agripp Holds PU (EU, ASIA)'!A44 -> HU034 | D35: =IF(VLOOKUP(C35,'Agripp Holds PU (EU, ASIA)'!$A$11:$AL$1003,37,0)="",0,VLOOKUP(C35,'Agripp Holds PU (EU, ASIA)'!$A$11:$AL$1003,37,0)) -> 0 | E35: 34 | F35: =IF(VLOOKUP(C35,'Agripp Holds PU (EU, ASIA)'!$A$11:$AN$999,39,0)="",0,VLOOKUP(C35,'Agripp Holds PU (EU, ASIA)'!$A$11:$AN$999,39,0)) -> 0 | J35: =IF(ISERROR(VLOOKUP($E35,$B$2:$D$1047,2,0)),"",VLOOKUP($E35,$B$2:$D$1047,2,0)) | K35: =IF(ISERROR(VLOOKUP($J35,TableauDatanew,4,0)),"",VLOOKUP($J35,TableauDatanew,4,0)) | L35: =IF(ISERROR(VLOOKUP($J35,TableauDatanew,5,0)),"",VLOOKUP($J35,TableauDatanew,5,0)) | M35: =IF(ISERROR(VLOOKUP($J35,TableauDatanew,6,0)),"",VLOOKUP($J35,TableauDatanew,6,0)) | N35: =IF(ISERROR(VLOOKUP($J35,TableauDatanew,13,0)),"",VLOOKUP($J35,TableauDatanew,13,0)) | O35: =IF(ISERROR(VLOOKUP($J35,TableauDatanew,11,0)),"",VLOOKUP($J35,TableauDatanew,11,0)) | P35: =IF(ISERROR(VLOOKUP($J35,TableauDatanew,8,0)),"",VLOOKUP($J35,TableauDatanew,8,0)) | Q35: =IF(ISERROR(VLOOKUP($J35,TableauDatanew,10,0)),"",VLOOKUP($J35,TableauDatanew,10,0)) | R35: =IF(ISERROR(VLOOKUP(J35,C:D,2,0)),"",VLOOKUP(J35,C:D,2,0)) | S35: =IF(ISERROR(VLOOKUP(J35,C:F,4,0)),"",VLOOKUP(J35,C:F,4,0)) | T35: =IF(S35="","",$T$1)
A36: =IF(D36=0,"",1) | B36: =SUM($A$2:A36) -> 0 | C36: ='Agripp Holds PU (EU, ASIA)'!A45 -> HU035 | D36: =IF(VLOOKUP(C36,'Agripp Holds PU (EU, ASIA)'!$A$11:$AL$1003,37,0)="",0,VLOOKUP(C36,'Agripp Holds PU (EU, ASIA)'!$A$11:$AL$1003,37,0)) -> 0 | E36: 35 | F36: =IF(VLOOKUP(C36,'Agripp Holds PU (EU, ASIA)'!$A$11:$AN$999,39,0)="",0,VLOOKUP(C36,'Agripp Holds PU (EU, ASIA)'!$A$11:$AN$999,39,0)) -> 0 | J36: =IF(ISERROR(VLOOKUP($E36,$B$2:$D$1047,2,0)),"",VLOOKUP($E36,$B$2:$D$1047,2,0)) | K36: =IF(ISERROR(VLOOKUP($J36,TableauDatanew,4,0)),"",VLOOKUP($J36,TableauDatanew,4,0)) | L36: =IF(ISERROR(VLOOKUP($J36,TableauDatanew,5,0)),"",VLOOKUP($J36,TableauDatanew,5,0)) | M36: =IF(ISERROR(VLOOKUP($J36,TableauDatanew,6,0)),"",VLOOKUP($J36,TableauDatanew,6,0)) | N36: =IF(ISERROR(VLOOKUP($J36,TableauDatanew,13,0)),"",VLOOKUP($J36,TableauDatanew,13,0)) | O36: =IF(ISERROR(VLOOKUP($J36,TableauDatanew,11,0)),"",VLOOKUP($J36,TableauDatanew,11,0)) | P36: =IF(ISERROR(VLOOKUP($J36,TableauDatanew,8,0)),"",VLOOKUP($J36,TableauDatanew,8,0)) | Q36: =IF(ISERROR(VLOOKUP($J36,TableauDatanew,10,0)),"",VLOOKUP($J36,TableauDatanew,10,0)) | R36: =IF(ISERROR(VLOOKUP(J36,C:D,2,0)),"",VLOOKUP(J36,C:D,2,0)) | S36: =IF(ISERROR(VLOOKUP(J36,C:F,4,0)),"",VLOOKUP(J36,C:F,4,0)) | T36: =IF(S36="","",$T$1)
A37: =IF(D37=0,"",1) | B37: =SUM($A$2:A37) -> 0 | C37: ='Agripp Holds PU (EU, ASIA)'!A46 -> HU036 | D37: =IF(VLOOKUP(C37,'Agripp Holds PU (EU, ASIA)'!$A$11:$AL$1003,37,0)="",0,VLOOKUP(C37,'Agripp Holds PU (EU, ASIA)'!$A$11:$AL$1003,37,0)) -> 0 | E37: 36 | F37: =IF(VLOOKUP(C37,'Agripp Holds PU (EU, ASIA)'!$A$11:$AN$999,39,0)="",0,VLOOKUP(C37,'Agripp Holds PU (EU, ASIA)'!$A$11:$AN$999,39,0)) -> 0 | J37: =IF(ISERROR(VLOOKUP($E37,$B$2:$D$1047,2,0)),"",VLOOKUP($E37,$B$2:$D$1047,2,0)) | K37: =IF(ISERROR(VLOOKUP($J37,TableauDatanew,4,0)),"",VLOOKUP($J37,TableauDatanew,4,0)) | L37: =IF(ISERROR(VLOOKUP($J37,TableauDatanew,5,0)),"",VLOOKUP($J37,TableauDatanew,5,0)) | M37: =IF(ISERROR(VLOOKUP($J37,TableauDatanew,6,0)),"",VLOOKUP($J37,TableauDatanew,6,0)) | N37: =IF(ISERROR(VLOOKUP($J37,TableauDatanew,13,0)),"",VLOOKUP($J37,TableauDatanew,13,0)) | O37: =IF(ISERROR(VLOOKUP($J37,TableauDatanew,11,0)),"",VLOOKUP($J37,TableauDatanew,11,0)) | P37: =IF(ISERROR(VLOOKUP($J37,TableauDatanew,8,0)),"",VLOOKUP($J37,TableauDatanew,8,0)) | Q37: =IF(ISERROR(VLOOKUP($J37,TableauDatanew,10,0)),"",VLOOKUP($J37,TableauDatanew,10,0)) | R37: =IF(ISERROR(VLOOKUP(J37,C:D,2,0)),"",VLOOKUP(J37,C:D,2,0)) | S37: =IF(ISERROR(VLOOKUP(J37,C:F,4,0)),"",VLOOKUP(J37,C:F,4,0)) | T37: =IF(S37="","",$T$1)
A38: =IF(D38=0,"",1) | B38: =SUM($A$2:A38) -> 0 | C38: ='Agripp Holds PU (EU, ASIA)'!A48 -> HU037 | D38: =IF(VLOOKUP(C38,'Agripp Holds PU (EU, ASIA)'!$A$11:$AL$1003,37,0)="",0,VLOOKUP(C38,'Agripp Holds PU (EU, ASIA)'!$A$11:$AL$1003,37,0)) -> 0 | E38: 37 | F38: =IF(VLOOKUP(C38,'Agripp Holds PU (EU, ASIA)'!$A$11:$AN$999,39,0)="",0,VLOOKUP(C38,'Agripp Holds PU (EU, ASIA)'!$A$11:$AN$999,39,0)) -> 0 | J38: =IF(ISERROR(VLOOKUP($E38,$B$2:$D$1047,2,0)),"",VLOOKUP($E38,$B$2:$D$1047,2,0)) | K38: =IF(ISERROR(VLOOKUP($J38,TableauDatanew,4,0)),"",VLOOKUP($J38,TableauDatanew,4,0)) | L38: =IF(ISERROR(VLOOKUP($J38,TableauDatanew,5,0)),"",VLOOKUP($J38,TableauDatanew,5,0)) | M38: =IF(ISERROR(VLOOKUP($J38,TableauDatanew,6,0)),"",VLOOKUP($J38,TableauDatanew,6,0)) | N38: =IF(ISERROR(VLOOKUP($J38,TableauDatanew,13,0)),"",VLOOKUP($J38,TableauDatanew,13,0)) | O38: =IF(ISERROR(VLOOKUP($J38,TableauDatanew,11,0)),"",VLOOKUP($J38,TableauDatanew,11,0)) | P38: =IF(ISERROR(VLOOKUP($J38,TableauDatanew,8,0)),"",VLOOKUP($J38,TableauDatanew,8,0)) | Q38: =IF(ISERROR(VLOOKUP($J38,TableauDatanew,10,0)),"",VLOOKUP($J38,TableauDatanew,10,0)) | R38: =IF(ISERROR(VLOOKUP(J38,C:D,2,0)),"",VLOOKUP(J38,C:D,2,0)) | S38: =IF(ISERROR(VLOOKUP(J38,C:F,4,0)),"",VLOOKUP(J38,C:F,4,0)) | T38: =IF(S38="","",$T$1)
A39: =IF(D39=0,"",1) | B39: =SUM($A$2:A39) -> 0 | C39: ='Agripp Holds PU (EU, ASIA)'!A49 -> HU038 | D39: =IF(VLOOKUP(C39,'Agripp Holds PU (EU, ASIA)'!$A$11:$AL$1003,37,0)="",0,VLOOKUP(C39,'Agripp Holds PU (EU, ASIA)'!$A$11:$AL$1003,37,0)) -> 0 | E39: 38 | F39: =IF(VLOOKUP(C39,'Agripp Holds PU (EU, ASIA)'!$A$11:$AN$999,39,0)="",0,VLOOKUP(C39,'Agripp Holds PU (EU, ASIA)'!$A$11:$AN$999,39,0)) -> 0 | J39: =IF(ISERROR(VLOOKUP($E39,$B$2:$D$1047,2,0)),"",VLOOKUP($E39,$B$2:$D$1047,2,0)) | K39: =IF(ISERROR(VLOOKUP($J39,TableauDatanew,4,0)),"",VLOOKUP($J39,TableauDatanew,4,0)) | L39: =IF(ISERROR(VLOOKUP($J39,TableauDatanew,5,0)),"",VLOOKUP($J39,TableauDatanew,5,0)) | M39: =IF(ISERROR(VLOOKUP($J39,TableauDatanew,6,0)),"",VLOOKUP($J39,TableauDatanew,6,0)) | N39: =IF(ISERROR(VLOOKUP($J39,TableauDatanew,13,0)),"",VLOOKUP($J39,TableauDatanew,13,0)) | O39: =IF(ISERROR(VLOOKUP($J39,TableauDatanew,11,0)),"",VLOOKUP($J39,TableauDatanew,11,0)) | P39: =IF(ISERROR(VLOOKUP($J39,TableauDatanew,8,0)),"",VLOOKUP($J39,TableauDatanew,8,0)) | Q39: =IF(ISERROR(VLOOKUP($J39,TableauDatanew,10,0)),"",VLOOKUP($J39,TableauDatanew,10,0)) | R39: =IF(ISERROR(VLOOKUP(J39,C:D,2,0)),"",VLOOKUP(J39,C:D,2,0)) | S39: =IF(ISERROR(VLOOKUP(J39,C:F,4,0)),"",VLOOKUP(J39,C:F,4,0)) | T39: =IF(S39="","",$T$1)
A40: =IF(D40=0,"",1) | B40: =SUM($A$2:A40) -> 0 | C40: ='Agripp Holds PU (EU, ASIA)'!A50 -> HU039 | D40: =IF(VLOOKUP(C40,'Agripp Holds PU (EU, ASIA)'!$A$11:$AL$1003,37,0)="",0,VLOOKUP(C40,'Agripp Holds PU (EU, ASIA)'!$A$11:$AL$1003,37,0)) -> 0 | E40: 39 | F40: =IF(VLOOKUP(C40,'Agripp Holds PU (EU, ASIA)'!$A$11:$AN$999,39,0)="",0,VLOOKUP(C40,'Agripp Holds PU (EU, ASIA)'!$A$11:$AN$999,39,0)) -> 0 | J40: =IF(ISERROR(VLOOKUP($E40,$B$2:$D$1047,2,0)),"",VLOOKUP($E40,$B$2:$D$1047,2,0)) | K40: =IF(ISERROR(VLOOKUP($J40,TableauDatanew,4,0)),"",VLOOKUP($J40,TableauDatanew,4,0)) | L40: =IF(ISERROR(VLOOKUP($J40,TableauDatanew,5,0)),"",VLOOKUP($J40,TableauDatanew,5,0)) | M40: =IF(ISERROR(VLOOKUP($J40,TableauDatanew,6,0)),"",VLOOKUP($J40,TableauDatanew,6,0)) | N40: =IF(ISERROR(VLOOKUP($J40,TableauDatanew,13,0)),"",VLOOKUP($J40,TableauDatanew,13,0)) | O40: =IF(ISERROR(VLOOKUP($J40,TableauDatanew,11,0)),"",VLOOKUP($J40,TableauDatanew,11,0)) | P40: =IF(ISERROR(VLOOKUP($J40,TableauDatanew,8,0)),"",VLOOKUP($J40,TableauDatanew,8,0)) | Q40: =IF(ISERROR(VLOOKUP($J40,TableauDatanew,10,0)),"",VLOOKUP($J40,TableauDatanew,10,0)) | R40: =IF(ISERROR(VLOOKUP(J40,C:D,2,0)),"",VLOOKUP(J40,C:D,2,0)) | S40: =IF(ISERROR(VLOOKUP(J40,C:F,4,0)),"",VLOOKUP(J40,C:F,4,0)) | T40: =IF(S40="","",$T$1)
A41: =IF(D41=0,"",1) | B41: =SUM($A$2:A41) -> 0 | C41: ='Agripp Holds PU (EU, ASIA)'!A51 -> HU040 | D41: =IF(VLOOKUP(C41,'Agripp Holds PU (EU, ASIA)'!$A$11:$AL$1003,37,0)="",0,VLOOKUP(C41,'Agripp Holds PU (EU, ASIA)'!$A$11:$AL$1003,37,0)) -> 0 | E41: 40 | F41: =IF(VLOOKUP(C41,'Agripp Holds PU (EU, ASIA)'!$A$11:$AN$999,39,0)="",0,VLOOKUP(C41,'Agripp Holds PU (EU, ASIA)'!$A$11:$AN$999,39,0)) -> 0 | J41: =IF(ISERROR(VLOOKUP($E41,$B$2:$D$1047,2,0)),"",VLOOKUP($E41,$B$2:$D$1047,2,0)) | K41: =IF(ISERROR(VLOOKUP($J41,TableauDatanew,4,0)),"",VLOOKUP($J41,TableauDatanew,4,0)) | L41: =IF(ISERROR(VLOOKUP($J41,TableauDatanew,5,0)),"",VLOOKUP($J41,TableauDatanew,5,0)) | M41: =IF(ISERROR(VLOOKUP($J41,TableauDatanew,6,0)),"",VLOOKUP($J41,TableauDatanew,6,0)) | N41: =IF(ISERROR(VLOOKUP($J41,TableauDatanew,13,0)),"",VLOOKUP($J41,TableauDatanew,13,0)) | O41: =IF(ISERROR(VLOOKUP($J41,TableauDatanew,11,0)),"",VLOOKUP($J41,TableauDatanew,11,0)) | P41: =IF(ISERROR(VLOOKUP($J41,TableauDatanew,8,0)),"",VLOOKUP($J41,TableauDatanew,8,0)) | Q41: =IF(ISERROR(VLOOKUP($J41,TableauDatanew,10,0)),"",VLOOKUP($J41,TableauDatanew,10,0)) | R41: =IF(ISERROR(VLOOKUP(J41,C:D,2,0)),"",VLOOKUP(J41,C:D,2,0)) | S41: =IF(ISERROR(VLOOKUP(J41,C:F,4,0)),"",VLOOKUP(J41,C:F,4,0)) | T41: =IF(S41="","",$T$1)
A42: =IF(D42=0,"",1) | B42: =SUM($A$2:A42) -> 0 | C42: ='Agripp Holds PU (EU, ASIA)'!A52 -> HU041 | D42: =IF(VLOOKUP(C42,'Agripp Holds PU (EU, ASIA)'!$A$11:$AL$1003,37,0)="",0,VLOOKUP(C42,'Agripp Holds PU (EU, ASIA)'!$A$11:$AL$1003,37,0)) -> 0 | E42: 41 | F42: =IF(VLOOKUP(C42,'Agripp Holds PU (EU, ASIA)'!$A$11:$AN$999,39,0)="",0,VLOOKUP(C42,'Agripp Holds PU (EU, ASIA)'!$A$11:$AN$999,39,0)) -> 0 | J42: =IF(ISERROR(VLOOKUP($E42,$B$2:$D$1047,2,0)),"",VLOOKUP($E42,$B$2:$D$1047,2,0)) | K42: =IF(ISERROR(VLOOKUP($J42,TableauDatanew,4,0)),"",VLOOKUP($J42,TableauDatanew,4,0)) | L42: =IF(ISERROR(VLOOKUP($J42,TableauDatanew,5,0)),"",VLOOKUP($J42,TableauDatanew,5,0)) | M42: =IF(ISERROR(VLOOKUP($J42,TableauDatanew,6,0)),"",VLOOKUP($J42,TableauDatanew,6,0)) | N42: =IF(ISERROR(VLOOKUP($J42,TableauDatanew,13,0)),"",VLOOKUP($J42,TableauDatanew,13,0)) | O42: =IF(ISERROR(VLOOKUP($J42,TableauDatanew,11,0)),"",VLOOKUP($J42,TableauDatanew,11,0)) | P42: =IF(ISERROR(VLOOKUP($J42,TableauDatanew,8,0)),"",VLOOKUP($J42,TableauDatanew,8,0)) | Q42: =IF(ISERROR(VLOOKUP($J42,TableauDatanew,10,0)),"",VLOOKUP($J42,TableauDatanew,10,0)) | R42: =IF(ISERROR(VLOOKUP(J42,C:D,2,0)),"",VLOOKUP(J42,C:D,2,0)) | S42: =IF(ISERROR(VLOOKUP(J42,C:F,4,0)),"",VLOOKUP(J42,C:F,4,0)) | T42: =IF(S42="","",$T$1)
A43: =IF(D43=0,"",1) | B43: =SUM($A$2:A43) -> 0 | C43: ='Agripp Holds PU (EU, ASIA)'!A53 -> HU042 | D43: =IF(VLOOKUP(C43,'Agripp Holds PU (EU, ASIA)'!$A$11:$AL$1003,37,0)="",0,VLOOKUP(C43,'Agripp Holds PU (EU, ASIA)'!$A$11:$AL$1003,37,0)) -> 0 | E43: 42 | F43: =IF(VLOOKUP(C43,'Agripp Holds PU (EU, ASIA)'!$A$11:$AN$999,39,0)="",0,VLOOKUP(C43,'Agripp Holds PU (EU, ASIA)'!$A$11:$AN$999,39,0)) -> 0 | J43: =IF(ISERROR(VLOOKUP($E43,$B$2:$D$1047,2,0)),"",VLOOKUP($E43,$B$2:$D$1047,2,0)) | K43: =IF(ISERROR(VLOOKUP($J43,TableauDatanew,4,0)),"",VLOOKUP($J43,TableauDatanew,4,0)) | L43: =IF(ISERROR(VLOOKUP($J43,TableauDatanew,5,0)),"",VLOOKUP($J43,TableauDatanew,5,0)) | M43: =IF(ISERROR(VLOOKUP($J43,TableauDatanew,6,0)),"",VLOOKUP($J43,TableauDatanew,6,0)) | N43: =IF(ISERROR(VLOOKUP($J43,TableauDatanew,13,0)),"",VLOOKUP($J43,TableauDatanew,13,0)) | O43: =IF(ISERROR(VLOOKUP($J43,TableauDatanew,11,0)),"",VLOOKUP($J43,TableauDatanew,11,0)) | P43: =IF(ISERROR(VLOOKUP($J43,TableauDatanew,8,0)),"",VLOOKUP($J43,TableauDatanew,8,0)) | Q43: =IF(ISERROR(VLOOKUP($J43,TableauDatanew,10,0)),"",VLOOKUP($J43,TableauDatanew,10,0)) | R43: =IF(ISERROR(VLOOKUP(J43,C:D,2,0)),"",VLOOKUP(J43,C:D,2,0)) | S43: =IF(ISERROR(VLOOKUP(J43,C:F,4,0)),"",VLOOKUP(J43,C:F,4,0)) | T43: =IF(S43="","",$T$1)
A44: =IF(D44=0,"",1) | B44: =SUM($A$2:A44) -> 0 | C44: ='Agripp Holds PU (EU, ASIA)'!A54 -> HU043 | D44: =IF(VLOOKUP(C44,'Agripp Holds PU (EU, ASIA)'!$A$11:$AL$1003,37,0)="",0,VLOOKUP(C44,'Agripp Holds PU (EU, ASIA)'!$A$11:$AL$1003,37,0)) -> 0 | E44: 43 | F44: =IF(VLOOKUP(C44,'Agripp Holds PU (EU, ASIA)'!$A$11:$AN$999,39,0)="",0,VLOOKUP(C44,'Agripp Holds PU (EU, ASIA)'!$A$11:$AN$999,39,0)) -> 0 | J44: =IF(ISERROR(VLOOKUP($E44,$B$2:$D$1047,2,0)),"",VLOOKUP($E44,$B$2:$D$1047,2,0)) | K44: =IF(ISERROR(VLOOKUP($J44,TableauDatanew,4,0)),"",VLOOKUP($J44,TableauDatanew,4,0)) | L44: =IF(ISERROR(VLOOKUP($J44,TableauDatanew,5,0)),"",VLOOKUP($J44,TableauDatanew,5,0)) | M44: =IF(ISERROR(VLOOKUP($J44,TableauDatanew,6,0)),"",VLOOKUP($J44,TableauDatanew,6,0)) | N44: =IF(ISERROR(VLOOKUP($J44,TableauDatanew,13,0)),"",VLOOKUP($J44,TableauDatanew,13,0)) | O44: =IF(ISERROR(VLOOKUP($J44,TableauDatanew,11,0)),"",VLOOKUP($J44,TableauDatanew,11,0)) | P44: =IF(ISERROR(VLOOKUP($J44,TableauDatanew,8,0)),"",VLOOKUP($J44,TableauDatanew,8,0)) | Q44: =IF(ISERROR(VLOOKUP($J44,TableauDatanew,10,0)),"",VLOOKUP($J44,TableauDatanew,10,0)) | R44: =IF(ISERROR(VLOOKUP(J44,C:D,2,0)),"",VLOOKUP(J44,C:D,2,0)) | S44: =IF(ISERROR(VLOOKUP(J44,C:F,4,0)),"",VLOOKUP(J44,C:F,4,0)) | T44: =IF(S44="","",$T$1)
A45: =IF(D45=0,"",1) | B45: =SUM($A$2:A45) -> 0 | C45: ='Agripp Holds PU (EU, ASIA)'!A55 -> HU044 | D45: =IF(VLOOKUP(C45,'Agripp Holds PU (EU, ASIA)'!$A$11:$AL$1003,37,0)="",0,VLOOKUP(C45,'Agripp Holds PU (EU, ASIA)'!$A$11:$AL$1003,37,0)) -> 0 | E45: 44 | F45: =IF(VLOOKUP(C45,'Agripp Holds PU (EU, ASIA)'!$A$11:$AN$999,39,0)="",0,VLOOKUP(C45,'Agripp Holds PU (EU, ASIA)'!$A$11:$AN$999,39,0)) -> 0 | J45: =IF(ISERROR(VLOOKUP($E45,$B$2:$D$1047,2,0)),"",VLOOKUP($E45,$B$2:$D$1047,2,0)) | K45: =IF(ISERROR(VLOOKUP($J45,TableauDatanew,4,0)),"",VLOOKUP($J45,TableauDatanew,4,0)) | L45: =IF(ISERROR(VLOOKUP($J45,TableauDatanew,5,0)),"",VLOOKUP($J45,TableauDatanew,5,0)) | M45: =IF(ISERROR(VLOOKUP($J45,TableauDatanew,6,0)),"",VLOOKUP($J45,TableauDatanew,6,0)) | N45: =IF(ISERROR(VLOOKUP($J45,TableauDatanew,13,0)),"",VLOOKUP($J45,TableauDatanew,13,0)) | O45: =IF(ISERROR(VLOOKUP($J45,TableauDatanew,11,0)),"",VLOOKUP($J45,TableauDatanew,11,0)) | P45: =IF(ISERROR(VLOOKUP($J45,TableauDatanew,8,0)),"",VLOOKUP($J45,TableauDatanew,8,0)) | Q45: =IF(ISERROR(VLOOKUP($J45,TableauDatanew,10,0)),"",VLOOKUP($J45,TableauDatanew,10,0)) | R45: =IF(ISERROR(VLOOKUP(J45,C:D,2,0)),"",VLOOKUP(J45,C:D,2,0)) | S45: =IF(ISERROR(VLOOKUP(J45,C:F,4,0)),"",VLOOKUP(J45,C:F,4,0)) | T45: =IF(S45="","",$T$1)
A46: =IF(D46=0,"",1) | B46: =SUM($A$2:A46) -> 0 | C46: ='Agripp Holds PU (EU, ASIA)'!A56 -> HU045 | D46: =IF(VLOOKUP(C46,'Agripp Holds PU (EU, ASIA)'!$A$11:$AL$1003,37,0)="",0,VLOOKUP(C46,'Agripp Holds PU (EU, ASIA)'!$A$11:$AL$1003,37,0)) -> 0 | E46: 45 | F46: =IF(VLOOKUP(C46,'Agripp Holds PU (EU, ASIA)'!$A$11:$AN$999,39,0)="",0,VLOOKUP(C46,'Agripp Holds PU (EU, ASIA)'!$A$11:$AN$999,39,0)) -> 0 | J46: =IF(ISERROR(VLOOKUP($E46,$B$2:$D$1047,2,0)),"",VLOOKUP($E46,$B$2:$D$1047,2,0)) | K46: =IF(ISERROR(VLOOKUP($J46,TableauDatanew,4,0)),"",VLOOKUP($J46,TableauDatanew,4,0)) | L46: =IF(ISERROR(VLOOKUP($J46,TableauDatanew,5,0)),"",VLOOKUP($J46,TableauDatanew,5,0)) | M46: =IF(ISERROR(VLOOKUP($J46,TableauDatanew,6,0)),"",VLOOKUP($J46,TableauDatanew,6,0)) | N46: =IF(ISERROR(VLOOKUP($J46,TableauDatanew,13,0)),"",VLOOKUP($J46,TableauDatanew,13,0)) | O46: =IF(ISERROR(VLOOKUP($J46,TableauDatanew,11,0)),"",VLOOKUP($J46,TableauDatanew,11,0)) | P46: =IF(ISERROR(VLOOKUP($J46,TableauDatanew,8,0)),"",VLOOKUP($J46,TableauDatanew,8,0)) | Q46: =IF(ISERROR(VLOOKUP($J46,TableauDatanew,10,0)),"",VLOOKUP($J46,TableauDatanew,10,0)) | R46: =IF(ISERROR(VLOOKUP(J46,C:D,2,0)),"",VLOOKUP(J46,C:D,2,0)) | S46: =IF(ISERROR(VLOOKUP(J46,C:F,4,0)),"",VLOOKUP(J46,C:F,4,0)) | T46: =IF(S46="","",$T$1)
A47: =IF(D47=0,"",1) | B47: =SUM($A$2:A47) -> 0 | C47: ='Agripp Holds PU (EU, ASIA)'!A57 -> HU046 | D47: =IF(VLOOKUP(C47,'Agripp Holds PU (EU, ASIA)'!$A$11:$AL$1003,37,0)="",0,VLOOKUP(C47,'Agripp Holds PU (EU, ASIA)'!$A$11:$AL$1003,37,0)) -> 0 | E47: 46 | F47: =IF(VLOOKUP(C47,'Agripp Holds PU (EU, ASIA)'!$A$11:$AN$999,39,0)="",0,VLOOKUP(C47,'Agripp Holds PU (EU, ASIA)'!$A$11:$AN$999,39,0)) -> 0 | J47: =IF(ISERROR(VLOOKUP($E47,$B$2:$D$1047,2,0)),"",VLOOKUP($E47,$B$2:$D$1047,2,0)) | K47: =IF(ISERROR(VLOOKUP($J47,TableauDatanew,4,0)),"",VLOOKUP($J47,TableauDatanew,4,0)) | L47: =IF(ISERROR(VLOOKUP($J47,TableauDatanew,5,0)),"",VLOOKUP($J47,TableauDatanew,5,0)) | M47: =IF(ISERROR(VLOOKUP($J47,TableauDatanew,6,0)),"",VLOOKUP($J47,TableauDatanew,6,0)) | N47: =IF(ISERROR(VLOOKUP($J47,TableauDatanew,13,0)),"",VLOOKUP($J47,TableauDatanew,13,0)) | O47: =IF(ISERROR(VLOOKUP($J47,TableauDatanew,11,0)),"",VLOOKUP($J47,TableauDatanew,11,0)) | P47: =IF(ISERROR(VLOOKUP($J47,TableauDatanew,8,0)),"",VLOOKUP($J47,TableauDatanew,8,0)) | Q47: =IF(ISERROR(VLOOKUP($J47,TableauDatanew,10,0)),"",VLOOKUP($J47,TableauDatanew,10,0)) | R47: =IF(ISERROR(VLOOKUP(J47,C:D,2,0)),"",VLOOKUP(J47,C:D,2,0)) | S47: =IF(ISERROR(VLOOKUP(J47,C:F,4,0)),"",VLOOKUP(J47,C:F,4,0)) | T47: =IF(S47="","",$T$1)
A48: =IF(D48=0,"",1) | B48: =SUM($A$2:A48) -> 0 | C48: ='Agripp Holds PU (EU, ASIA)'!A58 -> HU047 | D48: =IF(VLOOKUP(C48,'Agripp Holds PU (EU, ASIA)'!$A$11:$AL$1003,37,0)="",0,VLOOKUP(C48,'Agripp Holds PU (EU, ASIA)'!$A$11:$AL$1003,37,0)) -> 0 | E48: 47 | F48: =IF(VLOOKUP(C48,'Agripp Holds PU (EU, ASIA)'!$A$11:$AN$999,39,0)="",0,VLOOKUP(C48,'Agripp Holds PU (EU, ASIA)'!$A$11:$AN$999,39,0)) -> 0 | J48: =IF(ISERROR(VLOOKUP($E48,$B$2:$D$1047,2,0)),"",VLOOKUP($E48,$B$2:$D$1047,2,0)) | K48: =IF(ISERROR(VLOOKUP($J48,TableauDatanew,4,0)),"",VLOOKUP($J48,TableauDatanew,4,0)) | L48: =IF(ISERROR(VLOOKUP($J48,TableauDatanew,5,0)),"",VLOOKUP($J48,TableauDatanew,5,0)) | M48: =IF(ISERROR(VLOOKUP($J48,TableauDatanew,6,0)),"",VLOOKUP($J48,TableauDatanew,6,0)) | N48: =IF(ISERROR(VLOOKUP($J48,TableauDatanew,13,0)),"",VLOOKUP($J48,TableauDatanew,13,0)) | O48: =IF(ISERROR(VLOOKUP($J48,TableauDatanew,11,0)),"",VLOOKUP($J48,TableauDatanew,11,0)) | P48: =IF(ISERROR(VLOOKUP($J48,TableauDatanew,8,0)),"",VLOOKUP($J48,TableauDatanew,8,0)) | Q48: =IF(ISERROR(VLOOKUP($J48,TableauDatanew,10,0)),"",VLOOKUP($J48,TableauDatanew,10,0)) | R48: =IF(ISERROR(VLOOKUP(J48,C:D,2,0)),"",VLOOKUP(J48,C:D,2,0)) | S48: =IF(ISERROR(VLOOKUP(J48,C:F,4,0)),"",VLOOKUP(J48,C:F,4,0)) | T48: =IF(S48="","",$T$1)
A49: =IF(D49=0,"",1) | B49: =SUM($A$2:A49) -> 0 | C49: ='Agripp Holds PU (EU, ASIA)'!A59 -> HU048 | D49: =IF(VLOOKUP(C49,'Agripp Holds PU (EU, ASIA)'!$A$11:$AL$1003,37,0)="",0,VLOOKUP(C49,'Agripp Holds PU (EU, ASIA)'!$A$11:$AL$1003,37,0)) -> 0 | E49: 48 | F49: =IF(VLOOKUP(C49,'Agripp Holds PU (EU, ASIA)'!$A$11:$AN$999,39,0)="",0,VLOOKUP(C49,'Agripp Holds PU (EU, ASIA)'!$A$11:$AN$999,39,0)) -> 0 | J49: =IF(ISERROR(VLOOKUP($E49,$B$2:$D$1047,2,0)),"",VLOOKUP($E49,$B$2:$D$1047,2,0)) | K49: =IF(ISERROR(VLOOKUP($J49,TableauDatanew,4,0)),"",VLOOKUP($J49,TableauDatanew,4,0)) | L49: =IF(ISERROR(VLOOKUP($J49,TableauDatanew,5,0)),"",VLOOKUP($J49,TableauDatanew,5,0)) | M49: =IF(ISERROR(VLOOKUP($J49,TableauDatanew,6,0)),"",VLOOKUP($J49,TableauDatanew,6,0)) | N49: =IF(ISERROR(VLOOKUP($J49,TableauDatanew,13,0)),"",VLOOKUP($J49,TableauDatanew,13,0)) | O49: =IF(ISERROR(VLOOKUP($J49,TableauDatanew,11,0)),"",VLOOKUP($J49,TableauDatanew,11,0)) | P49: =IF(ISERROR(VLOOKUP($J49,TableauDatanew,8,0)),"",VLOOKUP($J49,TableauDatanew,8,0)) | Q49: =IF(ISERROR(VLOOKUP($J49,TableauDatanew,10,0)),"",VLOOKUP($J49,TableauDatanew,10,0)) | R49: =IF(ISERROR(VLOOKUP(J49,C:D,2,0)),"",VLOOKUP(J49,C:D,2,0)) | S49: =IF(ISERROR(VLOOKUP(J49,C:F,4,0)),"",VLOOKUP(J49,C:F,4,0)) | T49: =IF(S49="","",$T$1)
... A59: =IF(D59=0,"",1) | B59: =SUM($A$2:A59) -> 0 | C59: ='Agripp Holds PU (EU, ASIA)'!A69 -> HU058 | D59: =IF(VLOOKUP(C59,'Agripp Holds PU (EU, ASIA)'!$A$11:$AL$1003,37,0)="",0,VLOOKUP(C59,'Agripp Holds PU (EU, ASIA)'!$A$11:$AL$1003,37,0)) -> 0 | E59: 58 | F59: =IF(VLOOKUP(C59,'Agripp Holds PU (EU, ASIA)'!$A$11:$AN$999,39,0)="",0,VLOOKUP(C59,'Agripp Holds PU (EU, ASIA)'!$A$11:$AN$999,39,0)) -> 0 | J59: =IF(ISERROR(VLOOKUP($E59,$B$2:$D$1047,2,0)),"",VLOOKUP($E59,$B$2:$D$1047,2,0)) | K59: =IF(ISERROR(VLOOKUP($J59,TableauDatanew,4,0)),"",VLOOKUP($J59,TableauDatanew,4,0)) | L59: =IF(ISERROR(VLOOKUP($J59,TableauDatanew,5,0)),"",VLOOKUP($J59,TableauDatanew,5,0)) | M59: =IF(ISERROR(VLOOKUP($J59,TableauDatanew,6,0)),"",VLOOKUP($J59,TableauDatanew,6,0)) | N59: =IF(ISERROR(VLOOKUP($J59,TableauDatanew,13,0)),"",VLOOKUP($J59,TableauDatanew,13,0)) | O59: =IF(ISERROR(VLOOKUP($J59,TableauDatanew,11,0)),"",VLOOKUP($J59,TableauDatanew,11,0)) | P59: =IF(ISERROR(VLOOKUP($J59,TableauDatanew,8,0)),"",VLOOKUP($J59,TableauDatanew,8,0)) | Q59: =IF(ISERROR(VLOOKUP($J59,TableauDatanew,10,0)),"",VLOOKUP($J59,TableauDatanew,10,0)) | R59: =IF(ISERROR(VLOOKUP(J59,C:D,2,0)),"",VLOOKUP(J59,C:D,2,0)) | S59: =IF(ISERROR(VLOOKUP(J59,C:F,4,0)),"",VLOOKUP(J59,C:F,4,0)) | T59: =IF(S59="","",$T$1)
A60: =IF(D60=0,"",1) | B60: =SUM($A$2:A60) -> 0 | C60: ='Agripp Holds PU (EU, ASIA)'!A71 -> HU059 | D60: =IF(VLOOKUP(C60,'Agripp Holds PU (EU, ASIA)'!$A$11:$AL$1003,37,0)="",0,VLOOKUP(C60,'Agripp Holds PU (EU, ASIA)'!$A$11:$AL$1003,37,0)) -> 0 | E60: 59 | F60: =IF(VLOOKUP(C60,'Agripp Holds PU (EU, ASIA)'!$A$11:$AN$999,39,0)="",0,VLOOKUP(C60,'Agripp Holds PU (EU, ASIA)'!$A$11:$AN$999,39,0)) -> 0 | J60: =IF(ISERROR(VLOOKUP($E60,$B$2:$D$1047,2,0)),"",VLOOKUP($E60,$B$2:$D$1047,2,0)) | K60: =IF(ISERROR(VLOOKUP($J60,TableauDatanew,4,0)),"",VLOOKUP($J60,TableauDatanew,4,0)) | L60: =IF(ISERROR(VLOOKUP($J60,TableauDatanew,5,0)),"",VLOOKUP($J60,TableauDatanew,5,0)) | M60: =IF(ISERROR(VLOOKUP($J60,TableauDatanew,6,0)),"",VLOOKUP($J60,TableauDatanew,6,0)) | N60: =IF(ISERROR(VLOOKUP($J60,TableauDatanew,13,0)),"",VLOOKUP($J60,TableauDatanew,13,0)) | O60: =IF(ISERROR(VLOOKUP($J60,TableauDatanew,11,0)),"",VLOOKUP($J60,TableauDatanew,11,0)) | P60: =IF(ISERROR(VLOOKUP($J60,TableauDatanew,8,0)),"",VLOOKUP($J60,TableauDatanew,8,0)) | Q60: =IF(ISERROR(VLOOKUP($J60,TableauDatanew,10,0)),"",VLOOKUP($J60,TableauDatanew,10,0)) | R60: =IF(ISERROR(VLOOKUP(J60,C:D,2,0)),"",VLOOKUP(J60,C:D,2,0)) | S60: =IF(ISERROR(VLOOKUP(J60,C:F,4,0)),"",VLOOKUP(J60,C:F,4,0)) | T60: =IF(S60="","",$T$1)
A61: =IF(D61=0,"",1) | B61: =SUM($A$2:A61) -> 0 | C61: ='Agripp Holds PU (EU, ASIA)'!A72 -> HU060 | D61: =IF(VLOOKUP(C61,'Agripp Holds PU (EU, ASIA)'!$A$11:$AL$1003,37,0)="",0,VLOOKUP(C61,'Agripp Holds PU (EU, ASIA)'!$A$11:$AL$1003,37,0)) -> 0 | E61: 60 | F61: =IF(VLOOKUP(C61,'Agripp Holds PU (EU, ASIA)'!$A$11:$AN$999,39,0)="",0,VLOOKUP(C61,'Agripp Holds PU (EU, ASIA)'!$A$11:$AN$999,39,0)) -> 0 | J61: =IF(ISERROR(VLOOKUP($E61,$B$2:$D$1047,2,0)),"",VLOOKUP($E61,$B$2:$D$1047,2,0)) | K61: =IF(ISERROR(VLOOKUP($J61,TableauDatanew,4,0)),"",VLOOKUP($J61,TableauDatanew,4,0)) | L61: =IF(ISERROR(VLOOKUP($J61,TableauDatanew,5,0)),"",VLOOKUP($J61,TableauDatanew,5,0)) | M61: =IF(ISERROR(VLOOKUP($J61,TableauDatanew,6,0)),"",VLOOKUP($J61,TableauDatanew,6,0)) | N61: =IF(ISERROR(VLOOKUP($J61,TableauDatanew,13,0)),"",VLOOKUP($J61,TableauDatanew,13,0)) | O61: =IF(ISERROR(VLOOKUP($J61,TableauDatanew,11,0)),"",VLOOKUP($J61,TableauDatanew,11,0)) | P61: =IF(ISERROR(VLOOKUP($J61,TableauDatanew,8,0)),"",VLOOKUP($J61,TableauDatanew,8,0)) | Q61: =IF(ISERROR(VLOOKUP($J61,TableauDatanew,10,0)),"",VLOOKUP($J61,TableauDatanew,10,0)) | R61: =IF(ISERROR(VLOOKUP(J61,C:D,2,0)),"",VLOOKUP(J61,C:D,2,0)) | S61: =IF(ISERROR(VLOOKUP(J61,C:F,4,0)),"",VLOOKUP(J61,C:F,4,0)) | T61: =IF(S61="","",$T$1)
A62: =IF(D62=0,"",1) | B62: =SUM($A$2:A62) -> 0 | C62: ='Agripp Holds PU (EU, ASIA)'!A73 -> HU061 | D62: =IF(VLOOKUP(C62,'Agripp Holds PU (EU, ASIA)'!$A$11:$AL$1003,37,0)="",0,VLOOKUP(C62,'Agripp Holds PU (EU, ASIA)'!$A$11:$AL$1003,37,0)) -> 0 | E62: 61 | F62: =IF(VLOOKUP(C62,'Agripp Holds PU (EU, ASIA)'!$A$11:$AN$999,39,0)="",0,VLOOKUP(C62,'Agripp Holds PU (EU, ASIA)'!$A$11:$AN$999,39,0)) -> 0 | J62: =IF(ISERROR(VLOOKUP($E62,$B$2:$D$1047,2,0)),"",VLOOKUP($E62,$B$2:$D$1047,2,0)) | K62: =IF(ISERROR(VLOOKUP($J62,TableauDatanew,4,0)),"",VLOOKUP($J62,TableauDatanew,4,0)) | L62: =IF(ISERROR(VLOOKUP($J62,TableauDatanew,5,0)),"",VLOOKUP($J62,TableauDatanew,5,0)) | M62: =IF(ISERROR(VLOOKUP($J62,TableauDatanew,6,0)),"",VLOOKUP($J62,TableauDatanew,6,0)) | N62: =IF(ISERROR(VLOOKUP($J62,TableauDatanew,13,0)),"",VLOOKUP($J62,TableauDatanew,13,0)) | O62: =IF(ISERROR(VLOOKUP($J62,TableauDatanew,11,0)),"",VLOOKUP($J62,TableauDatanew,11,0)) | P62: =IF(ISERROR(VLOOKUP($J62,TableauDatanew,8,0)),"",VLOOKUP($J62,TableauDatanew,8,0)) | Q62: =IF(ISERROR(VLOOKUP($J62,TableauDatanew,10,0)),"",VLOOKUP($J62,TableauDatanew,10,0)) | R62: =IF(ISERROR(VLOOKUP(J62,C:D,2,0)),"",VLOOKUP(J62,C:D,2,0)) | S62: =IF(ISERROR(VLOOKUP(J62,C:F,4,0)),"",VLOOKUP(J62,C:F,4,0)) | T62: =IF(S62="","",$T$1)
A63: =IF(D63=0,"",1) | B63: =SUM($A$2:A63) -> 0 | C63: ='Agripp Holds PU (EU, ASIA)'!A74 -> HU062 | D63: =IF(VLOOKUP(C63,'Agripp Holds PU (EU, ASIA)'!$A$11:$AL$1003,37,0)="",0,VLOOKUP(C63,'Agripp Holds PU (EU, ASIA)'!$A$11:$AL$1003,37,0)) -> 0 | E63: 62 | F63: =IF(VLOOKUP(C63,'Agripp Holds PU (EU, ASIA)'!$A$11:$AN$999,39,0)="",0,VLOOKUP(C63,'Agripp Holds PU (EU, ASIA)'!$A$11:$AN$999,39,0)) -> 0 | J63: =IF(ISERROR(VLOOKUP($E63,$B$2:$D$1047,2,0)),"",VLOOKUP($E63,$B$2:$D$1047,2,0)) | K63: =IF(ISERROR(VLOOKUP($J63,TableauDatanew,4,0)),"",VLOOKUP($J63,TableauDatanew,4,0)) | L63: =IF(ISERROR(VLOOKUP($J63,TableauDatanew,5,0)),"",VLOOKUP($J63,TableauDatanew,5,0)) | M63: =IF(ISERROR(VLOOKUP($J63,TableauDatanew,6,0)),"",VLOOKUP($J63,TableauDatanew,6,0)) | N63: =IF(ISERROR(VLOOKUP($J63,TableauDatanew,13,0)),"",VLOOKUP($J63,TableauDatanew,13,0)) | O63: =IF(ISERROR(VLOOKUP($J63,TableauDatanew,11,0)),"",VLOOKUP($J63,TableauDatanew,11,0)) | P63: =IF(ISERROR(VLOOKUP($J63,TableauDatanew,8,0)),"",VLOOKUP($J63,TableauDatanew,8,0)) | Q63: =IF(ISERROR(VLOOKUP($J63,TableauDatanew,10,0)),"",VLOOKUP($J63,TableauDatanew,10,0)) | R63: =IF(ISERROR(VLOOKUP(J63,C:D,2,0)),"",VLOOKUP(J63,C:D,2,0)) | S63: =IF(ISERROR(VLOOKUP(J63,C:F,4,0)),"",VLOOKUP(J63,C:F,4,0)) | T63: =IF(S63="","",$T$1)
A64: =IF(D64=0,"",1) | B64: =SUM($A$2:A64) -> 0 | C64: ='Agripp Holds PU (EU, ASIA)'!A75 -> HU063 | D64: =IF(VLOOKUP(C64,'Agripp Holds PU (EU, ASIA)'!$A$11:$AL$1003,37,0)="",0,VLOOKUP(C64,'Agripp Holds PU (EU, ASIA)'!$A$11:$AL$1003,37,0)) -> 0 | E64: 63 | F64: =IF(VLOOKUP(C64,'Agripp Holds PU (EU, ASIA)'!$A$11:$AN$999,39,0)="",0,VLOOKUP(C64,'Agripp Holds PU (EU, ASIA)'!$A$11:$AN$999,39,0)) -> 0 | J64: =IF(ISERROR(VLOOKUP($E64,$B$2:$D$1047,2,0)),"",VLOOKUP($E64,$B$2:$D$1047,2,0)) | K64: =IF(ISERROR(VLOOKUP($J64,TableauDatanew,4,0)),"",VLOOKUP($J64,TableauDatanew,4,0)) | L64: =IF(ISERROR(VLOOKUP($J64,TableauDatanew,5,0)),"",VLOOKUP($J64,TableauDatanew,5,0)) | M64: =IF(ISERROR(VLOOKUP($J64,TableauDatanew,6,0)),"",VLOOKUP($J64,TableauDatanew,6,0)) | N64: =IF(ISERROR(VLOOKUP($J64,TableauDatanew,13,0)),"",VLOOKUP($J64,TableauDatanew,13,0)) | O64: =IF(ISERROR(VLOOKUP($J64,TableauDatanew,11,0)),"",VLOOKUP($J64,TableauDatanew,11,0)) | P64: =IF(ISERROR(VLOOKUP($J64,TableauDatanew,8,0)),"",VLOOKUP($J64,TableauDatanew,8,0)) | Q64: =IF(ISERROR(VLOOKUP($J64,TableauDatanew,10,0)),"",VLOOKUP($J64,TableauDatanew,10,0)) | R64: =IF(ISERROR(VLOOKUP(J64,C:D,2,0)),"",VLOOKUP(J64,C:D,2,0)) | S64: =IF(ISERROR(VLOOKUP(J64,C:F,4,0)),"",VLOOKUP(J64,C:F,4,0)) | T64: =IF(S64="","",$T$1)
A65: =IF(D65=0,"",1) | B65: =SUM($A$2:A65) -> 0 | C65: ='Agripp Holds PU (EU, ASIA)'!A76 -> HU064 | D65: =IF(VLOOKUP(C65,'Agripp Holds PU (EU, ASIA)'!$A$11:$AL$1003,37,0)="",0,VLOOKUP(C65,'Agripp Holds PU (EU, ASIA)'!$A$11:$AL$1003,37,0)) -> 0 | E65: 64 | F65: =IF(VLOOKUP(C65,'Agripp Holds PU (EU, ASIA)'!$A$11:$AN$999,39,0)="",0,VLOOKUP(C65,'Agripp Holds PU (EU, ASIA)'!$A$11:$AN$999,39,0)) -> 0 | J65: =IF(ISERROR(VLOOKUP($E65,$B$2:$D$1047,2,0)),"",VLOOKUP($E65,$B$2:$D$1047,2,0)) | K65: =IF(ISERROR(VLOOKUP($J65,TableauDatanew,4,0)),"",VLOOKUP($J65,TableauDatanew,4,0)) | L65: =IF(ISERROR(VLOOKUP($J65,TableauDatanew,5,0)),"",VLOOKUP($J65,TableauDatanew,5,0)) | M65: =IF(ISERROR(VLOOKUP($J65,TableauDatanew,6,0)),"",VLOOKUP($J65,TableauDatanew,6,0)) | N65: =IF(ISERROR(VLOOKUP($J65,TableauDatanew,13,0)),"",VLOOKUP($J65,TableauDatanew,13,0)) | O65: =IF(ISERROR(VLOOKUP($J65,TableauDatanew,11,0)),"",VLOOKUP($J65,TableauDatanew,11,0)) | P65: =IF(ISERROR(VLOOKUP($J65,TableauDatanew,8,0)),"",VLOOKUP($J65,TableauDatanew,8,0)) | Q65: =IF(ISERROR(VLOOKUP($J65,TableauDatanew,10,0)),"",VLOOKUP($J65,TableauDatanew,10,0)) | R65: =IF(ISERROR(VLOOKUP(J65,C:D,2,0)),"",VLOOKUP(J65,C:D,2,0)) | S65: =IF(ISERROR(VLOOKUP(J65,C:F,4,0)),"",VLOOKUP(J65,C:F,4,0)) | T65: =IF(S65="","",$T$1)
A66: =IF(D66=0,"",1) | B66: =SUM($A$2:A66) -> 0 | C66: ='Agripp Holds PU (EU, ASIA)'!A77 -> HU065 | D66: =IF(VLOOKUP(C66,'Agripp Holds PU (EU, ASIA)'!$A$11:$AL$1003,37,0)="",0,VLOOKUP(C66,'Agripp Holds PU (EU, ASIA)'!$A$11:$AL$1003,37,0)) -> 0 | E66: 65 | F66: =IF(VLOOKUP(C66,'Agripp Holds PU (EU, ASIA)'!$A$11:$AN$999,39,0)="",0,VLOOKUP(C66,'Agripp Holds PU (EU, ASIA)'!$A$11:$AN$999,39,0)) -> 0 | J66: =IF(ISERROR(VLOOKUP($E66,$B$2:$D$1047,2,0)),"",VLOOKUP($E66,$B$2:$D$1047,2,0)) | K66: =IF(ISERROR(VLOOKUP($J66,TableauDatanew,4,0)),"",VLOOKUP($J66,TableauDatanew,4,0)) | L66: =IF(ISERROR(VLOOKUP($J66,TableauDatanew,5,0)),"",VLOOKUP($J66,TableauDatanew,5,0)) | M66: =IF(ISERROR(VLOOKUP($J66,TableauDatanew,6,0)),"",VLOOKUP($J66,TableauDatanew,6,0)) | N66: =IF(ISERROR(VLOOKUP($J66,TableauDatanew,13,0)),"",VLOOKUP($J66,TableauDatanew,13,0)) | O66: =IF(ISERROR(VLOOKUP($J66,TableauDatanew,11,0)),"",VLOOKUP($J66,TableauDatanew,11,0)) | P66: =IF(ISERROR(VLOOKUP($J66,TableauDatanew,8,0)),"",VLOOKUP($J66,TableauDatanew,8,0)) | Q66: =IF(ISERROR(VLOOKUP($J66,TableauDatanew,10,0)),"",VLOOKUP($J66,TableauDatanew,10,0)) | R66: =IF(ISERROR(VLOOKUP(J66,C:D,2,0)),"",VLOOKUP(J66,C:D,2,0)) | S66: =IF(ISERROR(VLOOKUP(J66,C:F,4,0)),"",VLOOKUP(J66,C:F,4,0)) | T66: =IF(S66="","",$T$1)
A67: =IF(D67=0,"",1) | B67: =SUM($A$2:A67) -> 0 | C67: ='Agripp Holds PU (EU, ASIA)'!A78 -> HU066 | D67: =IF(VLOOKUP(C67,'Agripp Holds PU (EU, ASIA)'!$A$11:$AL$1003,37,0)="",0,VLOOKUP(C67,'Agripp Holds PU (EU, ASIA)'!$A$11:$AL$1003,37,0)) -> 0 | E67: 66 | F67: =IF(VLOOKUP(C67,'Agripp Holds PU (EU, ASIA)'!$A$11:$AN$999,39,0)="",0,VLOOKUP(C67,'Agripp Holds PU (EU, ASIA)'!$A$11:$AN$999,39,0)) -> 0 | J67: =IF(ISERROR(VLOOKUP($E67,$B$2:$D$1047,2,0)),"",VLOOKUP($E67,$B$2:$D$1047,2,0)) | K67: =IF(ISERROR(VLOOKUP($J67,TableauDatanew,4,0)),"",VLOOKUP($J67,TableauDatanew,4,0)) | L67: =IF(ISERROR(VLOOKUP($J67,TableauDatanew,5,0)),"",VLOOKUP($J67,TableauDatanew,5,0)) | M67: =IF(ISERROR(VLOOKUP($J67,TableauDatanew,6,0)),"",VLOOKUP($J67,TableauDatanew,6,0)) | N67: =IF(ISERROR(VLOOKUP($J67,TableauDatanew,13,0)),"",VLOOKUP($J67,TableauDatanew,13,0)) | O67: =IF(ISERROR(VLOOKUP($J67,TableauDatanew,11,0)),"",VLOOKUP($J67,TableauDatanew,11,0)) | P67: =IF(ISERROR(VLOOKUP($J67,TableauDatanew,8,0)),"",VLOOKUP($J67,TableauDatanew,8,0)) | Q67: =IF(ISERROR(VLOOKUP($J67,TableauDatanew,10,0)),"",VLOOKUP($J67,TableauDatanew,10,0)) | R67: =IF(ISERROR(VLOOKUP(J67,C:D,2,0)),"",VLOOKUP(J67,C:D,2,0)) | S67: =IF(ISERROR(VLOOKUP(J67,C:F,4,0)),"",VLOOKUP(J67,C:F,4,0)) | T67: =IF(S67="","",$T$1)
A68: =IF(D68=0,"",1) | B68: =SUM($A$2:A68) -> 0 | C68: ='Agripp Holds PU (EU, ASIA)'!A79 -> HU067 | D68: =IF(VLOOKUP(C68,'Agripp Holds PU (EU, ASIA)'!$A$11:$AL$1003,37,0)="",0,VLOOKUP(C68,'Agripp Holds PU (EU, ASIA)'!$A$11:$AL$1003,37,0)) -> 0 | E68: 67 | F68: =IF(VLOOKUP(C68,'Agripp Holds PU (EU, ASIA)'!$A$11:$AN$999,39,0)="",0,VLOOKUP(C68,'Agripp Holds PU (EU, ASIA)'!$A$11:$AN$999,39,0)) -> 0 | J68: =IF(ISERROR(VLOOKUP($E68,$B$2:$D$1047,2,0)),"",VLOOKUP($E68,$B$2:$D$1047,2,0)) | K68: =IF(ISERROR(VLOOKUP($J68,TableauDatanew,4,0)),"",VLOOKUP($J68,TableauDatanew,4,0)) | L68: =IF(ISERROR(VLOOKUP($J68,TableauDatanew,5,0)),"",VLOOKUP($J68,TableauDatanew,5,0)) | M68: =IF(ISERROR(VLOOKUP($J68,TableauDatanew,6,0)),"",VLOOKUP($J68,TableauDatanew,6,0)) | N68: =IF(ISERROR(VLOOKUP($J68,TableauDatanew,13,0)),"",VLOOKUP($J68,TableauDatanew,13,0)) | O68: =IF(ISERROR(VLOOKUP($J68,TableauDatanew,11,0)),"",VLOOKUP($J68,TableauDatanew,11,0)) | P68: =IF(ISERROR(VLOOKUP($J68,TableauDatanew,8,0)),"",VLOOKUP($J68,TableauDatanew,8,0)) | Q68: =IF(ISERROR(VLOOKUP($J68,TableauDatanew,10,0)),"",VLOOKUP($J68,TableauDatanew,10,0)) | R68: =IF(ISERROR(VLOOKUP(J68,C:D,2,0)),"",VLOOKUP(J68,C:D,2,0)) | S68: =IF(ISERROR(VLOOKUP(J68,C:F,4,0)),"",VLOOKUP(J68,C:F,4,0)) | T68: =IF(S68="","",$T$1)
A69: =IF(D69=0,"",1) | B69: =SUM($A$2:A69) -> 0 | C69: ='Agripp Holds PU (EU, ASIA)'!A80 -> HU068 | D69: =IF(VLOOKUP(C69,'Agripp Holds PU (EU, ASIA)'!$A$11:$AL$1003,37,0)="",0,VLOOKUP(C69,'Agripp Holds PU (EU, ASIA)'!$A$11:$AL$1003,37,0)) -> 0 | E69: 68 | F69: =IF(VLOOKUP(C69,'Agripp Holds PU (EU, ASIA)'!$A$11:$AN$999,39,0)="",0,VLOOKUP(C69,'Agripp Holds PU (EU, ASIA)'!$A$11:$AN$999,39,0)) -> 0 | J69: =IF(ISERROR(VLOOKUP($E69,$B$2:$D$1047,2,0)),"",VLOOKUP($E69,$B$2:$D$1047,2,0)) | K69: =IF(ISERROR(VLOOKUP($J69,TableauDatanew,4,0)),"",VLOOKUP($J69,TableauDatanew,4,0)) | L69: =IF(ISERROR(VLOOKUP($J69,TableauDatanew,5,0)),"",VLOOKUP($J69,TableauDatanew,5,0)) | M69: =IF(ISERROR(VLOOKUP($J69,TableauDatanew,6,0)),"",VLOOKUP($J69,TableauDatanew,6,0)) | N69: =IF(ISERROR(VLOOKUP($J69,TableauDatanew,13,0)),"",VLOOKUP($J69,TableauDatanew,13,0)) | O69: =IF(ISERROR(VLOOKUP($J69,TableauDatanew,11,0)),"",VLOOKUP($J69,TableauDatanew,11,0)) | P69: =IF(ISERROR(VLOOKUP($J69,TableauDatanew,8,0)),"",VLOOKUP($J69,TableauDatanew,8,0)) | Q69: =IF(ISERROR(VLOOKUP($J69,TableauDatanew,10,0)),"",VLOOKUP($J69,TableauDatanew,10,0)) | R69: =IF(ISERROR(VLOOKUP(J69,C:D,2,0)),"",VLOOKUP(J69,C:D,2,0)) | S69: =IF(ISERROR(VLOOKUP(J69,C:F,4,0)),"",VLOOKUP(J69,C:F,4,0)) | T69: =IF(S69="","",$T$1)
A70: =IF(D70=0,"",1) | B70: =SUM($A$2:A70) -> 0 | C70: ='Agripp Holds PU (EU, ASIA)'!A81 -> HU069 | D70: =IF(VLOOKUP(C70,'Agripp Holds PU (EU, ASIA)'!$A$11:$AL$1003,37,0)="",0,VLOOKUP(C70,'Agripp Holds PU (EU, ASIA)'!$A$11:$AL$1003,37,0)) -> 0 | E70: 69 | F70: =IF(VLOOKUP(C70,'Agripp Holds PU (EU, ASIA)'!$A$11:$AN$999,39,0)="",0,VLOOKUP(C70,'Agripp Holds PU (EU, ASIA)'!$A$11:$AN$999,39,0)) -> 0 | J70: =IF(ISERROR(VLOOKUP($E70,$B$2:$D$1047,2,0)),"",VLOOKUP($E70,$B$2:$D$1047,2,0)) | K70: =IF(ISERROR(VLOOKUP($J70,TableauDatanew,4,0)),"",VLOOKUP($J70,TableauDatanew,4,0)) | L70: =IF(ISERROR(VLOOKUP($J70,TableauDatanew,5,0)),"",VLOOKUP($J70,TableauDatanew,5,0)) | M70: =IF(ISERROR(VLOOKUP($J70,TableauDatanew,6,0)),"",VLOOKUP($J70,TableauDatanew,6,0)) | N70: =IF(ISERROR(VLOOKUP($J70,TableauDatanew,13,0)),"",VLOOKUP($J70,TableauDatanew,13,0)) | O70: =IF(ISERROR(VLOOKUP($J70,TableauDatanew,11,0)),"",VLOOKUP($J70,TableauDatanew,11,0)) | P70: =IF(ISERROR(VLOOKUP($J70,TableauDatanew,8,0)),"",VLOOKUP($J70,TableauDatanew,8,0)) | Q70: =IF(ISERROR(VLOOKUP($J70,TableauDatanew,10,0)),"",VLOOKUP($J70,TableauDatanew,10,0)) | R70: =IF(ISERROR(VLOOKUP(J70,C:D,2,0)),"",VLOOKUP(J70,C:D,2,0)) | S70: =IF(ISERROR(VLOOKUP(J70,C:F,4,0)),"",VLOOKUP(J70,C:F,4,0)) | T70: =IF(S70="","",$T$1)
A71: =IF(D71=0,"",1) | B71: =SUM($A$2:A71) -> 0 | C71: ='Agripp Holds PU (EU, ASIA)'!A82 -> HU070 | D71: =IF(VLOOKUP(C71,'Agripp Holds PU (EU, ASIA)'!$A$11:$AL$1003,37,0)="",0,VLOOKUP(C71,'Agripp Holds PU (EU, ASIA)'!$A$11:$AL$1003,37,0)) -> 0 | E71: 70 | F71: =IF(VLOOKUP(C71,'Agripp Holds PU (EU, ASIA)'!$A$11:$AN$999,39,0)="",0,VLOOKUP(C71,'Agripp Holds PU (EU, ASIA)'!$A$11:$AN$999,39,0)) -> 0 | J71: =IF(ISERROR(VLOOKUP($E71,$B$2:$D$1047,2,0)),"",VLOOKUP($E71,$B$2:$D$1047,2,0)) | K71: =IF(ISERROR(VLOOKUP($J71,TableauDatanew,4,0)),"",VLOOKUP($J71,TableauDatanew,4,0)) | L71: =IF(ISERROR(VLOOKUP($J71,TableauDatanew,5,0)),"",VLOOKUP($J71,TableauDatanew,5,0)) | M71: =IF(ISERROR(VLOOKUP($J71,TableauDatanew,6,0)),"",VLOOKUP($J71,TableauDatanew,6,0)) | N71: =IF(ISERROR(VLOOKUP($J71,TableauDatanew,13,0)),"",VLOOKUP($J71,TableauDatanew,13,0)) | O71: =IF(ISERROR(VLOOKUP($J71,TableauDatanew,11,0)),"",VLOOKUP($J71,TableauDatanew,11,0)) | P71: =IF(ISERROR(VLOOKUP($J71,TableauDatanew,8,0)),"",VLOOKUP($J71,TableauDatanew,8,0)) | Q71: =IF(ISERROR(VLOOKUP($J71,TableauDatanew,10,0)),"",VLOOKUP($J71,TableauDatanew,10,0)) | R71: =IF(ISERROR(VLOOKUP(J71,C:D,2,0)),"",VLOOKUP(J71,C:D,2,0)) | S71: =IF(ISERROR(VLOOKUP(J71,C:F,4,0)),"",VLOOKUP(J71,C:F,4,0)) | T71: =IF(S71="","",$T$1)
... A122: =IF(D122=0,"",1) | B122: =SUM($A$2:A122) -> 0 | C122: ='Agripp Holds PU (EU, ASIA)'!A133 -> HU121 | D122: =IF(VLOOKUP(C122,'Agripp Holds PU (EU, ASIA)'!$A$11:$AL$1003,37,0)="",0,VLOOKUP(C122,'Agripp Holds PU (EU, ASIA)'!$A$11:$AL$1003,37,0)) -> 0 | E122: 121 | F122: =IF(VLOOKUP(C122,'Agripp Holds PU (EU, ASIA)'!$A$11:$AN$999,39,0)="",0,VLOOKUP(C122,'Agripp Holds PU (EU, ASIA)'!$A$11:$AN$999,39,0)) -> 0 | J122: =IF(ISERROR(VLOOKUP($E122,$B$2:$D$1047,2,0)),"",VLOOKUP($E122,$B$2:$D$1047,2,0)) | K122: =IF(ISERROR(VLOOKUP($J122,TableauDatanew,4,0)),"",VLOOKUP($J122,TableauDatanew,4,0)) | L122: =IF(ISERROR(VLOOKUP($J122,TableauDatanew,5,0)),"",VLOOKUP($J122,TableauDatanew,5,0)) | M122: =IF(ISERROR(VLOOKUP($J122,TableauDatanew,6,0)),"",VLOOKUP($J122,TableauDatanew,6,0)) | N122: =IF(ISERROR(VLOOKUP($J122,TableauDatanew,13,0)),"",VLOOKUP($J122,TableauDatanew,13,0)) | O122: =IF(ISERROR(VLOOKUP($J122,TableauDatanew,11,0)),"",VLOOKUP($J122,TableauDatanew,11,0)) | P122: =IF(ISERROR(VLOOKUP($J122,TableauDatanew,8,0)),"",VLOOKUP($J122,TableauDatanew,8,0)) | Q122: =IF(ISERROR(VLOOKUP($J122,TableauDatanew,10,0)),"",VLOOKUP($J122,TableauDatanew,10,0)) | R122: =IF(ISERROR(VLOOKUP(J122,C:D,2,0)),"",VLOOKUP(J122,C:D,2,0)) | S122: =IF(ISERROR(VLOOKUP(J122,C:F,4,0)),"",VLOOKUP(J122,C:F,4,0)) | T122: =IF(S122="","",$T$1)
A123: =IF(D123=0,"",1) | B123: =SUM($A$2:A123) -> 0 | C123: ='Agripp Holds PU (EU, ASIA)'!A135 -> HU122 | D123: =IF(VLOOKUP(C123,'Agripp Holds PU (EU, ASIA)'!$A$11:$AL$1003,37,0)="",0,VLOOKUP(C123,'Agripp Holds PU (EU, ASIA)'!$A$11:$AL$1003,37,0)) -> 0 | E123: 122 | F123: =IF(VLOOKUP(C123,'Agripp Holds PU (EU, ASIA)'!$A$11:$AN$999,39,0)="",0,VLOOKUP(C123,'Agripp Holds PU (EU, ASIA)'!$A$11:$AN$999,39,0)) -> 0 | J123: =IF(ISERROR(VLOOKUP($E123,$B$2:$D$1047,2,0)),"",VLOOKUP($E123,$B$2:$D$1047,2,0)) | K123: =IF(ISERROR(VLOOKUP($J123,TableauDatanew,4,0)),"",VLOOKUP($J123,TableauDatanew,4,0)) | L123: =IF(ISERROR(VLOOKUP($J123,TableauDatanew,5,0)),"",VLOOKUP($J123,TableauDatanew,5,0)) | M123: =IF(ISERROR(VLOOKUP($J123,TableauDatanew,6,0)),"",VLOOKUP($J123,TableauDatanew,6,0)) | N123: =IF(ISERROR(VLOOKUP($J123,TableauDatanew,13,0)),"",VLOOKUP($J123,TableauDatanew,13,0)) | O123: =IF(ISERROR(VLOOKUP($J123,TableauDatanew,11,0)),"",VLOOKUP($J123,TableauDatanew,11,0)) | P123: =IF(ISERROR(VLOOKUP($J123,TableauDatanew,8,0)),"",VLOOKUP($J123,TableauDatanew,8,0)) | Q123: =IF(ISERROR(VLOOKUP($J123,TableauDatanew,10,0)),"",VLOOKUP($J123,TableauDatanew,10,0)) | R123: =IF(ISERROR(VLOOKUP(J123,C:D,2,0)),"",VLOOKUP(J123,C:D,2,0)) | S123: =IF(ISERROR(VLOOKUP(J123,C:F,4,0)),"",VLOOKUP(J123,C:F,4,0)) | T123: =IF(S123="","",$T$1)
A124: =IF(D124=0,"",1) | B124: =SUM($A$2:A124) -> 0 | C124: ='Agripp Holds PU (EU, ASIA)'!A136 -> HU123 | D124: =IF(VLOOKUP(C124,'Agripp Holds PU (EU, ASIA)'!$A$11:$AL$1003,37,0)="",0,VLOOKUP(C124,'Agripp Holds PU (EU, ASIA)'!$A$11:$AL$1003,37,0)) -> 0 | E124: 123 | F124: =IF(VLOOKUP(C124,'Agripp Holds PU (EU, ASIA)'!$A$11:$AN$999,39,0)="",0,VLOOKUP(C124,'Agripp Holds PU (EU, ASIA)'!$A$11:$AN$999,39,0)) -> 0 | J124: =IF(ISERROR(VLOOKUP($E124,$B$2:$D$1047,2,0)),"",VLOOKUP($E124,$B$2:$D$1047,2,0)) | K124: =IF(ISERROR(VLOOKUP($J124,TableauDatanew,4,0)),"",VLOOKUP($J124,TableauDatanew,4,0)) | L124: =IF(ISERROR(VLOOKUP($J124,TableauDatanew,5,0)),"",VLOOKUP($J124,TableauDatanew,5,0)) | M124: =IF(ISERROR(VLOOKUP($J124,TableauDatanew,6,0)),"",VLOOKUP($J124,TableauDatanew,6,0)) | N124: =IF(ISERROR(VLOOKUP($J124,TableauDatanew,13,0)),"",VLOOKUP($J124,TableauDatanew,13,0)) | O124: =IF(ISERROR(VLOOKUP($J124,TableauDatanew,11,0)),"",VLOOKUP($J124,TableauDatanew,11,0)) | P124: =IF(ISERROR(VLOOKUP($J124,TableauDatanew,8,0)),"",VLOOKUP($J124,TableauDatanew,8,0)) | Q124: =IF(ISERROR(VLOOKUP($J124,TableauDatanew,10,0)),"",VLOOKUP($J124,TableauDatanew,10,0)) | R124: =IF(ISERROR(VLOOKUP(J124,C:D,2,0)),"",VLOOKUP(J124,C:D,2,0)) | S124: =IF(ISERROR(VLOOKUP(J124,C:F,4,0)),"",VLOOKUP(J124,C:F,4,0)) | T124: =IF(S124="","",$T$1)
A125: =IF(D125=0,"",1) | B125: =SUM($A$2:A125) -> 0 | C125: ='Agripp Holds PU (EU, ASIA)'!A137 -> HU124 | D125: =IF(VLOOKUP(C125,'Agripp Holds PU (EU, ASIA)'!$A$11:$AL$1003,37,0)="",0,VLOOKUP(C125,'Agripp Holds PU (EU, ASIA)'!$A$11:$AL$1003,37,0)) -> 0 | E125: 124 | F125: =IF(VLOOKUP(C125,'Agripp Holds PU (EU, ASIA)'!$A$11:$AN$999,39,0)="",0,VLOOKUP(C125,'Agripp Holds PU (EU, ASIA)'!$A$11:$AN$999,39,0)) -> 0 | J125: =IF(ISERROR(VLOOKUP($E125,$B$2:$D$1047,2,0)),"",VLOOKUP($E125,$B$2:$D$1047,2,0)) | K125: =IF(ISERROR(VLOOKUP($J125,TableauDatanew,4,0)),"",VLOOKUP($J125,TableauDatanew,4,0)) | L125: =IF(ISERROR(VLOOKUP($J125,TableauDatanew,5,0)),"",VLOOKUP($J125,TableauDatanew,5,0)) | M125: =IF(ISERROR(VLOOKUP($J125,TableauDatanew,6,0)),"",VLOOKUP($J125,TableauDatanew,6,0)) | N125: =IF(ISERROR(VLOOKUP($J125,TableauDatanew,13,0)),"",VLOOKUP($J125,TableauDatanew,13,0)) | O125: =IF(ISERROR(VLOOKUP($J125,TableauDatanew,11,0)),"",VLOOKUP($J125,TableauDatanew,11,0)) | P125: =IF(ISERROR(VLOOKUP($J125,TableauDatanew,8,0)),"",VLOOKUP($J125,TableauDatanew,8,0)) | Q125: =IF(ISERROR(VLOOKUP($J125,TableauDatanew,10,0)),"",VLOOKUP($J125,TableauDatanew,10,0)) | R125: =IF(ISERROR(VLOOKUP(J125,C:D,2,0)),"",VLOOKUP(J125,C:D,2,0)) | S125: =IF(ISERROR(VLOOKUP(J125,C:F,4,0)),"",VLOOKUP(J125,C:F,4,0)) | T125: =IF(S125="","",$T$1)
A126: =IF(D126=0,"",1) | B126: =SUM($A$2:A126) -> 0 | C126: ='Agripp Holds PU (EU, ASIA)'!A138 -> HU125 | D126: =IF(VLOOKUP(C126,'Agripp Holds PU (EU, ASIA)'!$A$11:$AL$1003,37,0)="",0,VLOOKUP(C126,'Agripp Holds PU (EU, ASIA)'!$A$11:$AL$1003,37,0)) -> 0 | E126: 125 | F126: =IF(VLOOKUP(C126,'Agripp Holds PU (EU, ASIA)'!$A$11:$AN$999,39,0)="",0,VLOOKUP(C126,'Agripp Holds PU (EU, ASIA)'!$A$11:$AN$999,39,0)) -> 0 | J126: =IF(ISERROR(VLOOKUP($E126,$B$2:$D$1047,2,0)),"",VLOOKUP($E126,$B$2:$D$1047,2,0)) | K126: =IF(ISERROR(VLOOKUP($J126,TableauDatanew,4,0)),"",VLOOKUP($J126,TableauDatanew,4,0)) | L126: =IF(ISERROR(VLOOKUP($J126,TableauDatanew,5,0)),"",VLOOKUP($J126,TableauDatanew,5,0)) | M126: =IF(ISERROR(VLOOKUP($J126,TableauDatanew,6,0)),"",VLOOKUP($J126,TableauDatanew,6,0)) | N126: =IF(ISERROR(VLOOKUP($J126,TableauDatanew,13,0)),"",VLOOKUP($J126,TableauDatanew,13,0)) | O126: =IF(ISERROR(VLOOKUP($J126,TableauDatanew,11,0)),"",VLOOKUP($J126,TableauDatanew,11,0)) | P126: =IF(ISERROR(VLOOKUP($J126,TableauDatanew,8,0)),"",VLOOKUP($J126,TableauDatanew,8,0)) | Q126: =IF(ISERROR(VLOOKUP($J126,TableauDatanew,10,0)),"",VLOOKUP($J126,TableauDatanew,10,0)) | R126: =IF(ISERROR(VLOOKUP(J126,C:D,2,0)),"",VLOOKUP(J126,C:D,2,0)) | S126: =IF(ISERROR(VLOOKUP(J126,C:F,4,0)),"",VLOOKUP(J126,C:F,4,0)) | T126: =IF(S126="","",$T$1)
A127: =IF(D127=0,"",1) | B127: =SUM($A$2:A127) -> 0 | C127: ='Agripp Holds PU (EU, ASIA)'!A139 -> HU126 | D127: =IF(VLOOKUP(C127,'Agripp Holds PU (EU, ASIA)'!$A$11:$AL$1003,37,0)="",0,VLOOKUP(C127,'Agripp Holds PU (EU, ASIA)'!$A$11:$AL$1003,37,0)) -> 0 | E127: 126 | F127: =IF(VLOOKUP(C127,'Agripp Holds PU (EU, ASIA)'!$A$11:$AN$999,39,0)="",0,VLOOKUP(C127,'Agripp Holds PU (EU, ASIA)'!$A$11:$AN$999,39,0)) -> 0 | J127: =IF(ISERROR(VLOOKUP($E127,$B$2:$D$1047,2,0)),"",VLOOKUP($E127,$B$2:$D$1047,2,0)) | K127: =IF(ISERROR(VLOOKUP($J127,TableauDatanew,4,0)),"",VLOOKUP($J127,TableauDatanew,4,0)) | L127: =IF(ISERROR(VLOOKUP($J127,TableauDatanew,5,0)),"",VLOOKUP($J127,TableauDatanew,5,0)) | M127: =IF(ISERROR(VLOOKUP($J127,TableauDatanew,6,0)),"",VLOOKUP($J127,TableauDatanew,6,0)) | N127: =IF(ISERROR(VLOOKUP($J127,TableauDatanew,13,0)),"",VLOOKUP($J127,TableauDatanew,13,0)) | O127: =IF(ISERROR(VLOOKUP($J127,TableauDatanew,11,0)),"",VLOOKUP($J127,TableauDatanew,11,0)) | P127: =IF(ISERROR(VLOOKUP($J127,TableauDatanew,8,0)),"",VLOOKUP($J127,TableauDatanew,8,0)) | Q127: =IF(ISERROR(VLOOKUP($J127,TableauDatanew,10,0)),"",VLOOKUP($J127,TableauDatanew,10,0)) | R127: =IF(ISERROR(VLOOKUP(J127,C:D,2,0)),"",VLOOKUP(J127,C:D,2,0)) | S127: =IF(ISERROR(VLOOKUP(J127,C:F,4,0)),"",VLOOKUP(J127,C:F,4,0)) | T127: =IF(S127="","",$T$1)
A128: =IF(D128=0,"",1) | B128: =SUM($A$2:A128) -> 0 | C128: ='Agripp Holds PU (EU, ASIA)'!A140 -> HU127 | D128: =IF(VLOOKUP(C128,'Agripp Holds PU (EU, ASIA)'!$A$11:$AL$1003,37,0)="",0,VLOOKUP(C128,'Agripp Holds PU (EU, ASIA)'!$A$11:$AL$1003,37,0)) -> 0 | E128: 127 | F128: =IF(VLOOKUP(C128,'Agripp Holds PU (EU, ASIA)'!$A$11:$AN$999,39,0)="",0,VLOOKUP(C128,'Agripp Holds PU (EU, ASIA)'!$A$11:$AN$999,39,0)) -> 0 | J128: =IF(ISERROR(VLOOKUP($E128,$B$2:$D$1047,2,0)),"",VLOOKUP($E128,$B$2:$D$1047,2,0)) | K128: =IF(ISERROR(VLOOKUP($J128,TableauDatanew,4,0)),"",VLOOKUP($J128,TableauDatanew,4,0)) | L128: =IF(ISERROR(VLOOKUP($J128,TableauDatanew,5,0)),"",VLOOKUP($J128,TableauDatanew,5,0)) | M128: =IF(ISERROR(VLOOKUP($J128,TableauDatanew,6,0)),"",VLOOKUP($J128,TableauDatanew,6,0)) | N128: =IF(ISERROR(VLOOKUP($J128,TableauDatanew,13,0)),"",VLOOKUP($J128,TableauDatanew,13,0)) | O128: =IF(ISERROR(VLOOKUP($J128,TableauDatanew,11,0)),"",VLOOKUP($J128,TableauDatanew,11,0)) | P128: =IF(ISERROR(VLOOKUP($J128,TableauDatanew,8,0)),"",VLOOKUP($J128,TableauDatanew,8,0)) | Q128: =IF(ISERROR(VLOOKUP($J128,TableauDatanew,10,0)),"",VLOOKUP($J128,TableauDatanew,10,0)) | R128: =IF(ISERROR(VLOOKUP(J128,C:D,2,0)),"",VLOOKUP(J128,C:D,2,0)) | S128: =IF(ISERROR(VLOOKUP(J128,C:F,4,0)),"",VLOOKUP(J128,C:F,4,0)) | T128: =IF(S128="","",$T$1)
A129: =IF(D129=0,"",1) | B129: =SUM($A$2:A129) -> 0 | C129: ='Agripp Holds PU (EU, ASIA)'!A141 -> HU128 | D129: =IF(VLOOKUP(C129,'Agripp Holds PU (EU, ASIA)'!$A$11:$AL$1003,37,0)="",0,VLOOKUP(C129,'Agripp Holds PU (EU, ASIA)'!$A$11:$AL$1003,37,0)) -> 0 | E129: 128 | F129: =IF(VLOOKUP(C129,'Agripp Holds PU (EU, ASIA)'!$A$11:$AN$999,39,0)="",0,VLOOKUP(C129,'Agripp Holds PU (EU, ASIA)'!$A$11:$AN$999,39,0)) -> 0 | J129: =IF(ISERROR(VLOOKUP($E129,$B$2:$D$1047,2,0)),"",VLOOKUP($E129,$B$2:$D$1047,2,0)) | K129: =IF(ISERROR(VLOOKUP($J129,TableauDatanew,4,0)),"",VLOOKUP($J129,TableauDatanew,4,0)) | L129: =IF(ISERROR(VLOOKUP($J129,TableauDatanew,5,0)),"",VLOOKUP($J129,TableauDatanew,5,0)) | M129: =IF(ISERROR(VLOOKUP($J129,TableauDatanew,6,0)),"",VLOOKUP($J129,TableauDatanew,6,0)) | N129: =IF(ISERROR(VLOOKUP($J129,TableauDatanew,13,0)),"",VLOOKUP($J129,TableauDatanew,13,0)) | O129: =IF(ISERROR(VLOOKUP($J129,TableauDatanew,11,0)),"",VLOOKUP($J129,TableauDatanew,11,0)) | P129: =IF(ISERROR(VLOOKUP($J129,TableauDatanew,8,0)),"",VLOOKUP($J129,TableauDatanew,8,0)) | Q129: =IF(ISERROR(VLOOKUP($J129,TableauDatanew,10,0)),"",VLOOKUP($J129,TableauDatanew,10,0)) | R129: =IF(ISERROR(VLOOKUP(J129,C:D,2,0)),"",VLOOKUP(J129,C:D,2,0)) | S129: =IF(ISERROR(VLOOKUP(J129,C:F,4,0)),"",VLOOKUP(J129,C:F,4,0)) | T129: =IF(S129="","",$T$1)
A130: =IF(D130=0,"",1) | B130: =SUM($A$2:A130) -> 0 | C130: ='Agripp Holds PU (EU, ASIA)'!A142 -> HU129 | D130: =IF(VLOOKUP(C130,'Agripp Holds PU (EU, ASIA)'!$A$11:$AL$1003,37,0)="",0,VLOOKUP(C130,'Agripp Holds PU (EU, ASIA)'!$A$11:$AL$1003,37,0)) -> 0 | E130: 129 | F130: =IF(VLOOKUP(C130,'Agripp Holds PU (EU, ASIA)'!$A$11:$AN$999,39,0)="",0,VLOOKUP(C130,'Agripp Holds PU (EU, ASIA)'!$A$11:$AN$999,39,0)) -> 0 | J130: =IF(ISERROR(VLOOKUP($E130,$B$2:$D$1047,2,0)),"",VLOOKUP($E130,$B$2:$D$1047,2,0)) | K130: =IF(ISERROR(VLOOKUP($J130,TableauDatanew,4,0)),"",VLOOKUP($J130,TableauDatanew,4,0)) | L130: =IF(ISERROR(VLOOKUP($J130,TableauDatanew,5,0)),"",VLOOKUP($J130,TableauDatanew,5,0)) | M130: =IF(ISERROR(VLOOKUP($J130,TableauDatanew,6,0)),"",VLOOKUP($J130,TableauDatanew,6,0)) | N130: =IF(ISERROR(VLOOKUP($J130,TableauDatanew,13,0)),"",VLOOKUP($J130,TableauDatanew,13,0)) | O130: =IF(ISERROR(VLOOKUP($J130,TableauDatanew,11,0)),"",VLOOKUP($J130,TableauDatanew,11,0)) | P130: =IF(ISERROR(VLOOKUP($J130,TableauDatanew,8,0)),"",VLOOKUP($J130,TableauDatanew,8,0)) | Q130: =IF(ISERROR(VLOOKUP($J130,TableauDatanew,10,0)),"",VLOOKUP($J130,TableauDatanew,10,0)) | R130: =IF(ISERROR(VLOOKUP(J130,C:D,2,0)),"",VLOOKUP(J130,C:D,2,0)) | S130: =IF(ISERROR(VLOOKUP(J130,C:F,4,0)),"",VLOOKUP(J130,C:F,4,0)) | T130: =IF(S130="","",$T$1)
A131: =IF(D131=0,"",1) | B131: =SUM($A$2:A131) -> 0 | C131: ='Agripp Holds PU (EU, ASIA)'!A143 -> HU130 | D131: =IF(VLOOKUP(C131,'Agripp Holds PU (EU, ASIA)'!$A$11:$AL$1003,37,0)="",0,VLOOKUP(C131,'Agripp Holds PU (EU, ASIA)'!$A$11:$AL$1003,37,0)) -> 0 | E131: 130 | F131: =IF(VLOOKUP(C131,'Agripp Holds PU (EU, ASIA)'!$A$11:$AN$999,39,0)="",0,VLOOKUP(C131,'Agripp Holds PU (EU, ASIA)'!$A$11:$AN$999,39,0)) -> 0 | J131: =IF(ISERROR(VLOOKUP($E131,$B$2:$D$1047,2,0)),"",VLOOKUP($E131,$B$2:$D$1047,2,0)) | K131: =IF(ISERROR(VLOOKUP($J131,TableauDatanew,4,0)),"",VLOOKUP($J131,TableauDatanew,4,0)) | L131: =IF(ISERROR(VLOOKUP($J131,TableauDatanew,5,0)),"",VLOOKUP($J131,TableauDatanew,5,0)) | M131: =IF(ISERROR(VLOOKUP($J131,TableauDatanew,6,0)),"",VLOOKUP($J131,TableauDatanew,6,0)) | N131: =IF(ISERROR(VLOOKUP($J131,TableauDatanew,13,0)),"",VLOOKUP($J131,TableauDatanew,13,0)) | O131: =IF(ISERROR(VLOOKUP($J131,TableauDatanew,11,0)),"",VLOOKUP($J131,TableauDatanew,11,0)) | P131: =IF(ISERROR(VLOOKUP($J131,TableauDatanew,8,0)),"",VLOOKUP($J131,TableauDatanew,8,0)) | Q131: =IF(ISERROR(VLOOKUP($J131,TableauDatanew,10,0)),"",VLOOKUP($J131,TableauDatanew,10,0)) | R131: =IF(ISERROR(VLOOKUP(J131,C:D,2,0)),"",VLOOKUP(J131,C:D,2,0)) | S131: =IF(ISERROR(VLOOKUP(J131,C:F,4,0)),"",VLOOKUP(J131,C:F,4,0)) | T131: =IF(S131="","",$T$1)
A132: =IF(D132=0,"",1) | B132: =SUM($A$2:A132) -> 0 | C132: ='Agripp Holds PU (EU, ASIA)'!A144 -> HU131 | D132: =IF(VLOOKUP(C132,'Agripp Holds PU (EU, ASIA)'!$A$11:$AL$1003,37,0)="",0,VLOOKUP(C132,'Agripp Holds PU (EU, ASIA)'!$A$11:$AL$1003,37,0)) -> 0 | E132: 131 | F132: =IF(VLOOKUP(C132,'Agripp Holds PU (EU, ASIA)'!$A$11:$AN$999,39,0)="",0,VLOOKUP(C132,'Agripp Holds PU (EU, ASIA)'!$A$11:$AN$999,39,0)) -> 0 | J132: =IF(ISERROR(VLOOKUP($E132,$B$2:$D$1047,2,0)),"",VLOOKUP($E132,$B$2:$D$1047,2,0)) | K132: =IF(ISERROR(VLOOKUP($J132,TableauDatanew,4,0)),"",VLOOKUP($J132,TableauDatanew,4,0)) | L132: =IF(ISERROR(VLOOKUP($J132,TableauDatanew,5,0)),"",VLOOKUP($J132,TableauDatanew,5,0)) | M132: =IF(ISERROR(VLOOKUP($J132,TableauDatanew,6,0)),"",VLOOKUP($J132,TableauDatanew,6,0)) | N132: =IF(ISERROR(VLOOKUP($J132,TableauDatanew,13,0)),"",VLOOKUP($J132,TableauDatanew,13,0)) | O132: =IF(ISERROR(VLOOKUP($J132,TableauDatanew,11,0)),"",VLOOKUP($J132,TableauDatanew,11,0)) | P132: =IF(ISERROR(VLOOKUP($J132,TableauDatanew,8,0)),"",VLOOKUP($J132,TableauDatanew,8,0)) | Q132: =IF(ISERROR(VLOOKUP($J132,TableauDatanew,10,0)),"",VLOOKUP($J132,TableauDatanew,10,0)) | R132: =IF(ISERROR(VLOOKUP(J132,C:D,2,0)),"",VLOOKUP(J132,C:D,2,0)) | S132: =IF(ISERROR(VLOOKUP(J132,C:F,4,0)),"",VLOOKUP(J132,C:F,4,0)) | T132: =IF(S132="","",$T$1)
A133: =IF(D133=0,"",1) | B133: =SUM($A$2:A133) -> 0 | C133: ='Agripp Holds PU (EU, ASIA)'!A145 -> HU132 | D133: =IF(VLOOKUP(C133,'Agripp Holds PU (EU, ASIA)'!$A$11:$AL$1003,37,0)="",0,VLOOKUP(C133,'Agripp Holds PU (EU, ASIA)'!$A$11:$AL$1003,37,0)) -> 0 | E133: 132 | F133: =IF(VLOOKUP(C133,'Agripp Holds PU (EU, ASIA)'!$A$11:$AN$999,39,0)="",0,VLOOKUP(C133,'Agripp Holds PU (EU, ASIA)'!$A$11:$AN$999,39,0)) -> 0 | J133: =IF(ISERROR(VLOOKUP($E133,$B$2:$D$1047,2,0)),"",VLOOKUP($E133,$B$2:$D$1047,2,0)) | K133: =IF(ISERROR(VLOOKUP($J133,TableauDatanew,4,0)),"",VLOOKUP($J133,TableauDatanew,4,0)) | L133: =IF(ISERROR(VLOOKUP($J133,TableauDatanew,5,0)),"",VLOOKUP($J133,TableauDatanew,5,0)) | M133: =IF(ISERROR(VLOOKUP($J133,TableauDatanew,6,0)),"",VLOOKUP($J133,TableauDatanew,6,0)) | N133: =IF(ISERROR(VLOOKUP($J133,TableauDatanew,13,0)),"",VLOOKUP($J133,TableauDatanew,13,0)) | O133: =IF(ISERROR(VLOOKUP($J133,TableauDatanew,11,0)),"",VLOOKUP($J133,TableauDatanew,11,0)) | P133: =IF(ISERROR(VLOOKUP($J133,TableauDatanew,8,0)),"",VLOOKUP($J133,TableauDatanew,8,0)) | Q133: =IF(ISERROR(VLOOKUP($J133,TableauDatanew,10,0)),"",VLOOKUP($J133,TableauDatanew,10,0)) | R133: =IF(ISERROR(VLOOKUP(J133,C:D,2,0)),"",VLOOKUP(J133,C:D,2,0)) | S133: =IF(ISERROR(VLOOKUP(J133,C:F,4,0)),"",VLOOKUP(J133,C:F,4,0)) | T133: =IF(S133="","",$T$1)
A134: =IF(D134=0,"",1) | B134: =SUM($A$2:A134) -> 0 | C134: ='Agripp Holds PU (EU, ASIA)'!A146 -> HU133 | D134: =IF(VLOOKUP(C134,'Agripp Holds PU (EU, ASIA)'!$A$11:$AL$1003,37,0)="",0,VLOOKUP(C134,'Agripp Holds PU (EU, ASIA)'!$A$11:$AL$1003,37,0)) -> 0 | E134: 133 | F134: =IF(VLOOKUP(C134,'Agripp Holds PU (EU, ASIA)'!$A$11:$AN$999,39,0)="",0,VLOOKUP(C134,'Agripp Holds PU (EU, ASIA)'!$A$11:$AN$999,39,0)) -> 0 | J134: =IF(ISERROR(VLOOKUP($E134,$B$2:$D$1047,2,0)),"",VLOOKUP($E134,$B$2:$D$1047,2,0)) | K134: =IF(ISERROR(VLOOKUP($J134,TableauDatanew,4,0)),"",VLOOKUP($J134,TableauDatanew,4,0)) | L134: =IF(ISERROR(VLOOKUP($J134,TableauDatanew,5,0)),"",VLOOKUP($J134,TableauDatanew,5,0)) | M134: =IF(ISERROR(VLOOKUP($J134,TableauDatanew,6,0)),"",VLOOKUP($J134,TableauDatanew,6,0)) | N134: =IF(ISERROR(VLOOKUP($J134,TableauDatanew,13,0)),"",VLOOKUP($J134,TableauDatanew,13,0)) | O134: =IF(ISERROR(VLOOKUP($J134,TableauDatanew,11,0)),"",VLOOKUP($J134,TableauDatanew,11,0)) | P134: =IF(ISERROR(VLOOKUP($J134,TableauDatanew,8,0)),"",VLOOKUP($J134,TableauDatanew,8,0)) | Q134: =IF(ISERROR(VLOOKUP($J134,TableauDatanew,10,0)),"",VLOOKUP($J134,TableauDatanew,10,0)) | R134: =IF(ISERROR(VLOOKUP(J134,C:D,2,0)),"",VLOOKUP(J134,C:D,2,0)) | S134: =IF(ISERROR(VLOOKUP(J134,C:F,4,0)),"",VLOOKUP(J134,C:F,4,0)) | T134: =IF(S134="","",$T$1)
... A168: =IF(D168=0,"",1) | B168: =SUM($A$2:A168) -> 0 | C168: ='Agripp Holds PU (EU, ASIA)'!A180 -> HU167 | D168: =IF(VLOOKUP(C168,'Agripp Holds PU (EU, ASIA)'!$A$11:$AL$1003,37,0)="",0,VLOOKUP(C168,'Agripp Holds PU (EU, ASIA)'!$A$11:$AL$1003,37,0)) -> 0 | E168: 167 | F168: =IF(VLOOKUP(C168,'Agripp Holds PU (EU, ASIA)'!$A$11:$AN$999,39,0)="",0,VLOOKUP(C168,'Agripp Holds PU (EU, ASIA)'!$A$11:$AN$999,39,0)) -> 0 | J168: =IF(ISERROR(VLOOKUP($E168,$B$2:$D$1047,2,0)),"",VLOOKUP($E168,$B$2:$D$1047,2,0)) | K168: =IF(ISERROR(VLOOKUP($J168,TableauDatanew,4,0)),"",VLOOKUP($J168,TableauDatanew,4,0)) | L168: =IF(ISERROR(VLOOKUP($J168,TableauDatanew,5,0)),"",VLOOKUP($J168,TableauDatanew,5,0)) | M168: =IF(ISERROR(VLOOKUP($J168,TableauDatanew,6,0)),"",VLOOKUP($J168,TableauDatanew,6,0)) | N168: =IF(ISERROR(VLOOKUP($J168,TableauDatanew,13,0)),"",VLOOKUP($J168,TableauDatanew,13,0)) | O168: =IF(ISERROR(VLOOKUP($J168,TableauDatanew,11,0)),"",VLOOKUP($J168,TableauDatanew,11,0)) | P168: =IF(ISERROR(VLOOKUP($J168,TableauDatanew,8,0)),"",VLOOKUP($J168,TableauDatanew,8,0)) | Q168: =IF(ISERROR(VLOOKUP($J168,TableauDatanew,10,0)),"",VLOOKUP($J168,TableauDatanew,10,0)) | R168: =IF(ISERROR(VLOOKUP(J168,C:D,2,0)),"",VLOOKUP(J168,C:D,2,0)) | S168: =IF(ISERROR(VLOOKUP(J168,C:F,4,0)),"",VLOOKUP(J168,C:F,4,0)) | T168: =IF(S168="","",$T$1)
A169: =IF(D169=0,"",1) | B169: =SUM($A$2:A169) -> 0 | C169: ='Agripp Holds PU (EU, ASIA)'!A182 -> HU168 | D169: =IF(VLOOKUP(C169,'Agripp Holds PU (EU, ASIA)'!$A$11:$AL$1003,37,0)="",0,VLOOKUP(C169,'Agripp Holds PU (EU, ASIA)'!$A$11:$AL$1003,37,0)) -> 0 | E169: 168 | F169: =IF(VLOOKUP(C169,'Agripp Holds PU (EU, ASIA)'!$A$11:$AN$999,39,0)="",0,VLOOKUP(C169,'Agripp Holds PU (EU, ASIA)'!$A$11:$AN$999,39,0)) -> 0 | J169: =IF(ISERROR(VLOOKUP($E169,$B$2:$D$1047,2,0)),"",VLOOKUP($E169,$B$2:$D$1047,2,0)) | K169: =IF(ISERROR(VLOOKUP($J169,TableauDatanew,4,0)),"",VLOOKUP($J169,TableauDatanew,4,0)) | L169: =IF(ISERROR(VLOOKUP($J169,TableauDatanew,5,0)),"",VLOOKUP($J169,TableauDatanew,5,0)) | M169: =IF(ISERROR(VLOOKUP($J169,TableauDatanew,6,0)),"",VLOOKUP($J169,TableauDatanew,6,0)) | N169: =IF(ISERROR(VLOOKUP($J169,TableauDatanew,13,0)),"",VLOOKUP($J169,TableauDatanew,13,0)) | O169: =IF(ISERROR(VLOOKUP($J169,TableauDatanew,11,0)),"",VLOOKUP($J169,TableauDatanew,11,0)) | P169: =IF(ISERROR(VLOOKUP($J169,TableauDatanew,8,0)),"",VLOOKUP($J169,TableauDatanew,8,0)) | Q169: =IF(ISERROR(VLOOKUP($J169,TableauDatanew,10,0)),"",VLOOKUP($J169,TableauDatanew,10,0)) | R169: =IF(ISERROR(VLOOKUP(J169,C:D,2,0)),"",VLOOKUP(J169,C:D,2,0)) | S169: =IF(ISERROR(VLOOKUP(J169,C:F,4,0)),"",VLOOKUP(J169,C:F,4,0)) | T169: =IF(S169="","",$T$1)
A170: =IF(D170=0,"",1) | B170: =SUM($A$2:A170) -> 0 | C170: ='Agripp Holds PU (EU, ASIA)'!A183 -> HU169 | D170: =IF(VLOOKUP(C170,'Agripp Holds PU (EU, ASIA)'!$A$11:$AL$1003,37,0)="",0,VLOOKUP(C170,'Agripp Holds PU (EU, ASIA)'!$A$11:$AL$1003,37,0)) -> 0 | E170: 169 | F170: =IF(VLOOKUP(C170,'Agripp Holds PU (EU, ASIA)'!$A$11:$AN$999,39,0)="",0,VLOOKUP(C170,'Agripp Holds PU (EU, ASIA)'!$A$11:$AN$999,39,0)) -> 0 | J170: =IF(ISERROR(VLOOKUP($E170,$B$2:$D$1047,2,0)),"",VLOOKUP($E170,$B$2:$D$1047,2,0)) | K170: =IF(ISERROR(VLOOKUP($J170,TableauDatanew,4,0)),"",VLOOKUP($J170,TableauDatanew,4,0)) | L170: =IF(ISERROR(VLOOKUP($J170,TableauDatanew,5,0)),"",VLOOKUP($J170,TableauDatanew,5,0)) | M170: =IF(ISERROR(VLOOKUP($J170,TableauDatanew,6,0)),"",VLOOKUP($J170,TableauDatanew,6,0)) | N170: =IF(ISERROR(VLOOKUP($J170,TableauDatanew,13,0)),"",VLOOKUP($J170,TableauDatanew,13,0)) | O170: =IF(ISERROR(VLOOKUP($J170,TableauDatanew,11,0)),"",VLOOKUP($J170,TableauDatanew,11,0)) | P170: =IF(ISERROR(VLOOKUP($J170,TableauDatanew,8,0)),"",VLOOKUP($J170,TableauDatanew,8,0)) | Q170: =IF(ISERROR(VLOOKUP($J170,TableauDatanew,10,0)),"",VLOOKUP($J170,TableauDatanew,10,0)) | R170: =IF(ISERROR(VLOOKUP(J170,C:D,2,0)),"",VLOOKUP(J170,C:D,2,0)) | S170: =IF(ISERROR(VLOOKUP(J170,C:F,4,0)),"",VLOOKUP(J170,C:F,4,0)) | T170: =IF(S170="","",$T$1)
A171: =IF(D171=0,"",1) | B171: =SUM($A$2:A171) -> 0 | C171: ='Agripp Holds PU (EU, ASIA)'!A184 -> HU170 | D171: =IF(VLOOKUP(C171,'Agripp Holds PU (EU, ASIA)'!$A$11:$AL$1003,37,0)="",0,VLOOKUP(C171,'Agripp Holds PU (EU, ASIA)'!$A$11:$AL$1003,37,0)) -> 0 | E171: 170 | F171: =IF(VLOOKUP(C171,'Agripp Holds PU (EU, ASIA)'!$A$11:$AN$999,39,0)="",0,VLOOKUP(C171,'Agripp Holds PU (EU, ASIA)'!$A$11:$AN$999,39,0)) -> 0 | J171: =IF(ISERROR(VLOOKUP($E171,$B$2:$D$1047,2,0)),"",VLOOKUP($E171,$B$2:$D$1047,2,0)) | K171: =IF(ISERROR(VLOOKUP($J171,TableauDatanew,4,0)),"",VLOOKUP($J171,TableauDatanew,4,0)) | L171: =IF(ISERROR(VLOOKUP($J171,TableauDatanew,5,0)),"",VLOOKUP($J171,TableauDatanew,5,0)) | M171: =IF(ISERROR(VLOOKUP($J171,TableauDatanew,6,0)),"",VLOOKUP($J171,TableauDatanew,6,0)) | N171: =IF(ISERROR(VLOOKUP($J171,TableauDatanew,13,0)),"",VLOOKUP($J171,TableauDatanew,13,0)) | O171: =IF(ISERROR(VLOOKUP($J171,TableauDatanew,11,0)),"",VLOOKUP($J171,TableauDatanew,11,0)) | P171: =IF(ISERROR(VLOOKUP($J171,TableauDatanew,8,0)),"",VLOOKUP($J171,TableauDatanew,8,0)) | Q171: =IF(ISERROR(VLOOKUP($J171,TableauDatanew,10,0)),"",VLOOKUP($J171,TableauDatanew,10,0)) | R171: =IF(ISERROR(VLOOKUP(J171,C:D,2,0)),"",VLOOKUP(J171,C:D,2,0)) | S171: =IF(ISERROR(VLOOKUP(J171,C:F,4,0)),"",VLOOKUP(J171,C:F,4,0)) | T171: =IF(S171="","",$T$1)
A172: =IF(D172=0,"",1) | B172: =SUM($A$2:A172) -> 0 | C172: ='Agripp Holds PU (EU, ASIA)'!A185 -> HU171 | D172: =IF(VLOOKUP(C172,'Agripp Holds PU (EU, ASIA)'!$A$11:$AL$1003,37,0)="",0,VLOOKUP(C172,'Agripp Holds PU (EU, ASIA)'!$A$11:$AL$1003,37,0)) -> 0 | E172: 171 | F172: =IF(VLOOKUP(C172,'Agripp Holds PU (EU, ASIA)'!$A$11:$AN$999,39,0)="",0,VLOOKUP(C172,'Agripp Holds PU (EU, ASIA)'!$A$11:$AN$999,39,0)) -> 0 | J172: =IF(ISERROR(VLOOKUP($E172,$B$2:$D$1047,2,0)),"",VLOOKUP($E172,$B$2:$D$1047,2,0)) | K172: =IF(ISERROR(VLOOKUP($J172,TableauDatanew,4,0)),"",VLOOKUP($J172,TableauDatanew,4,0)) | L172: =IF(ISERROR(VLOOKUP($J172,TableauDatanew,5,0)),"",VLOOKUP($J172,TableauDatanew,5,0)) | M172: =IF(ISERROR(VLOOKUP($J172,TableauDatanew,6,0)),"",VLOOKUP($J172,TableauDatanew,6,0)) | N172: =IF(ISERROR(VLOOKUP($J172,TableauDatanew,13,0)),"",VLOOKUP($J172,TableauDatanew,13,0)) | O172: =IF(ISERROR(VLOOKUP($J172,TableauDatanew,11,0)),"",VLOOKUP($J172,TableauDatanew,11,0)) | P172: =IF(ISERROR(VLOOKUP($J172,TableauDatanew,8,0)),"",VLOOKUP($J172,TableauDatanew,8,0)) | Q172: =IF(ISERROR(VLOOKUP($J172,TableauDatanew,10,0)),"",VLOOKUP($J172,TableauDatanew,10,0)) | R172: =IF(ISERROR(VLOOKUP(J172,C:D,2,0)),"",VLOOKUP(J172,C:D,2,0)) | S172: =IF(ISERROR(VLOOKUP(J172,C:F,4,0)),"",VLOOKUP(J172,C:F,4,0)) | T172: =IF(S172="","",$T$1)
A173: =IF(D173=0,"",1) | B173: =SUM($A$2:A173) -> 0 | C173: ='Agripp Holds PU (EU, ASIA)'!A186 -> HU172 | D173: =IF(VLOOKUP(C173,'Agripp Holds PU (EU, ASIA)'!$A$11:$AL$1003,37,0)="",0,VLOOKUP(C173,'Agripp Holds PU (EU, ASIA)'!$A$11:$AL$1003,37,0)) -> 0 | E173: 172 | F173: =IF(VLOOKUP(C173,'Agripp Holds PU (EU, ASIA)'!$A$11:$AN$999,39,0)="",0,VLOOKUP(C173,'Agripp Holds PU (EU, ASIA)'!$A$11:$AN$999,39,0)) -> 0 | J173: =IF(ISERROR(VLOOKUP($E173,$B$2:$D$1047,2,0)),"",VLOOKUP($E173,$B$2:$D$1047,2,0)) | K173: =IF(ISERROR(VLOOKUP($J173,TableauDatanew,4,0)),"",VLOOKUP($J173,TableauDatanew,4,0)) | L173: =IF(ISERROR(VLOOKUP($J173,TableauDatanew,5,0)),"",VLOOKUP($J173,TableauDatanew,5,0)) | M173: =IF(ISERROR(VLOOKUP($J173,TableauDatanew,6,0)),"",VLOOKUP($J173,TableauDatanew,6,0)) | N173: =IF(ISERROR(VLOOKUP($J173,TableauDatanew,13,0)),"",VLOOKUP($J173,TableauDatanew,13,0)) | O173: =IF(ISERROR(VLOOKUP($J173,TableauDatanew,11,0)),"",VLOOKUP($J173,TableauDatanew,11,0)) | P173: =IF(ISERROR(VLOOKUP($J173,TableauDatanew,8,0)),"",VLOOKUP($J173,TableauDatanew,8,0)) | Q173: =IF(ISERROR(VLOOKUP($J173,TableauDatanew,10,0)),"",VLOOKUP($J173,TableauDatanew,10,0)) | R173: =IF(ISERROR(VLOOKUP(J173,C:D,2,0)),"",VLOOKUP(J173,C:D,2,0)) | S173: =IF(ISERROR(VLOOKUP(J173,C:F,4,0)),"",VLOOKUP(J173,C:F,4,0)) | T173: =IF(S173="","",$T$1)
A174: =IF(D174=0,"",1) | B174: =SUM($A$2:A174) -> 0 | C174: ='Agripp Holds PU (EU, ASIA)'!A187 -> HU173 | D174: =IF(VLOOKUP(C174,'Agripp Holds PU (EU, ASIA)'!$A$11:$AL$1003,37,0)="",0,VLOOKUP(C174,'Agripp Holds PU (EU, ASIA)'!$A$11:$AL$1003,37,0)) -> 0 | E174: 173 | F174: =IF(VLOOKUP(C174,'Agripp Holds PU (EU, ASIA)'!$A$11:$AN$999,39,0)="",0,VLOOKUP(C174,'Agripp Holds PU (EU, ASIA)'!$A$11:$AN$999,39,0)) -> 0 | J174: =IF(ISERROR(VLOOKUP($E174,$B$2:$D$1047,2,0)),"",VLOOKUP($E174,$B$2:$D$1047,2,0)) | K174: =IF(ISERROR(VLOOKUP($J174,TableauDatanew,4,0)),"",VLOOKUP($J174,TableauDatanew,4,0)) | L174: =IF(ISERROR(VLOOKUP($J174,TableauDatanew,5,0)),"",VLOOKUP($J174,TableauDatanew,5,0)) | M174: =IF(ISERROR(VLOOKUP($J174,TableauDatanew,6,0)),"",VLOOKUP($J174,TableauDatanew,6,0)) | N174: =IF(ISERROR(VLOOKUP($J174,TableauDatanew,13,0)),"",VLOOKUP($J174,TableauDatanew,13,0)) | O174: =IF(ISERROR(VLOOKUP($J174,TableauDatanew,11,0)),"",VLOOKUP($J174,TableauDatanew,11,0)) | P174: =IF(ISERROR(VLOOKUP($J174,TableauDatanew,8,0)),"",VLOOKUP($J174,TableauDatanew,8,0)) | Q174: =IF(ISERROR(VLOOKUP($J174,TableauDatanew,10,0)),"",VLOOKUP($J174,TableauDatanew,10,0)) | R174: =IF(ISERROR(VLOOKUP(J174,C:D,2,0)),"",VLOOKUP(J174,C:D,2,0)) | S174: =IF(ISERROR(VLOOKUP(J174,C:F,4,0)),"",VLOOKUP(J174,C:F,4,0)) | T174: =IF(S174="","",$T$1)
A175: =IF(D175=0,"",1) | B175: =SUM($A$2:A175) -> 0 | C175: ='Agripp Holds PU (EU, ASIA)'!A188 -> HU174 | D175: =IF(VLOOKUP(C175,'Agripp Holds PU (EU, ASIA)'!$A$11:$AL$1003,37,0)="",0,VLOOKUP(C175,'Agripp Holds PU (EU, ASIA)'!$A$11:$AL$1003,37,0)) -> 0 | E175: 174 | F175: =IF(VLOOKUP(C175,'Agripp Holds PU (EU, ASIA)'!$A$11:$AN$999,39,0)="",0,VLOOKUP(C175,'Agripp Holds PU (EU, ASIA)'!$A$11:$AN$999,39,0)) -> 0 | J175: =IF(ISERROR(VLOOKUP($E175,$B$2:$D$1047,2,0)),"",VLOOKUP($E175,$B$2:$D$1047,2,0)) | K175: =IF(ISERROR(VLOOKUP($J175,TableauDatanew,4,0)),"",VLOOKUP($J175,TableauDatanew,4,0)) | L175: =IF(ISERROR(VLOOKUP($J175,TableauDatanew,5,0)),"",VLOOKUP($J175,TableauDatanew,5,0)) | M175: =IF(ISERROR(VLOOKUP($J175,TableauDatanew,6,0)),"",VLOOKUP($J175,TableauDatanew,6,0)) | N175: =IF(ISERROR(VLOOKUP($J175,TableauDatanew,13,0)),"",VLOOKUP($J175,TableauDatanew,13,0)) | O175: =IF(ISERROR(VLOOKUP($J175,TableauDatanew,11,0)),"",VLOOKUP($J175,TableauDatanew,11,0)) | P175: =IF(ISERROR(VLOOKUP($J175,TableauDatanew,8,0)),"",VLOOKUP($J175,TableauDatanew,8,0)) | Q175: =IF(ISERROR(VLOOKUP($J175,TableauDatanew,10,0)),"",VLOOKUP($J175,TableauDatanew,10,0)) | R175: =IF(ISERROR(VLOOKUP(J175,C:D,2,0)),"",VLOOKUP(J175,C:D,2,0)) | S175: =IF(ISERROR(VLOOKUP(J175,C:F,4,0)),"",VLOOKUP(J175,C:F,4,0)) | T175: =IF(S175="","",$T$1)
A176: =IF(D176=0,"",1) | B176: =SUM($A$2:A176) -> 0 | C176: ='Agripp Holds PU (EU, ASIA)'!A189 -> HU175 | D176: =IF(VLOOKUP(C176,'Agripp Holds PU (EU, ASIA)'!$A$11:$AL$1003,37,0)="",0,VLOOKUP(C176,'Agripp Holds PU (EU, ASIA)'!$A$11:$AL$1003,37,0)) -> 0 | E176: 175 | F176: =IF(VLOOKUP(C176,'Agripp Holds PU (EU, ASIA)'!$A$11:$AN$999,39,0)="",0,VLOOKUP(C176,'Agripp Holds PU (EU, ASIA)'!$A$11:$AN$999,39,0)) -> 0 | J176: =IF(ISERROR(VLOOKUP($E176,$B$2:$D$1047,2,0)),"",VLOOKUP($E176,$B$2:$D$1047,2,0)) | K176: =IF(ISERROR(VLOOKUP($J176,TableauDatanew,4,0)),"",VLOOKUP($J176,TableauDatanew,4,0)) | L176: =IF(ISERROR(VLOOKUP($J176,TableauDatanew,5,0)),"",VLOOKUP($J176,TableauDatanew,5,0)) | M176: =IF(ISERROR(VLOOKUP($J176,TableauDatanew,6,0)),"",VLOOKUP($J176,TableauDatanew,6,0)) | N176: =IF(ISERROR(VLOOKUP($J176,TableauDatanew,13,0)),"",VLOOKUP($J176,TableauDatanew,13,0)) | O176: =IF(ISERROR(VLOOKUP($J176,TableauDatanew,11,0)),"",VLOOKUP($J176,TableauDatanew,11,0)) | P176: =IF(ISERROR(VLOOKUP($J176,TableauDatanew,8,0)),"",VLOOKUP($J176,TableauDatanew,8,0)) | Q176: =IF(ISERROR(VLOOKUP($J176,TableauDatanew,10,0)),"",VLOOKUP($J176,TableauDatanew,10,0)) | R176: =IF(ISERROR(VLOOKUP(J176,C:D,2,0)),"",VLOOKUP(J176,C:D,2,0)) | S176: =IF(ISERROR(VLOOKUP(J176,C:F,4,0)),"",VLOOKUP(J176,C:F,4,0)) | T176: =IF(S176="","",$T$1)
A177: =IF(D177=0,"",1) | B177: =SUM($A$2:A177) -> 0 | C177: ='Agripp Holds PU (EU, ASIA)'!A190 -> HU176 | D177: =IF(VLOOKUP(C177,'Agripp Holds PU (EU, ASIA)'!$A$11:$AL$1003,37,0)="",0,VLOOKUP(C177,'Agripp Holds PU (EU, ASIA)'!$A$11:$AL$1003,37,0)) -> 0 | E177: 176 | F177: =IF(VLOOKUP(C177,'Agripp Holds PU (EU, ASIA)'!$A$11:$AN$999,39,0)="",0,VLOOKUP(C177,'Agripp Holds PU (EU, ASIA)'!$A$11:$AN$999,39,0)) -> 0 | J177: =IF(ISERROR(VLOOKUP($E177,$B$2:$D$1047,2,0)),"",VLOOKUP($E177,$B$2:$D$1047,2,0)) | K177: =IF(ISERROR(VLOOKUP($J177,TableauDatanew,4,0)),"",VLOOKUP($J177,TableauDatanew,4,0)) | L177: =IF(ISERROR(VLOOKUP($J177,TableauDatanew,5,0)),"",VLOOKUP($J177,TableauDatanew,5,0)) | M177: =IF(ISERROR(VLOOKUP($J177,TableauDatanew,6,0)),"",VLOOKUP($J177,TableauDatanew,6,0)) | N177: =IF(ISERROR(VLOOKUP($J177,TableauDatanew,13,0)),"",VLOOKUP($J177,TableauDatanew,13,0)) | O177: =IF(ISERROR(VLOOKUP($J177,TableauDatanew,11,0)),"",VLOOKUP($J177,TableauDatanew,11,0)) | P177: =IF(ISERROR(VLOOKUP($J177,TableauDatanew,8,0)),"",VLOOKUP($J177,TableauDatanew,8,0)) | Q177: =IF(ISERROR(VLOOKUP($J177,TableauDatanew,10,0)),"",VLOOKUP($J177,TableauDatanew,10,0)) | R177: =IF(ISERROR(VLOOKUP(J177,C:D,2,0)),"",VLOOKUP(J177,C:D,2,0)) | S177: =IF(ISERROR(VLOOKUP(J177,C:F,4,0)),"",VLOOKUP(J177,C:F,4,0)) | T177: =IF(S177="","",$T$1)
A178: =IF(D178=0,"",1) | B178: =SUM($A$2:A178) -> 0 | C178: ='Agripp Holds PU (EU, ASIA)'!A191 -> HU177 | D178: =IF(VLOOKUP(C178,'Agripp Holds PU (EU, ASIA)'!$A$11:$AL$1003,37,0)="",0,VLOOKUP(C178,'Agripp Holds PU (EU, ASIA)'!$A$11:$AL$1003,37,0)) -> 0 | E178: 177 | F178: =IF(VLOOKUP(C178,'Agripp Holds PU (EU, ASIA)'!$A$11:$AN$999,39,0)="",0,VLOOKUP(C178,'Agripp Holds PU (EU, ASIA)'!$A$11:$AN$999,39,0)) -> 0 | J178: =IF(ISERROR(VLOOKUP($E178,$B$2:$D$1047,2,0)),"",VLOOKUP($E178,$B$2:$D$1047,2,0)) | K178: =IF(ISERROR(VLOOKUP($J178,TableauDatanew,4,0)),"",VLOOKUP($J178,TableauDatanew,4,0)) | L178: =IF(ISERROR(VLOOKUP($J178,TableauDatanew,5,0)),"",VLOOKUP($J178,TableauDatanew,5,0)) | M178: =IF(ISERROR(VLOOKUP($J178,TableauDatanew,6,0)),"",VLOOKUP($J178,TableauDatanew,6,0)) | N178: =IF(ISERROR(VLOOKUP($J178,TableauDatanew,13,0)),"",VLOOKUP($J178,TableauDatanew,13,0)) | O178: =IF(ISERROR(VLOOKUP($J178,TableauDatanew,11,0)),"",VLOOKUP($J178,TableauDatanew,11,0)) | P178: =IF(ISERROR(VLOOKUP($J178,TableauDatanew,8,0)),"",VLOOKUP($J178,TableauDatanew,8,0)) | Q178: =IF(ISERROR(VLOOKUP($J178,TableauDatanew,10,0)),"",VLOOKUP($J178,TableauDatanew,10,0)) | R178: =IF(ISERROR(VLOOKUP(J178,C:D,2,0)),"",VLOOKUP(J178,C:D,2,0)) | S178: =IF(ISERROR(VLOOKUP(J178,C:F,4,0)),"",VLOOKUP(J178,C:F,4,0)) | T178: =IF(S178="","",$T$1)
A179: =IF(D179=0,"",1) | B179: =SUM($A$2:A179) -> 0 | C179: ='Agripp Holds PU (EU, ASIA)'!A192 -> HU178 | D179: =IF(VLOOKUP(C179,'Agripp Holds PU (EU, ASIA)'!$A$11:$AL$1003,37,0)="",0,VLOOKUP(C179,'Agripp Holds PU (EU, ASIA)'!$A$11:$AL$1003,37,0)) -> 0 | E179: 178 | F179: =IF(VLOOKUP(C179,'Agripp Holds PU (EU, ASIA)'!$A$11:$AN$999,39,0)="",0,VLOOKUP(C179,'Agripp Holds PU (EU, ASIA)'!$A$11:$AN$999,39,0)) -> 0 | J179: =IF(ISERROR(VLOOKUP($E179,$B$2:$D$1047,2,0)),"",VLOOKUP($E179,$B$2:$D$1047,2,0)) | K179: =IF(ISERROR(VLOOKUP($J179,TableauDatanew,4,0)),"",VLOOKUP($J179,TableauDatanew,4,0)) | L179: =IF(ISERROR(VLOOKUP($J179,TableauDatanew,5,0)),"",VLOOKUP($J179,TableauDatanew,5,0)) | M179: =IF(ISERROR(VLOOKUP($J179,TableauDatanew,6,0)),"",VLOOKUP($J179,TableauDatanew,6,0)) | N179: =IF(ISERROR(VLOOKUP($J179,TableauDatanew,13,0)),"",VLOOKUP($J179,TableauDatanew,13,0)) | O179: =IF(ISERROR(VLOOKUP($J179,TableauDatanew,11,0)),"",VLOOKUP($J179,TableauDatanew,11,0)) | P179: =IF(ISERROR(VLOOKUP($J179,TableauDatanew,8,0)),"",VLOOKUP($J179,TableauDatanew,8,0)) | Q179: =IF(ISERROR(VLOOKUP($J179,TableauDatanew,10,0)),"",VLOOKUP($J179,TableauDatanew,10,0)) | R179: =IF(ISERROR(VLOOKUP(J179,C:D,2,0)),"",VLOOKUP(J179,C:D,2,0)) | S179: =IF(ISERROR(VLOOKUP(J179,C:F,4,0)),"",VLOOKUP(J179,C:F,4,0)) | T179: =IF(S179="","",$T$1)
A180: =IF(D180=0,"",1) | B180: =SUM($A$2:A180) -> 0 | C180: ='Agripp Holds PU (EU, ASIA)'!A193 -> HU179 | D180: =IF(VLOOKUP(C180,'Agripp Holds PU (EU, ASIA)'!$A$11:$AL$1003,37,0)="",0,VLOOKUP(C180,'Agripp Holds PU (EU, ASIA)'!$A$11:$AL$1003,37,0)) -> 0 | E180: 179 | F180: =IF(VLOOKUP(C180,'Agripp Holds PU (EU, ASIA)'!$A$11:$AN$999,39,0)="",0,VLOOKUP(C180,'Agripp Holds PU (EU, ASIA)'!$A$11:$AN$999,39,0)) -> 0 | J180: =IF(ISERROR(VLOOKUP($E180,$B$2:$D$1047,2,0)),"",VLOOKUP($E180,$B$2:$D$1047,2,0)) | K180: =IF(ISERROR(VLOOKUP($J180,TableauDatanew,4,0)),"",VLOOKUP($J180,TableauDatanew,4,0)) | L180: =IF(ISERROR(VLOOKUP($J180,TableauDatanew,5,0)),"",VLOOKUP($J180,TableauDatanew,5,0)) | M180: =IF(ISERROR(VLOOKUP($J180,TableauDatanew,6,0)),"",VLOOKUP($J180,TableauDatanew,6,0)) | N180: =IF(ISERROR(VLOOKUP($J180,TableauDatanew,13,0)),"",VLOOKUP($J180,TableauDatanew,13,0)) | O180: =IF(ISERROR(VLOOKUP($J180,TableauDatanew,11,0)),"",VLOOKUP($J180,TableauDatanew,11,0)) | P180: =IF(ISERROR(VLOOKUP($J180,TableauDatanew,8,0)),"",VLOOKUP($J180,TableauDatanew,8,0)) | Q180: =IF(ISERROR(VLOOKUP($J180,TableauDatanew,10,0)),"",VLOOKUP($J180,TableauDatanew,10,0)) | R180: =IF(ISERROR(VLOOKUP(J180,C:D,2,0)),"",VLOOKUP(J180,C:D,2,0)) | S180: =IF(ISERROR(VLOOKUP(J180,C:F,4,0)),"",VLOOKUP(J180,C:F,4,0)) | T180: =IF(S180="","",$T$1)
... A200: =IF(D200=0,"",1) | B200: =SUM($A$2:A200) -> 0 | C200: ='Agripp Holds PU (EU, ASIA)'!A213 -> HU199 | D200: =IF(VLOOKUP(C200,'Agripp Holds PU (EU, ASIA)'!$A$11:$AL$1003,37,0)="",0,VLOOKUP(C200,'Agripp Holds PU (EU, ASIA)'!$A$11:$AL$1003,37,0)) -> 0 | E200: 199 | F200: =IF(VLOOKUP(C200,'Agripp Holds PU (EU, ASIA)'!$A$11:$AN$999,39,0)="",0,VLOOKUP(C200,'Agripp Holds PU (EU, ASIA)'!$A$11:$AN$999,39,0)) -> 0 | J200: =IF(ISERROR(VLOOKUP($E200,$B$2:$D$1047,2,0)),"",VLOOKUP($E200,$B$2:$D$1047,2,0)) | K200: =IF(ISERROR(VLOOKUP($J200,TableauDatanew,4,0)),"",VLOOKUP($J200,TableauDatanew,4,0)) | L200: =IF(ISERROR(VLOOKUP($J200,TableauDatanew,5,0)),"",VLOOKUP($J200,TableauDatanew,5,0)) | M200: =IF(ISERROR(VLOOKUP($J200,TableauDatanew,6,0)),"",VLOOKUP($J200,TableauDatanew,6,0)) | N200: =IF(ISERROR(VLOOKUP($J200,TableauDatanew,13,0)),"",VLOOKUP($J200,TableauDatanew,13,0)) | O200: =IF(ISERROR(VLOOKUP($J200,TableauDatanew,11,0)),"",VLOOKUP($J200,TableauDatanew,11,0)) | P200: =IF(ISERROR(VLOOKUP($J200,TableauDatanew,8,0)),"",VLOOKUP($J200,TableauDatanew,8,0)) | Q200: =IF(ISERROR(VLOOKUP($J200,TableauDatanew,10,0)),"",VLOOKUP($J200,TableauDatanew,10,0)) | R200: =IF(ISERROR(VLOOKUP(J200,C:D,2,0)),"",VLOOKUP(J200,C:D,2,0)) | S200: =IF(ISERROR(VLOOKUP(J200,C:F,4,0)),"",VLOOKUP(J200,C:F,4,0)) | T200: =IF(S200="","",$T$1)
A201: =IF(D201=0,"",1) | B201: =SUM($A$2:A201) -> 0 | C201: ='Agripp Holds PU (EU, ASIA)'!A215 -> HU200 | D201: =IF(VLOOKUP(C201,'Agripp Holds PU (EU, ASIA)'!$A$11:$AL$1003,37,0)="",0,VLOOKUP(C201,'Agripp Holds PU (EU, ASIA)'!$A$11:$AL$1003,37,0)) -> 0 | E201: 200 | F201: =IF(VLOOKUP(C201,'Agripp Holds PU (EU, ASIA)'!$A$11:$AN$999,39,0)="",0,VLOOKUP(C201,'Agripp Holds PU (EU, ASIA)'!$A$11:$AN$999,39,0)) -> 0 | J201: =IF(ISERROR(VLOOKUP($E201,$B$2:$D$1047,2,0)),"",VLOOKUP($E201,$B$2:$D$1047,2,0)) | K201: =IF(ISERROR(VLOOKUP($J201,TableauDatanew,4,0)),"",VLOOKUP($J201,TableauDatanew,4,0)) | L201: =IF(ISERROR(VLOOKUP($J201,TableauDatanew,5,0)),"",VLOOKUP($J201,TableauDatanew,5,0)) | M201: =IF(ISERROR(VLOOKUP($J201,TableauDatanew,6,0)),"",VLOOKUP($J201,TableauDatanew,6,0)) | N201: =IF(ISERROR(VLOOKUP($J201,TableauDatanew,13,0)),"",VLOOKUP($J201,TableauDatanew,13,0)) | O201: =IF(ISERROR(VLOOKUP($J201,TableauDatanew,11,0)),"",VLOOKUP($J201,TableauDatanew,11,0)) | P201: =IF(ISERROR(VLOOKUP($J201,TableauDatanew,8,0)),"",VLOOKUP($J201,TableauDatanew,8,0)) | Q201: =IF(ISERROR(VLOOKUP($J201,TableauDatanew,10,0)),"",VLOOKUP($J201,TableauDatanew,10,0)) | R201: =IF(ISERROR(VLOOKUP(J201,C:D,2,0)),"",VLOOKUP(J201,C:D,2,0)) | S201: =IF(ISERROR(VLOOKUP(J201,C:F,4,0)),"",VLOOKUP(J201,C:F,4,0)) | T201: =IF(S201="","",$T$1)
A202: =IF(D202=0,"",1) | B202: =SUM($A$2:A202) -> 0 | C202: ='Agripp Holds PU (EU, ASIA)'!A216 -> HU201 | D202: =IF(VLOOKUP(C202,'Agripp Holds PU (EU, ASIA)'!$A$11:$AL$1003,37,0)="",0,VLOOKUP(C202,'Agripp Holds PU (EU, ASIA)'!$A$11:$AL$1003,37,0)) -> 0 | E202: 201 | F202: =IF(VLOOKUP(C202,'Agripp Holds PU (EU, ASIA)'!$A$11:$AN$999,39,0)="",0,VLOOKUP(C202,'Agripp Holds PU (EU, ASIA)'!$A$11:$AN$999,39,0)) -> 0 | J202: =IF(ISERROR(VLOOKUP($E202,$B$2:$D$1047,2,0)),"",VLOOKUP($E202,$B$2:$D$1047,2,0)) | K202: =IF(ISERROR(VLOOKUP($J202,TableauDatanew,4,0)),"",VLOOKUP($J202,TableauDatanew,4,0)) | L202: =IF(ISERROR(VLOOKUP($J202,TableauDatanew,5,0)),"",VLOOKUP($J202,TableauDatanew,5,0)) | M202: =IF(ISERROR(VLOOKUP($J202,TableauDatanew,6,0)),"",VLOOKUP($J202,TableauDatanew,6,0)) | N202: =IF(ISERROR(VLOOKUP($J202,TableauDatanew,13,0)),"",VLOOKUP($J202,TableauDatanew,13,0)) | O202: =IF(ISERROR(VLOOKUP($J202,TableauDatanew,11,0)),"",VLOOKUP($J202,TableauDatanew,11,0)) | P202: =IF(ISERROR(VLOOKUP($J202,TableauDatanew,8,0)),"",VLOOKUP($J202,TableauDatanew,8,0)) | Q202: =IF(ISERROR(VLOOKUP($J202,TableauDatanew,10,0)),"",VLOOKUP($J202,TableauDatanew,10,0)) | R202: =IF(ISERROR(VLOOKUP(J202,C:D,2,0)),"",VLOOKUP(J202,C:D,2,0)) | S202: =IF(ISERROR(VLOOKUP(J202,C:F,4,0)),"",VLOOKUP(J202,C:F,4,0)) | T202: =IF(S202="","",$T$1)
A203: =IF(D203=0,"",1) | B203: =SUM($A$2:A203) -> 0 | C203: ='Agripp Holds PU (EU, ASIA)'!A217 -> HU202 | D203: =IF(VLOOKUP(C203,'Agripp Holds PU (EU, ASIA)'!$A$11:$AL$1003,37,0)="",0,VLOOKUP(C203,'Agripp Holds PU (EU, ASIA)'!$A$11:$AL$1003,37,0)) -> 0 | E203: 202 | F203: =IF(VLOOKUP(C203,'Agripp Holds PU (EU, ASIA)'!$A$11:$AN$999,39,0)="",0,VLOOKUP(C203,'Agripp Holds PU (EU, ASIA)'!$A$11:$AN$999,39,0)) -> 0 | J203: =IF(ISERROR(VLOOKUP($E203,$B$2:$D$1047,2,0)),"",VLOOKUP($E203,$B$2:$D$1047,2,0)) | K203: =IF(ISERROR(VLOOKUP($J203,TableauDatanew,4,0)),"",VLOOKUP($J203,TableauDatanew,4,0)) | L203: =IF(ISERROR(VLOOKUP($J203,TableauDatanew,5,0)),"",VLOOKUP($J203,TableauDatanew,5,0)) | M203: =IF(ISERROR(VLOOKUP($J203,TableauDatanew,6,0)),"",VLOOKUP($J203,TableauDatanew,6,0)) | N203: =IF(ISERROR(VLOOKUP($J203,TableauDatanew,13,0)),"",VLOOKUP($J203,TableauDatanew,13,0)) | O203: =IF(ISERROR(VLOOKUP($J203,TableauDatanew,11,0)),"",VLOOKUP($J203,TableauDatanew,11,0)) | P203: =IF(ISERROR(VLOOKUP($J203,TableauDatanew,8,0)),"",VLOOKUP($J203,TableauDatanew,8,0)) | Q203: =IF(ISERROR(VLOOKUP($J203,TableauDatanew,10,0)),"",VLOOKUP($J203,TableauDatanew,10,0)) | R203: =IF(ISERROR(VLOOKUP(J203,C:D,2,0)),"",VLOOKUP(J203,C:D,2,0)) | S203: =IF(ISERROR(VLOOKUP(J203,C:F,4,0)),"",VLOOKUP(J203,C:F,4,0)) | T203: =IF(S203="","",$T$1)
A204: =IF(D204=0,"",1) | B204: =SUM($A$2:A204) -> 0 | C204: ='Agripp Holds PU (EU, ASIA)'!A218 -> HU203 | D204: =IF(VLOOKUP(C204,'Agripp Holds PU (EU, ASIA)'!$A$11:$AL$1003,37,0)="",0,VLOOKUP(C204,'Agripp Holds PU (EU, ASIA)'!$A$11:$AL$1003,37,0)) -> 0 | E204: 203 | F204: =IF(VLOOKUP(C204,'Agripp Holds PU (EU, ASIA)'!$A$11:$AN$999,39,0)="",0,VLOOKUP(C204,'Agripp Holds PU (EU, ASIA)'!$A$11:$AN$999,39,0)) -> 0 | J204: =IF(ISERROR(VLOOKUP($E204,$B$2:$D$1047,2,0)),"",VLOOKUP($E204,$B$2:$D$1047,2,0)) | K204: =IF(ISERROR(VLOOKUP($J204,TableauDatanew,4,0)),"",VLOOKUP($J204,TableauDatanew,4,0)) | L204: =IF(ISERROR(VLOOKUP($J204,TableauDatanew,5,0)),"",VLOOKUP($J204,TableauDatanew,5,0)) | M204: =IF(ISERROR(VLOOKUP($J204,TableauDatanew,6,0)),"",VLOOKUP($J204,TableauDatanew,6,0)) | N204: =IF(ISERROR(VLOOKUP($J204,TableauDatanew,13,0)),"",VLOOKUP($J204,TableauDatanew,13,0)) | O204: =IF(ISERROR(VLOOKUP($J204,TableauDatanew,11,0)),"",VLOOKUP($J204,TableauDatanew,11,0)) | P204: =IF(ISERROR(VLOOKUP($J204,TableauDatanew,8,0)),"",VLOOKUP($J204,TableauDatanew,8,0)) | Q204: =IF(ISERROR(VLOOKUP($J204,TableauDatanew,10,0)),"",VLOOKUP($J204,TableauDatanew,10,0)) | R204: =IF(ISERROR(VLOOKUP(J204,C:D,2,0)),"",VLOOKUP(J204,C:D,2,0)) | S204: =IF(ISERROR(VLOOKUP(J204,C:F,4,0)),"",VLOOKUP(J204,C:F,4,0)) | T204: =IF(S204="","",$T$1)
A205: =IF(D205=0,"",1) | B205: =SUM($A$2:A205) -> 0 | C205: ='Agripp Holds PU (EU, ASIA)'!A219 -> HU204 | D205: =IF(VLOOKUP(C205,'Agripp Holds PU (EU, ASIA)'!$A$11:$AL$1003,37,0)="",0,VLOOKUP(C205,'Agripp Holds PU (EU, ASIA)'!$A$11:$AL$1003,37,0)) -> 0 | E205: 204 | F205: =IF(VLOOKUP(C205,'Agripp Holds PU (EU, ASIA)'!$A$11:$AN$999,39,0)="",0,VLOOKUP(C205,'Agripp Holds PU (EU, ASIA)'!$A$11:$AN$999,39,0)) -> 0 | J205: =IF(ISERROR(VLOOKUP($E205,$B$2:$D$1047,2,0)),"",VLOOKUP($E205,$B$2:$D$1047,2,0)) | K205: =IF(ISERROR(VLOOKUP($J205,TableauDatanew,4,0)),"",VLOOKUP($J205,TableauDatanew,4,0)) | L205: =IF(ISERROR(VLOOKUP($J205,TableauDatanew,5,0)),"",VLOOKUP($J205,TableauDatanew,5,0)) | M205: =IF(ISERROR(VLOOKUP($J205,TableauDatanew,6,0)),"",VLOOKUP($J205,TableauDatanew,6,0)) | N205: =IF(ISERROR(VLOOKUP($J205,TableauDatanew,13,0)),"",VLOOKUP($J205,TableauDatanew,13,0)) | O205: =IF(ISERROR(VLOOKUP($J205,TableauDatanew,11,0)),"",VLOOKUP($J205,TableauDatanew,11,0)) | P205: =IF(ISERROR(VLOOKUP($J205,TableauDatanew,8,0)),"",VLOOKUP($J205,TableauDatanew,8,0)) | Q205: =IF(ISERROR(VLOOKUP($J205,TableauDatanew,10,0)),"",VLOOKUP($J205,TableauDatanew,10,0)) | R205: =IF(ISERROR(VLOOKUP(J205,C:D,2,0)),"",VLOOKUP(J205,C:D,2,0)) | S205: =IF(ISERROR(VLOOKUP(J205,C:F,4,0)),"",VLOOKUP(J205,C:F,4,0)) | T205: =IF(S205="","",$T$1)
A206: =IF(D206=0,"",1) | B206: =SUM($A$2:A206) -> 0 | C206: ='Agripp Holds PU (EU, ASIA)'!A220 -> HU205 | D206: =IF(VLOOKUP(C206,'Agripp Holds PU (EU, ASIA)'!$A$11:$AL$1003,37,0)="",0,VLOOKUP(C206,'Agripp Holds PU (EU, ASIA)'!$A$11:$AL$1003,37,0)) -> 0 | E206: 205 | F206: =IF(VLOOKUP(C206,'Agripp Holds PU (EU, ASIA)'!$A$11:$AN$999,39,0)="",0,VLOOKUP(C206,'Agripp Holds PU (EU, ASIA)'!$A$11:$AN$999,39,0)) -> 0 | J206: =IF(ISERROR(VLOOKUP($E206,$B$2:$D$1047,2,0)),"",VLOOKUP($E206,$B$2:$D$1047,2,0)) | K206: =IF(ISERROR(VLOOKUP($J206,TableauDatanew,4,0)),"",VLOOKUP($J206,TableauDatanew,4,0)) | L206: =IF(ISERROR(VLOOKUP($J206,TableauDatanew,5,0)),"",VLOOKUP($J206,TableauDatanew,5,0)) | M206: =IF(ISERROR(VLOOKUP($J206,TableauDatanew,6,0)),"",VLOOKUP($J206,TableauDatanew,6,0)) | N206: =IF(ISERROR(VLOOKUP($J206,TableauDatanew,13,0)),"",VLOOKUP($J206,TableauDatanew,13,0)) | O206: =IF(ISERROR(VLOOKUP($J206,TableauDatanew,11,0)),"",VLOOKUP($J206,TableauDatanew,11,0)) | P206: =IF(ISERROR(VLOOKUP($J206,TableauDatanew,8,0)),"",VLOOKUP($J206,TableauDatanew,8,0)) | Q206: =IF(ISERROR(VLOOKUP($J206,TableauDatanew,10,0)),"",VLOOKUP($J206,TableauDatanew,10,0)) | R206: =IF(ISERROR(VLOOKUP(J206,C:D,2,0)),"",VLOOKUP(J206,C:D,2,0)) | S206: =IF(ISERROR(VLOOKUP(J206,C:F,4,0)),"",VLOOKUP(J206,C:F,4,0)) | T206: =IF(S206="","",$T$1)
A207: =IF(D207=0,"",1) | B207: =SUM($A$2:A207) -> 0 | C207: ='Agripp Holds PU (EU, ASIA)'!A221 -> HU206 | D207: =IF(VLOOKUP(C207,'Agripp Holds PU (EU, ASIA)'!$A$11:$AL$1003,37,0)="",0,VLOOKUP(C207,'Agripp Holds PU (EU, ASIA)'!$A$11:$AL$1003,37,0)) -> 0 | E207: 206 | F207: =IF(VLOOKUP(C207,'Agripp Holds PU (EU, ASIA)'!$A$11:$AN$999,39,0)="",0,VLOOKUP(C207,'Agripp Holds PU (EU, ASIA)'!$A$11:$AN$999,39,0)) -> 0 | J207: =IF(ISERROR(VLOOKUP($E207,$B$2:$D$1047,2,0)),"",VLOOKUP($E207,$B$2:$D$1047,2,0)) | K207: =IF(ISERROR(VLOOKUP($J207,TableauDatanew,4,0)),"",VLOOKUP($J207,TableauDatanew,4,0)) | L207: =IF(ISERROR(VLOOKUP($J207,TableauDatanew,5,0)),"",VLOOKUP($J207,TableauDatanew,5,0)) | M207: =IF(ISERROR(VLOOKUP($J207,TableauDatanew,6,0)),"",VLOOKUP($J207,TableauDatanew,6,0)) | N207: =IF(ISERROR(VLOOKUP($J207,TableauDatanew,13,0)),"",VLOOKUP($J207,TableauDatanew,13,0)) | O207: =IF(ISERROR(VLOOKUP($J207,TableauDatanew,11,0)),"",VLOOKUP($J207,TableauDatanew,11,0)) | P207: =IF(ISERROR(VLOOKUP($J207,TableauDatanew,8,0)),"",VLOOKUP($J207,TableauDatanew,8,0)) | Q207: =IF(ISERROR(VLOOKUP($J207,TableauDatanew,10,0)),"",VLOOKUP($J207,TableauDatanew,10,0)) | R207: =IF(ISERROR(VLOOKUP(J207,C:D,2,0)),"",VLOOKUP(J207,C:D,2,0)) | S207: =IF(ISERROR(VLOOKUP(J207,C:F,4,0)),"",VLOOKUP(J207,C:F,4,0)) | T207: =IF(S207="","",$T$1)
A208: =IF(D208=0,"",1) | B208: =SUM($A$2:A208) -> 0 | C208: ='Agripp Holds PU (EU, ASIA)'!A222 -> HU207 | D208: =IF(VLOOKUP(C208,'Agripp Holds PU (EU, ASIA)'!$A$11:$AL$1003,37,0)="",0,VLOOKUP(C208,'Agripp Holds PU (EU, ASIA)'!$A$11:$AL$1003,37,0)) -> 0 | E208: 207 | F208: =IF(VLOOKUP(C208,'Agripp Holds PU (EU, ASIA)'!$A$11:$AN$999,39,0)="",0,VLOOKUP(C208,'Agripp Holds PU (EU, ASIA)'!$A$11:$AN$999,39,0)) -> 0 | J208: =IF(ISERROR(VLOOKUP($E208,$B$2:$D$1047,2,0)),"",VLOOKUP($E208,$B$2:$D$1047,2,0)) | K208: =IF(ISERROR(VLOOKUP($J208,TableauDatanew,4,0)),"",VLOOKUP($J208,TableauDatanew,4,0)) | L208: =IF(ISERROR(VLOOKUP($J208,TableauDatanew,5,0)),"",VLOOKUP($J208,TableauDatanew,5,0)) | M208: =IF(ISERROR(VLOOKUP($J208,TableauDatanew,6,0)),"",VLOOKUP($J208,TableauDatanew,6,0)) | N208: =IF(ISERROR(VLOOKUP($J208,TableauDatanew,13,0)),"",VLOOKUP($J208,TableauDatanew,13,0)) | O208: =IF(ISERROR(VLOOKUP($J208,TableauDatanew,11,0)),"",VLOOKUP($J208,TableauDatanew,11,0)) | P208: =IF(ISERROR(VLOOKUP($J208,TableauDatanew,8,0)),"",VLOOKUP($J208,TableauDatanew,8,0)) | Q208: =IF(ISERROR(VLOOKUP($J208,TableauDatanew,10,0)),"",VLOOKUP($J208,TableauDatanew,10,0)) | R208: =IF(ISERROR(VLOOKUP(J208,C:D,2,0)),"",VLOOKUP(J208,C:D,2,0)) | S208: =IF(ISERROR(VLOOKUP(J208,C:F,4,0)),"",VLOOKUP(J208,C:F,4,0)) | T208: =IF(S208="","",$T$1)
A209: =IF(D209=0,"",1) | B209: =SUM($A$2:A209) -> 0 | C209: ='Agripp Holds PU (EU, ASIA)'!A223 -> HU208 | D209: =IF(VLOOKUP(C209,'Agripp Holds PU (EU, ASIA)'!$A$11:$AL$1003,37,0)="",0,VLOOKUP(C209,'Agripp Holds PU (EU, ASIA)'!$A$11:$AL$1003,37,0)) -> 0 | E209: 208 | F209: =IF(VLOOKUP(C209,'Agripp Holds PU (EU, ASIA)'!$A$11:$AN$999,39,0)="",0,VLOOKUP(C209,'Agripp Holds PU (EU, ASIA)'!$A$11:$AN$999,39,0)) -> 0 | J209: =IF(ISERROR(VLOOKUP($E209,$B$2:$D$1047,2,0)),"",VLOOKUP($E209,$B$2:$D$1047,2,0)) | K209: =IF(ISERROR(VLOOKUP($J209,TableauDatanew,4,0)),"",VLOOKUP($J209,TableauDatanew,4,0)) | L209: =IF(ISERROR(VLOOKUP($J209,TableauDatanew,5,0)),"",VLOOKUP($J209,TableauDatanew,5,0)) | M209: =IF(ISERROR(VLOOKUP($J209,TableauDatanew,6,0)),"",VLOOKUP($J209,TableauDatanew,6,0)) | N209: =IF(ISERROR(VLOOKUP($J209,TableauDatanew,13,0)),"",VLOOKUP($J209,TableauDatanew,13,0)) | O209: =IF(ISERROR(VLOOKUP($J209,TableauDatanew,11,0)),"",VLOOKUP($J209,TableauDatanew,11,0)) | P209: =IF(ISERROR(VLOOKUP($J209,TableauDatanew,8,0)),"",VLOOKUP($J209,TableauDatanew,8,0)) | Q209: =IF(ISERROR(VLOOKUP($J209,TableauDatanew,10,0)),"",VLOOKUP($J209,TableauDatanew,10,0)) | R209: =IF(ISERROR(VLOOKUP(J209,C:D,2,0)),"",VLOOKUP(J209,C:D,2,0)) | S209: =IF(ISERROR(VLOOKUP(J209,C:F,4,0)),"",VLOOKUP(J209,C:F,4,0)) | T209: =IF(S209="","",$T$1)
A210: =IF(D210=0,"",1) | B210: =SUM($A$2:A210) -> 0 | C210: ='Agripp Holds PU (EU, ASIA)'!A224 -> HU209 | D210: =IF(VLOOKUP(C210,'Agripp Holds PU (EU, ASIA)'!$A$11:$AL$1003,37,0)="",0,VLOOKUP(C210,'Agripp Holds PU (EU, ASIA)'!$A$11:$AL$1003,37,0)) -> 0 | E210: 209 | F210: =IF(VLOOKUP(C210,'Agripp Holds PU (EU, ASIA)'!$A$11:$AN$999,39,0)="",0,VLOOKUP(C210,'Agripp Holds PU (EU, ASIA)'!$A$11:$AN$999,39,0)) -> 0 | J210: =IF(ISERROR(VLOOKUP($E210,$B$2:$D$1047,2,0)),"",VLOOKUP($E210,$B$2:$D$1047,2,0)) | K210: =IF(ISERROR(VLOOKUP($J210,TableauDatanew,4,0)),"",VLOOKUP($J210,TableauDatanew,4,0)) | L210: =IF(ISERROR(VLOOKUP($J210,TableauDatanew,5,0)),"",VLOOKUP($J210,TableauDatanew,5,0)) | M210: =IF(ISERROR(VLOOKUP($J210,TableauDatanew,6,0)),"",VLOOKUP($J210,TableauDatanew,6,0)) | N210: =IF(ISERROR(VLOOKUP($J210,TableauDatanew,13,0)),"",VLOOKUP($J210,TableauDatanew,13,0)) | O210: =IF(ISERROR(VLOOKUP($J210,TableauDatanew,11,0)),"",VLOOKUP($J210,TableauDatanew,11,0)) | P210: =IF(ISERROR(VLOOKUP($J210,TableauDatanew,8,0)),"",VLOOKUP($J210,TableauDatanew,8,0)) | Q210: =IF(ISERROR(VLOOKUP($J210,TableauDatanew,10,0)),"",VLOOKUP($J210,TableauDatanew,10,0)) | R210: =IF(ISERROR(VLOOKUP(J210,C:D,2,0)),"",VLOOKUP(J210,C:D,2,0)) | S210: =IF(ISERROR(VLOOKUP(J210,C:F,4,0)),"",VLOOKUP(J210,C:F,4,0)) | T210: =IF(S210="","",$T$1)
A211: =IF(D211=0,"",1) | B211: =SUM($A$2:A211) -> 0 | C211: ='Agripp Holds PU (EU, ASIA)'!A225 -> HU210 | D211: =IF(VLOOKUP(C211,'Agripp Holds PU (EU, ASIA)'!$A$11:$AL$1003,37,0)="",0,VLOOKUP(C211,'Agripp Holds PU (EU, ASIA)'!$A$11:$AL$1003,37,0)) -> 0 | E211: 210 | F211: =IF(VLOOKUP(C211,'Agripp Holds PU (EU, ASIA)'!$A$11:$AN$999,39,0)="",0,VLOOKUP(C211,'Agripp Holds PU (EU, ASIA)'!$A$11:$AN$999,39,0)) -> 0 | J211: =IF(ISERROR(VLOOKUP($E211,$B$2:$D$1047,2,0)),"",VLOOKUP($E211,$B$2:$D$1047,2,0)) | K211: =IF(ISERROR(VLOOKUP($J211,TableauDatanew,4,0)),"",VLOOKUP($J211,TableauDatanew,4,0)) | L211: =IF(ISERROR(VLOOKUP($J211,TableauDatanew,5,0)),"",VLOOKUP($J211,TableauDatanew,5,0)) | M211: =IF(ISERROR(VLOOKUP($J211,TableauDatanew,6,0)),"",VLOOKUP($J211,TableauDatanew,6,0)) | N211: =IF(ISERROR(VLOOKUP($J211,TableauDatanew,13,0)),"",VLOOKUP($J211,TableauDatanew,13,0)) | O211: =IF(ISERROR(VLOOKUP($J211,TableauDatanew,11,0)),"",VLOOKUP($J211,TableauDatanew,11,0)) | P211: =IF(ISERROR(VLOOKUP($J211,TableauDatanew,8,0)),"",VLOOKUP($J211,TableauDatanew,8,0)) | Q211: =IF(ISERROR(VLOOKUP($J211,TableauDatanew,10,0)),"",VLOOKUP($J211,TableauDatanew,10,0)) | R211: =IF(ISERROR(VLOOKUP(J211,C:D,2,0)),"",VLOOKUP(J211,C:D,2,0)) | S211: =IF(ISERROR(VLOOKUP(J211,C:F,4,0)),"",VLOOKUP(J211,C:F,4,0)) | T211: =IF(S211="","",$T$1)
...

Sheet Summary(old)
B1: OFFICIAL DISTRIBUTOR
B2: Order form, not an invoice | P2: Version eff.:f | Q2: 2025-1.0
B3: DELIVERY | C3: FINAL CUSTOMER INFORMATIONS
B4: Address | G4: =ISBLANK(C4) -> TRUE
B5: City, | G5: =ISBLANK(C5) -> TRUE
B6: Country | G6: =ISBLANK(C6) -> TRUE
B7: VAT | G7: =ISBLANK(C7) -> TRUE
B8: Contact Name | G8: =ISBLANK(C8) -> TRUE
B9: Phone | G9: =ISBLANK(C9) -> TRUE
B10: e-mail | G10: =ISBLANK(C10) -> TRUE
B12: ='Data invoice'!X1 -> Summary | E12: Price | G12: Discount | H12: Price | J12: =P12 -> EUR | M12: Customise | N12: 1EUR = | O12: 1 | P12: EUR
B13: ='Data invoice'!X2 -> HOLDS | C13: ='Data invoice'!Y2 -> Sets | D13: ='Data invoice'!Z2 -> Holds
B14: ='Data invoice'!X3 -> PU Holds | C14: ='Data invoice'!Y3 -> 0 | D14: ='Data invoice'!Z3 -> 0 | E14: ='Data invoice'!AA3 -> 0 | G14: 0 | H14: =E14*(1-G14) -> 0 | M14: ='Agripp Holds PU (EU, ASIA)'!H2 -> PU | N14: ='Agripp Holds PU (EU, ASIA)'!I1 -> Sets | O14: ='Agripp Holds PU (EU, ASIA)'!J1 -> Holds | P14: ='Agripp Holds PU (EU, ASIA)'!K1 -> Price
B15: ='Data invoice'!X4 -> PE Holds | C15: ='Data invoice'!Y4 -> 0 | D15: ='Data invoice'!Z4 -> 0 | E15: ='Data invoice'!AA4 -> 0 | G15: 0 | H15: =E15*(1-G15) -> 0 | N15: ='Agripp Holds PU (EU, ASIA)'!I2 -> 0 | O15: ='Agripp Holds PU (EU, ASIA)'!J2 -> 0 | P15: ='Agripp Holds PU (EU, ASIA)'!K2 -> 0
B16: ='Data invoice'!X5 -> Total | C16: ='Data invoice'!Y5 -> 0 | D16: ='Data invoice'!Z5 -> 0 | E16: ='Data invoice'!AA5 -> 0 | G16: 0 | H16: =SUM(H14:H15) -> 0 | J16: =P12 -> EUR | M16: ='Agripp Holds PU (EU, ASIA)'!H3 -> Discount: | N16: ='Agripp Holds PU (EU, ASIA)'!I3 -> 0 | O16: Total: | P16: ='Agripp Holds PU (EU, ASIA)'!K4 -> 0
M17: ='Agripp Holds PU (EU, ASIA)'!H4 -> Weight (Kg): | N17: ='Agripp Holds PU (EU, ASIA)'!I4 -> 0
B18: ='Data invoice'!X7 -> GRP Macros | D18: Sets | E18: Price
B19: ='Data invoice'!X8 -> FULL FRICTION | D19: ='Data invoice'!Z8 -> 0 | E19: ='Data invoice'!AA8 -> 0 | G19: 0 | H19: =E19*(1-G19) -> 0 | M19: ='Agripp Holds PE (EU)'!E2 -> PE | N19: ='Agripp Holds PE (EU)'!F1 -> Sets | O19: ='Agripp Holds PE (EU)'!G1 -> Holds | P19: ='Agripp Holds PE (EU)'!H1 -> Price
B20: ='Data invoice'!X9 -> DUAL TEXTURE | D20: ='Data invoice'!Z9 -> 0 | E20: ='Data invoice'!AA9 -> 0 | G20: 0 | H20: =E20*(1-G20) -> 0 | N20: ='Agripp Holds PE (EU)'!F2 -> 0 | O20: ='Agripp Holds PE (EU)'!G2 -> 0 | P20: ='Agripp Holds PE (EU)'!H2 -> 0
B21: ='Data invoice'!X10 -> Total | D21: ='Data invoice'!Z10 -> 0 | E21: ='Data invoice'!AA10 -> 0 | G21: 0 | H21: =H19+H20 -> 0 | J21: =P12 -> EUR | M21: ='Agripp Holds PE (EU)'!E3 -> Discount: | N21: ='Agripp Holds PE (EU)'!F3 -> 0 | O21: Total: | P21: ='Agripp Holds PE (EU)'!H4 -> 0
M22: ='Agripp Holds PE (EU)'!E4 -> Weight (Kg): | N22: ='Agripp Holds PE (EU)'!F4 -> 0
B23: ='Data invoice'!X17 -> RECYCLED ABS MACROS | D23: Sets | E23: Price | G23: Discount | H23: Price
B24: ='Data invoice'!X18 -> NO TEXT | D24: ='Data invoice'!Z18 -> 0 | E24: ='Data invoice'!AA18 -> 0 | G24: ='Data invoice'!AC18 -> 0 | H24: =E24*(1-G24) -> 0
B25: ='Data invoice'!X19 -> FULL FRICTION | D25: ='Data invoice'!Z19 -> 0 | E25: ='Data invoice'!AA19 -> 0 | G25: ='Data invoice'!AC19 -> 0 | H25: =E25*(1-G25) -> 0 | M25: ='Agripp GRP Macros (EU, Asia) '!F1 -> Macros | O25: ='Agripp GRP Macros (EU, Asia) '!F1 -> Macros | P25: ='Agripp GRP Macros (EU, Asia) '!G1 -> Price
B26: ='Data invoice'!X20 -> DUAL TEXTURE | D26: ='Data invoice'!Z20 -> 0 | E26: ='Data invoice'!AA20 -> 0 | G26: ='Data invoice'!AC20 -> 0 | H26: =E26*(1-G26) -> 0 | M26: ='Agripp GRP Macros (EU, Asia) '!E2 -> Full friction | O26: ='Agripp GRP Macros (EU, Asia) '!F2 -> 0 | P26: ='Agripp GRP Macros (EU, Asia) '!G2 -> 0
B27: ='Data invoice'!X21 -> Total | D27: ='Data invoice'!Z21 -> 0 | E27: ='Data invoice'!AA21 -> 0 | G27: ='Data invoice'!AC23 -> 0 | H27: =SUM(H24:H26) -> 0 | J27: EUR | M27: ='Agripp GRP Macros (EU, Asia) '!E3 -> Dual texture | O27: ='Agripp GRP Macros (EU, Asia) '!F3 -> 0 | P27: ='Agripp GRP Macros (EU, Asia) '!G3 -> 0
M28: ='Agripp GRP Macros (EU, Asia) '!G4 -> Discount: | N28: ='Agripp GRP Macros (EU, Asia) '!H4 -> 0 | O28: Total: | P28: ='Agripp GRP Macros (EU, Asia) '!H5 -> 0
B29: ='Data invoice'!X12 -> WOODEN VOLUMES | D29: ='Data invoice'!Z12 -> Volumes | E29: Price | M29: ='Agripp GRP Macros (EU, Asia) '!E5 -> Weight (Kg): | N29: ='Agripp GRP Macros (EU, Asia) '!F5 -> 0
B30: ='Data invoice'!X13 -> FULL FRICTION | D30: ='Data invoice'!Z13 -> 0 | E30: 8750 | G30: 0.2 | H30: =E30*(1-G30) -> 7000
B31: ='Data invoice'!X14 -> DUAL TEXTURE | D31: ='Data invoice'!Z14 -> 0 | E31: ='Data invoice'!AA14 -> 0 | G31: 0 | H31: =E31*(1-G31) -> 0 | M31: ='Agripp Woods (Asia, EU)'!C2 -> Full texture | O31: ='Agripp Woods (Asia, EU)'!D1 -> Volumes | P31: ='Agripp Woods (Asia, EU)'!E1 -> Price
B32: ='Data invoice'!X15 -> Total | D32: ='Data invoice'!Z15 -> 0 | E32: ='Data invoice'!AA15 -> 0 | G32: 0 | H32: =E32*(1-G32) -> 0 | J32: =P12 -> EUR | M32: ='Agripp Woods (Asia, EU)'!C4 -> Discount: | N32: ='Agripp Woods (Asia, EU)'!D4 -> 0 | P32: ='Agripp Woods (Asia, EU)'!E4 -> 0 | Z32: ='Agripp Woods (Asia, EU)'!D2 -> 0 | AA32: ='Agripp Woods (Asia, EU)'!E2 -> 0
M33: ='Agripp Woods (Asia, EU)'!C5 -> Weight (Kg): | N33: ='Agripp Woods (Asia, EU)'!D5 -> 0 | O33: ='Agripp Woods (Asia, EU)'!E5 -> Total: | P33: ='Agripp Woods (Asia, EU)'!F5 -> 0
B35: TOTAL
B36: Total HT | C36: =H16+H21+H32+H27 -> 0 | E36: =$P$12 -> EUR
B37: ="VAT"&". "&'Invoice Agripp (EU)'!N11*100&"%" -> VAT. 0% | C37: =C36*'Invoice Agripp (EU)'!N11 -> 0 | E37: =$P$12 -> EUR
B38: Total TTC | C38: =C36+C37 -> 0 | E38: =$P$12 -> EUR
B39: Shipping 1 | C39: ='Invoice Agripp (EU)'!N9 -> 0 | E39: =$P$12 -> EUR
B40: Shipping 2 | C40: ='Invoice Agripp (EU)'!N10 -> 0 | E40: =$P$12 -> EUR
B41: Total TTC | C41: =C38+C39+C40 -> 0 | E41: =$P$12 -> EUR
B46: The validation of this order form implies full acceptance of Agripp’s General Terms and Conditions of Sale, available in the “General Terms & Conditions” tab.
B50: Details of the order
B51: ='Data invoice'!K1 -> Category | C51: ='Data invoice'!L1 -> Range | D51: ='Data invoice'!M1 -> Name | E51: ='Data invoice'!N1 -> Material | F51: ='Data invoice'!O1 -> Prod/sets | G51: ='Data invoice'!P1 -> Finition | H51: ='Data invoice'!Q1 -> Size | I51: ='Data invoice'!R1 -> Sets | J51: ='Data invoice'!S1 -> Price | K51: =P12 -> EUR
B52: =IF('Data invoice'!J2=0,"",'Data invoice'!K2) | C52: =IF('Data invoice'!K2=0,"",'Data invoice'!L2) | D52: =IF('Data invoice'!L2=0,"",'Data invoice'!M2) | E52: =IF('Data invoice'!M2=0,"",'Data invoice'!N2) | F52: =IF('Data invoice'!N2=0,"",'Data invoice'!O2) | G52: =IF('Data invoice'!O2=0,"",'Data invoice'!P2) | H52: =IF('Data invoice'!P2=0,"",'Data invoice'!Q2) | I52: =IF('Data invoice'!Q2=0,"",'Data invoice'!R2) | ... K52: =IF('Data invoice'!S2=0,"",'Data invoice'!T2)
B53: =IF('Data invoice'!J3=0,"",'Data invoice'!K3) | C53: =IF('Data invoice'!K3=0,"",'Data invoice'!L3) | D53: =IF('Data invoice'!L3=0,"",'Data invoice'!M3) | E53: =IF('Data invoice'!M3=0,"",'Data invoice'!N3) | F53: =IF('Data invoice'!N3=0,"",'Data invoice'!O3) | G53: =IF('Data invoice'!O3=0,"",'Data invoice'!P3) | H53: =IF('Data invoice'!P3=0,"",'Data invoice'!Q3) | I53: =IF('Data invoice'!Q3=0,"",'Data invoice'!R3) | ... K53: =IF('Data invoice'!S3=0,"",'Data invoice'!T3)
B54: =IF('Data invoice'!J4=0,"",'Data invoice'!K4) | C54: =IF('Data invoice'!K4=0,"",'Data invoice'!L4) | D54: =IF('Data invoice'!L4=0,"",'Data invoice'!M4) | E54: =IF('Data invoice'!M4=0,"",'Data invoice'!N4) | F54: =IF('Data invoice'!N4=0,"",'Data invoice'!O4) | G54: =IF('Data invoice'!O4=0,"",'Data invoice'!P4) | H54: =IF('Data invoice'!P4=0,"",'Data invoice'!Q4) | I54: =IF('Data invoice'!Q4=0,"",'Data invoice'!R4) | ... K54: =IF('Data invoice'!S4=0,"",'Data invoice'!T4)
B55: =IF('Data invoice'!J5=0,"",'Data invoice'!K5) | C55: =IF('Data invoice'!K5=0,"",'Data invoice'!L5) | D55: =IF('Data invoice'!L5=0,"",'Data invoice'!M5) | E55: =IF('Data invoice'!M5=0,"",'Data invoice'!N5) | F55: =IF('Data invoice'!N5=0,"",'Data invoice'!O5) | G55: =IF('Data invoice'!O5=0,"",'Data invoice'!P5) | H55: =IF('Data invoice'!P5=0,"",'Data invoice'!Q5) | I55: =IF('Data invoice'!Q5=0,"",'Data invoice'!R5) | ... K55: =IF('Data invoice'!S5=0,"",'Data invoice'!T5)
B56: =IF('Data invoice'!J6=0,"",'Data invoice'!K6) | C56: =IF('Data invoice'!K6=0,"",'Data invoice'!L6) | D56: =IF('Data invoice'!L6=0,"",'Data invoice'!M6) | E56: =IF('Data invoice'!M6=0,"",'Data invoice'!N6) | F56: =IF('Data invoice'!N6=0,"",'Data invoice'!O6) | G56: =IF('Data invoice'!O6=0,"",'Data invoice'!P6) | H56: =IF('Data invoice'!P6=0,"",'Data invoice'!Q6) | I56: =IF('Data invoice'!Q6=0,"",'Data invoice'!R6) | ... K56: =IF('Data invoice'!S6=0,"",'Data invoice'!T6)
B57: =IF('Data invoice'!J7=0,"",'Data invoice'!K7) | C57: =IF('Data invoice'!K7=0,"",'Data invoice'!L7) | D57: =IF('Data invoice'!L7=0,"",'Data invoice'!M7) | E57: =IF('Data invoice'!M7=0,"",'Data invoice'!N7) | F57: =IF('Data invoice'!N7=0,"",'Data invoice'!O7) | G57: =IF('Data invoice'!O7=0,"",'Data invoice'!P7) | H57: =IF('Data invoice'!P7=0,"",'Data invoice'!Q7) | I57: =IF('Data invoice'!Q7=0,"",'Data invoice'!R7) | ... K57: =IF('Data invoice'!S7=0,"",'Data invoice'!T7)
B58: =IF('Data invoice'!J8=0,"",'Data invoice'!K8) | C58: =IF('Data invoice'!K8=0,"",'Data invoice'!L8) | D58: =IF('Data invoice'!L8=0,"",'Data invoice'!M8) | E58: =IF('Data invoice'!M8=0,"",'Data invoice'!N8) | F58: =IF('Data invoice'!N8=0,"",'Data invoice'!O8) | G58: =IF('Data invoice'!O8=0,"",'Data invoice'!P8) | H58: =IF('Data invoice'!P8=0,"",'Data invoice'!Q8) | I58: =IF('Data invoice'!Q8=0,"",'Data invoice'!R8) | ... K58: =IF('Data invoice'!S8=0,"",'Data invoice'!T8)
B59: =IF('Data invoice'!J9=0,"",'Data invoice'!K9) | C59: =IF('Data invoice'!K9=0,"",'Data invoice'!L9) | D59: =IF('Data invoice'!L9=0,"",'Data invoice'!M9) | E59: =IF('Data invoice'!M9=0,"",'Data invoice'!N9) | F59: =IF('Data invoice'!N9=0,"",'Data invoice'!O9) | G59: =IF('Data invoice'!O9=0,"",'Data invoice'!P9) | H59: =IF('Data invoice'!P9=0,"",'Data invoice'!Q9) | I59: =IF('Data invoice'!Q9=0,"",'Data invoice'!R9) | ... K59: =IF('Data invoice'!S9=0,"",'Data invoice'!T9)
B60: =IF('Data invoice'!J10=0,"",'Data invoice'!K10) | C60: =IF('Data invoice'!K10=0,"",'Data invoice'!L10) | D60: =IF('Data invoice'!L10=0,"",'Data invoice'!M10) | E60: =IF('Data invoice'!M10=0,"",'Data invoice'!N10) | F60: =IF('Data invoice'!N10=0,"",'Data invoice'!O10) | G60: =IF('Data invoice'!O10=0,"",'Data invoice'!P10) | H60: =IF('Data invoice'!P10=0,"",'Data invoice'!Q10) | I60: =IF('Data invoice'!Q10=0,"",'Data invoice'!R10) | ... K60: =IF('Data invoice'!S10=0,"",'Data invoice'!T10)
B61: =IF('Data invoice'!J11=0,"",'Data invoice'!K11) | C61: =IF('Data invoice'!K11=0,"",'Data invoice'!L11) | D61: =IF('Data invoice'!L11=0,"",'Data invoice'!M11) | E61: =IF('Data invoice'!M11=0,"",'Data invoice'!N11) | F61: =IF('Data invoice'!N11=0,"",'Data invoice'!O11) | G61: =IF('Data invoice'!O11=0,"",'Data invoice'!P11) | H61: =IF('Data invoice'!P11=0,"",'Data invoice'!Q11) | I61: =IF('Data invoice'!Q11=0,"",'Data invoice'!R11) | ... K61: =IF('Data invoice'!S11=0,"",'Data invoice'!T11)
B62: =IF('Data invoice'!J12=0,"",'Data invoice'!K12) | C62: =IF('Data invoice'!K12=0,"",'Data invoice'!L12) | D62: =IF('Data invoice'!L12=0,"",'Data invoice'!M12) | E62: =IF('Data invoice'!M12=0,"",'Data invoice'!N12) | F62: =IF('Data invoice'!N12=0,"",'Data invoice'!O12) | G62: =IF('Data invoice'!O12=0,"",'Data invoice'!P12) | H62: =IF('Data invoice'!P12=0,"",'Data invoice'!Q12) | I62: =IF('Data invoice'!Q12=0,"",'Data invoice'!R12) | ... K62: =IF('Data invoice'!S12=0,"",'Data invoice'!T12)
B63: =IF('Data invoice'!J13=0,"",'Data invoice'!K13) | C63: =IF('Data invoice'!K13=0,"",'Data invoice'!L13) | D63: =IF('Data invoice'!L13=0,"",'Data invoice'!M13) | E63: =IF('Data invoice'!M13=0,"",'Data invoice'!N13) | F63: =IF('Data invoice'!N13=0,"",'Data invoice'!O13) | G63: =IF('Data invoice'!O13=0,"",'Data invoice'!P13) | H63: =IF('Data invoice'!P13=0,"",'Data invoice'!Q13) | I63: =IF('Data invoice'!Q13=0,"",'Data invoice'!R13) | ... K63: =IF('Data invoice'!S13=0,"",'Data invoice'!T13)
... B248: =IF('Data invoice'!J198=0,"",'Data invoice'!K198) | C248: =IF('Data invoice'!K198=0,"",'Data invoice'!L198) | D248: =IF('Data invoice'!L198=0,"",'Data invoice'!M198) | E248: =IF('Data invoice'!M198=0,"",'Data invoice'!N198) | F248: =IF('Data invoice'!N198=0,"",'Data invoice'!O198) | G248: =IF('Data invoice'!O198=0,"",'Data invoice'!P198) | H248: =IF('Data invoice'!P198=0,"",'Data invoice'!Q198) | I248: =IF('Data invoice'!Q198=0,"",'Data invoice'!R198) | ... K248: =IF('Data invoice'!S198=0,"",'Data invoice'!T198)
B249: =IF('Data invoice'!J327=0,"",'Data invoice'!K327) | C249: =IF('Data invoice'!K327=0,"",'Data invoice'!L327) | D249: =IF('Data invoice'!L327=0,"",'Data invoice'!M327) | E249: =IF('Data invoice'!M327=0,"",'Data invoice'!N327) | F249: =IF('Data invoice'!N327=0,"",'Data invoice'!O327) | G249: =IF('Data invoice'!O327=0,"",'Data invoice'!P327) | H249: =IF('Data invoice'!P327=0,"",'Data invoice'!Q327) | I249: =IF('Data invoice'!Q327=0,"",'Data invoice'!R327) | ... K249: =IF('Data invoice'!S327=0,"",'Data invoice'!T327)
B250: =IF('Data invoice'!J328=0,"",'Data invoice'!K328) | C250: =IF('Data invoice'!K328=0,"",'Data invoice'!L328) | D250: =IF('Data invoice'!L328=0,"",'Data invoice'!M328) | E250: =IF('Data invoice'!M328=0,"",'Data invoice'!N328) | F250: =IF('Data invoice'!N328=0,"",'Data invoice'!O328) | G250: =IF('Data invoice'!O328=0,"",'Data invoice'!P328) | H250: =IF('Data invoice'!P328=0,"",'Data invoice'!Q328) | I250: =IF('Data invoice'!Q328=0,"",'Data invoice'!R328) | ... K250: =IF('Data invoice'!S328=0,"",'Data invoice'!T328)
B251: =IF('Data invoice'!J329=0,"",'Data invoice'!K329) | C251: =IF('Data invoice'!K329=0,"",'Data invoice'!L329) | D251: =IF('Data invoice'!L329=0,"",'Data invoice'!M329) | E251: =IF('Data invoice'!M329=0,"",'Data invoice'!N329) | F251: =IF('Data invoice'!N329=0,"",'Data invoice'!O329) | G251: =IF('Data invoice'!O329=0,"",'Data invoice'!P329) | H251: =IF('Data invoice'!P329=0,"",'Data invoice'!Q329) | I251: =IF('Data invoice'!Q329=0,"",'Data invoice'!R329) | ... K251: =IF('Data invoice'!S329=0,"",'Data invoice'!T329)
B252: =IF('Data invoice'!J330=0,"",'Data invoice'!K330) | C252: =IF('Data invoice'!K330=0,"",'Data invoice'!L330) | D252: =IF('Data invoice'!L330=0,"",'Data invoice'!M330) | E252: =IF('Data invoice'!M330=0,"",'Data invoice'!N330) | F252: =IF('Data invoice'!N330=0,"",'Data invoice'!O330) | G252: =IF('Data invoice'!O330=0,"",'Data invoice'!P330) | H252: =IF('Data invoice'!P330=0,"",'Data invoice'!Q330) | I252: =IF('Data invoice'!Q330=0,"",'Data invoice'!R330) | ... K252: =IF('Data invoice'!S330=0,"",'Data invoice'!T330)
B253: =IF('Data invoice'!J331=0,"",'Data invoice'!K331) | C253: =IF('Data invoice'!K331=0,"",'Data invoice'!L331) | D253: =IF('Data invoice'!L331=0,"",'Data invoice'!M331) | E253: =IF('Data invoice'!M331=0,"",'Data invoice'!N331) | F253: =IF('Data invoice'!N331=0,"",'Data invoice'!O331) | G253: =IF('Data invoice'!O331=0,"",'Data invoice'!P331) | H253: =IF('Data invoice'!P331=0,"",'Data invoice'!Q331) | I253: =IF('Data invoice'!Q331=0,"",'Data invoice'!R331) | ... K253: =IF('Data invoice'!S331=0,"",'Data invoice'!T331)
B254: =IF('Data invoice'!J332=0,"",'Data invoice'!K332) | C254: =IF('Data invoice'!K332=0,"",'Data invoice'!L332) | D254: =IF('Data invoice'!L332=0,"",'Data invoice'!M332) | E254: =IF('Data invoice'!M332=0,"",'Data invoice'!N332) | F254: =IF('Data invoice'!N332=0,"",'Data invoice'!O332) | G254: =IF('Data invoice'!O332=0,"",'Data invoice'!P332) | H254: =IF('Data invoice'!P332=0,"",'Data invoice'!Q332) | I254: =IF('Data invoice'!Q332=0,"",'Data invoice'!R332) | ... K254: =IF('Data invoice'!S332=0,"",'Data invoice'!T332)
B255: =IF('Data invoice'!J333=0,"",'Data invoice'!K333) | C255: =IF('Data invoice'!K333=0,"",'Data invoice'!L333) | D255: =IF('Data invoice'!L333=0,"",'Data invoice'!M333) | E255: =IF('Data invoice'!M333=0,"",'Data invoice'!N333) | F255: =IF('Data invoice'!N333=0,"",'Data invoice'!O333) | G255: =IF('Data invoice'!O333=0,"",'Data invoice'!P333) | H255: =IF('Data invoice'!P333=0,"",'Data invoice'!Q333) | I255: =IF('Data invoice'!Q333=0,"",'Data invoice'!R333) | ... K255: =IF('Data invoice'!S333=0,"",'Data invoice'!T333)
B256: =IF('Data invoice'!#REF!=0,"",'Data invoice'!#REF!) -> #REF! | C256: =IF('Data invoice'!#REF!=0,"",'Data invoice'!#REF!) -> #REF! | D256: =IF('Data invoice'!#REF!=0,"",'Data invoice'!#REF!) -> #REF! | E256: =IF('Data invoice'!#REF!=0,"",'Data invoice'!#REF!) -> #REF! | F256: =IF('Data invoice'!#REF!=0,"",'Data invoice'!#REF!) -> #REF! | G256: =IF('Data invoice'!#REF!=0,"",'Data invoice'!#REF!) -> #REF! | H256: =IF('Data invoice'!#REF!=0,"",'Data invoice'!#REF!) -> #REF! | I256: =IF('Data invoice'!#REF!=0,"",'Data invoice'!#REF!) -> #REF! | ... K256: =IF('Data invoice'!#REF!=0,"",'Data invoice'!#REF!) -> #REF!
B257: =IF('Data invoice'!J334=0,"",'Data invoice'!K334) | C257: =IF('Data invoice'!K334=0,"",'Data invoice'!L334) | D257: =IF('Data invoice'!L334=0,"",'Data invoice'!M334) | E257: =IF('Data invoice'!M334=0,"",'Data invoice'!N334) | F257: =IF('Data invoice'!N334=0,"",'Data invoice'!O334) | G257: =IF('Data invoice'!O334=0,"",'Data invoice'!P334) | H257: =IF('Data invoice'!P334=0,"",'Data invoice'!Q334) | I257: =IF('Data invoice'!Q334=0,"",'Data invoice'!R334) | ... K257: =IF('Data invoice'!S334=0,"",'Data invoice'!T334)
B258: =IF('Data invoice'!J335=0,"",'Data invoice'!K335) | C258: =IF('Data invoice'!K335=0,"",'Data invoice'!L335) | D258: =IF('Data invoice'!L335=0,"",'Data invoice'!M335) | E258: =IF('Data invoice'!M335=0,"",'Data invoice'!N335) | F258: =IF('Data invoice'!N335=0,"",'Data invoice'!O335) | G258: =IF('Data invoice'!O335=0,"",'Data invoice'!P335) | H258: =IF('Data invoice'!P335=0,"",'Data invoice'!Q335) | I258: =IF('Data invoice'!Q335=0,"",'Data invoice'!R335) | ... K258: =IF('Data invoice'!S335=0,"",'Data invoice'!T335)
B259: =IF('Data invoice'!J336=0,"",'Data invoice'!K336) | C259: =IF('Data invoice'!K336=0,"",'Data invoice'!L336) | D259: =IF('Data invoice'!L336=0,"",'Data invoice'!M336) | E259: =IF('Data invoice'!M336=0,"",'Data invoice'!N336) | F259: =IF('Data invoice'!N336=0,"",'Data invoice'!O336) | G259: =IF('Data invoice'!O336=0,"",'Data invoice'!P336) | H259: =IF('Data invoice'!P336=0,"",'Data invoice'!Q336) | I259: =IF('Data invoice'!Q336=0,"",'Data invoice'!R336) | ... K259: =IF('Data invoice'!S336=0,"",'Data invoice'!T336)
B260: =IF('Data invoice'!J337=0,"",'Data invoice'!K337) | C260: =IF('Data invoice'!K337=0,"",'Data invoice'!L337) | D260: =IF('Data invoice'!L337=0,"",'Data invoice'!M337) | E260: =IF('Data invoice'!M337=0,"",'Data invoice'!N337) | F260: =IF('Data invoice'!N337=0,"",'Data invoice'!O337) | G260: =IF('Data invoice'!O337=0,"",'Data invoice'!P337) | H260: =IF('Data invoice'!P337=0,"",'Data invoice'!Q337) | I260: =IF('Data invoice'!Q337=0,"",'Data invoice'!R337) | ... K260: =IF('Data invoice'!S337=0,"",'Data invoice'!T337)
B261: =IF('Data invoice'!J338=0,"",'Data invoice'!K338) | C261: =IF('Data invoice'!K338=0,"",'Data invoice'!L338) | D261: =IF('Data invoice'!L338=0,"",'Data invoice'!M338) | E261: =IF('Data invoice'!M338=0,"",'Data invoice'!N338) | F261: =IF('Data invoice'!N338=0,"",'Data invoice'!O338) | G261: =IF('Data invoice'!O338=0,"",'Data invoice'!P338) | H261: =IF('Data invoice'!P338=0,"",'Data invoice'!Q338) | I261: =IF('Data invoice'!Q338=0,"",'Data invoice'!R338) | ... K261: =IF('Data invoice'!S338=0,"",'Data invoice'!T338)
B262: =IF('Data invoice'!J339=0,"",'Data invoice'!K339) | C262: =IF('Data invoice'!K339=0,"",'Data invoice'!L339) | D262: =IF('Data invoice'!L339=0,"",'Data invoice'!M339) | E262: =IF('Data invoice'!M339=0,"",'Data invoice'!N339) | F262: =IF('Data invoice'!N339=0,"",'Data invoice'!O339) | G262: =IF('Data invoice'!O339=0,"",'Data invoice'!P339) | H262: =IF('Data invoice'!P339=0,"",'Data invoice'!Q339) | I262: =IF('Data invoice'!Q339=0,"",'Data invoice'!R339) | ... K262: =IF('Data invoice'!S339=0,"",'Data invoice'!T339)
B263: =IF('Data invoice'!J340=0,"",'Data invoice'!K340) | C263: =IF('Data invoice'!K340=0,"",'Data invoice'!L340) | D263: =IF('Data invoice'!L340=0,"",'Data invoice'!M340) | E263: =IF('Data invoice'!M340=0,"",'Data invoice'!N340) | F263: =IF('Data invoice'!N340=0,"",'Data invoice'!O340) | G263: =IF('Data invoice'!O340=0,"",'Data invoice'!P340) | H263: =IF('Data invoice'!P340=0,"",'Data invoice'!Q340) | I263: =IF('Data invoice'!Q340=0,"",'Data invoice'!R340) | ... K263: =IF('Data invoice'!S340=0,"",'Data invoice'!T340)
B264: =IF('Data invoice'!J341=0,"",'Data invoice'!K341) | C264: =IF('Data invoice'!K341=0,"",'Data invoice'!L341) | D264: =IF('Data invoice'!L341=0,"",'Data invoice'!M341) | E264: =IF('Data invoice'!M341=0,"",'Data invoice'!N341) | F264: =IF('Data invoice'!N341=0,"",'Data invoice'!O341) | G264: =IF('Data invoice'!O341=0,"",'Data invoice'!P341) | H264: =IF('Data invoice'!P341=0,"",'Data invoice'!Q341) | I264: =IF('Data invoice'!Q341=0,"",'Data invoice'!R341) | ... K264: =IF('Data invoice'!S341=0,"",'Data invoice'!T341)
B265: =IF('Data invoice'!J342=0,"",'Data invoice'!K342) | C265: =IF('Data invoice'!K342=0,"",'Data invoice'!L342) | D265: =IF('Data invoice'!L342=0,"",'Data invoice'!M342) | E265: =IF('Data invoice'!M342=0,"",'Data invoice'!N342) | F265: =IF('Data invoice'!N342=0,"",'Data invoice'!O342) | G265: =IF('Data invoice'!O342=0,"",'Data invoice'!P342) | H265: =IF('Data invoice'!P342=0,"",'Data invoice'!Q342) | I265: =IF('Data invoice'!Q342=0,"",'Data invoice'!R342) | ... K265: =IF('Data invoice'!S342=0,"",'Data invoice'!T342)
B266: =IF('Data invoice'!J343=0,"",'Data invoice'!K343) | C266: =IF('Data invoice'!K343=0,"",'Data invoice'!L343) | D266: =IF('Data invoice'!L343=0,"",'Data invoice'!M343) | E266: =IF('Data invoice'!M343=0,"",'Data invoice'!N343) | F266: =IF('Data invoice'!N343=0,"",'Data invoice'!O343) | G266: =IF('Data invoice'!O343=0,"",'Data invoice'!P343) | H266: =IF('Data invoice'!P343=0,"",'Data invoice'!Q343) | I266: =IF('Data invoice'!Q343=0,"",'Data invoice'!R343) | ... K266: =IF('Data invoice'!S343=0,"",'Data invoice'!T343)
B267: =IF('Data invoice'!J344=0,"",'Data invoice'!K344) | C267: =IF('Data invoice'!K344=0,"",'Data invoice'!L344) | D267: =IF('Data invoice'!L344=0,"",'Data invoice'!M344) | E267: =IF('Data invoice'!M344=0,"",'Data invoice'!N344) | F267: =IF('Data invoice'!N344=0,"",'Data invoice'!O344) | G267: =IF('Data invoice'!O344=0,"",'Data invoice'!P344) | H267: =IF('Data invoice'!P344=0,"",'Data invoice'!Q344) | I267: =IF('Data invoice'!Q344=0,"",'Data invoice'!R344) | ... K267: =IF('Data invoice'!S344=0,"",'Data invoice'!T344)
B268: =IF('Data invoice'!J345=0,"",'Data invoice'!K345) | C268: =IF('Data invoice'!K345=0,"",'Data invoice'!L345) | D268: =IF('Data invoice'!L345=0,"",'Data invoice'!M345) | E268: =IF('Data invoice'!M345=0,"",'Data invoice'!N345) | F268: =IF('Data invoice'!N345=0,"",'Data invoice'!O345) | G268: =IF('Data invoice'!O345=0,"",'Data invoice'!P345) | H268: =IF('Data invoice'!P345=0,"",'Data invoice'!Q345) | I268: =IF('Data invoice'!Q345=0,"",'Data invoice'!R345) | ... K268: =IF('Data invoice'!S345=0,"",'Data invoice'!T345)
... B284: =IF('Data invoice'!J361=0,"",'Data invoice'!K361) | C284: =IF('Data invoice'!K361=0,"",'Data invoice'!L361) | D284: =IF('Data invoice'!L361=0,"",'Data invoice'!M361) | E284: =IF('Data invoice'!M361=0,"",'Data invoice'!N361) | F284: =IF('Data invoice'!N361=0,"",'Data invoice'!O361) | G284: =IF('Data invoice'!O361=0,"",'Data invoice'!P361) | H284: =IF('Data invoice'!P361=0,"",'Data invoice'!Q361) | I284: =IF('Data invoice'!Q361=0,"",'Data invoice'!R361) | ... K284: =IF('Data invoice'!S361=0,"",'Data invoice'!T361)
B285: =IF('Data invoice'!#REF!=0,"",'Data invoice'!#REF!) -> #REF! | C285: =IF('Data invoice'!#REF!=0,"",'Data invoice'!#REF!) -> #REF! | D285: =IF('Data invoice'!#REF!=0,"",'Data invoice'!#REF!) -> #REF! | E285: =IF('Data invoice'!#REF!=0,"",'Data invoice'!#REF!) -> #REF! | F285: =IF('Data invoice'!#REF!=0,"",'Data invoice'!#REF!) -> #REF! | G285: =IF('Data invoice'!#REF!=0,"",'Data invoice'!#REF!) -> #REF! | H285: =IF('Data invoice'!#REF!=0,"",'Data invoice'!#REF!) -> #REF! | I285: =IF('Data invoice'!#REF!=0,"",'Data invoice'!#REF!) -> #REF! | ... K285: =IF('Data invoice'!#REF!=0,"",'Data invoice'!#REF!) -> #REF!
B286: =IF('Data invoice'!J362=0,"",'Data invoice'!K362) | C286: =IF('Data invoice'!K362=0,"",'Data invoice'!L362) | D286: =IF('Data invoice'!L362=0,"",'Data invoice'!M362) | E286: =IF('Data invoice'!M362=0,"",'Data invoice'!N362) | F286: =IF('Data invoice'!N362=0,"",'Data invoice'!O362) | G286: =IF('Data invoice'!O362=0,"",'Data invoice'!P362) | H286: =IF('Data invoice'!P362=0,"",'Data invoice'!Q362) | I286: =IF('Data invoice'!Q362=0,"",'Data invoice'!R362) | ... K286: =IF('Data invoice'!S362=0,"",'Data invoice'!T362)
B287: =IF('Data invoice'!J363=0,"",'Data invoice'!K363) | C287: =IF('Data invoice'!K363=0,"",'Data invoice'!L363) | D287: =IF('Data invoice'!L363=0,"",'Data invoice'!M363) | E287: =IF('Data invoice'!M363=0,"",'Data invoice'!N363) | F287: =IF('Data invoice'!N363=0,"",'Data invoice'!O363) | G287: =IF('Data invoice'!O363=0,"",'Data invoice'!P363) | H287: =IF('Data invoice'!P363=0,"",'Data invoice'!Q363) | I287: =IF('Data invoice'!Q363=0,"",'Data invoice'!R363) | ... K287: =IF('Data invoice'!S363=0,"",'Data invoice'!T363)
B288: =IF('Data invoice'!J364=0,"",'Data invoice'!K364) | C288: =IF('Data invoice'!K364=0,"",'Data invoice'!L364) | D288: =IF('Data invoice'!L364=0,"",'Data invoice'!M364) | E288: =IF('Data invoice'!M364=0,"",'Data invoice'!N364) | F288: =IF('Data invoice'!N364=0,"",'Data invoice'!O364) | G288: =IF('Data invoice'!O364=0,"",'Data invoice'!P364) | H288: =IF('Data invoice'!P364=0,"",'Data invoice'!Q364) | I288: =IF('Data invoice'!Q364=0,"",'Data invoice'!R364) | ... K288: =IF('Data invoice'!S364=0,"",'Data invoice'!T364)
B289: =IF('Data invoice'!J365=0,"",'Data invoice'!K365) | C289: =IF('Data invoice'!K365=0,"",'Data invoice'!L365) | D289: =IF('Data invoice'!L365=0,"",'Data invoice'!M365) | E289: =IF('Data invoice'!M365=0,"",'Data invoice'!N365) | F289: =IF('Data invoice'!N365=0,"",'Data invoice'!O365) | G289: =IF('Data invoice'!O365=0,"",'Data invoice'!P365) | H289: =IF('Data invoice'!P365=0,"",'Data invoice'!Q365) | I289: =IF('Data invoice'!Q365=0,"",'Data invoice'!R365) | ... K289: =IF('Data invoice'!S365=0,"",'Data invoice'!T365)
B290: =IF('Data invoice'!J366=0,"",'Data invoice'!K366) | C290: =IF('Data invoice'!K366=0,"",'Data invoice'!L366) | D290: =IF('Data invoice'!L366=0,"",'Data invoice'!M366) | E290: =IF('Data invoice'!M366=0,"",'Data invoice'!N366) | F290: =IF('Data invoice'!N366=0,"",'Data invoice'!O366) | G290: =IF('Data invoice'!O366=0,"",'Data invoice'!P366) | H290: =IF('Data invoice'!P366=0,"",'Data invoice'!Q366) | I290: =IF('Data invoice'!Q366=0,"",'Data invoice'!R366) | ... K290: =IF('Data invoice'!S366=0,"",'Data invoice'!T366)
